Workbook
Name _Toc140149825_1: [1]JURIDICA!#REF!
Name _Toc140149825_1: [1]JURIDICA!#REF!
Name _Toc140149825_59: #REF!
Name _Toc140149825_59: #REF!
Name _Toc142149825_60: #REF!
Name _Toc142149825_60: #REF!
Name AMOR: [1]JURIDICA!#REF!
Name AMOR: [1]JURIDICA!#REF!
Name BuiltIn_Print_Area: [2]sustraccion!#REF!
Name BuiltIn_Print_Titles: #REF!
Name BuiltIn_Print_Titles___0: '[2]cte debil'!#REF!
Name duplica: #REF!
Name FFFFFFF: #REF!
Name FFFFFFF: #REF!
Name GG: [1]JURIDICA!#REF!
Name GG: [1]JURIDICA!#REF!
Name GGGGGG: #REF!
Name GGGGGG: #REF!
Name GVQ: #REF!
Name GVQ: #REF!
Name opcion2: '[2]CUADRO RESUMEN'!$L$21
Name opcion3: '[2]CUADRO RESUMEN'!$L$22
Name opcion4: '[2]CUADRO RESUMEN'!$L$23
Name opcion5: '[2]CUADRO RESUMEN'!$L$24
Name opcion6: '[2]CUADRO RESUMEN'!$L$25

Sheet 9. PROPUESTA ECON
A1: FORMATO No. 9
A2: FORMATO DE PROPUESTA ECONOMICA
A4: RAMO | B4: VALOR ASEGURADO | C4: PRIMA NETA | D4: I.V.A. | E4: PRIMA TOTAL
A5: TODO RIESGO DAÑO MATERIAL
A6: RESPONSABILIDAD CIVIL EXTRACONTRACTUAL P.L.O
A7: MANEJO GLOBAL A FAVOR ENTIDADES ESTATALES
A8: RESPONSABILIDAD CIVIL SERVIDORES PUBLICOS
A9: TODO RIESGO EQUIPO Y MAQUINARIA
A10: TRANSPORTE DE MERCANCIAS
A11: AUTOMOVILES
A12: RESPONSABILIDAD CIVIL PASAJEROS
A13: SOAT
A14: VIDA GRUPO SERVIDORES PUBLICOS
A17: __________________________________________
A18: FIRMA REPRESENTANTE LEGAL
... A24: Si el proponente no utiliza el presente formato, la propuesta deberá contener toda la información aquí requerida.

Sheet 10. APOYO IND NAL
A1: FORMATO No.10
A2: APOYO A LA INDUSTRIA NACIONAL
A4: BIEN O SERVICIO
A5: % | B5: % | C5: %
A6: COMPONENTE NACIONAL | B6: COMPONENTE EXTRANJERO | C6: COMPONENTE NACIONAL Y EXTRANJERO
A9: El porcentaje correspondiente al recurso humano de origen extranjero se expresa en:
A11: Nota: Lo anterior para efectos de que el supervisor del futuro contrato verifique cuáles son los servicios extranjeros que el contratista podrá emplear en desarrollo del mismo. Así mismo, declaro bajo la gravedad de juramento que la información antes consignada es totalmente cierta y puede ser verificada.
A16: __________________________
A17: Firma Representante Legal
A18: C.C.

Sheet 12. TRDM
A1: MUNICIPIO DE GIRARDOT
A2: FORMATO No. 12- OFERTA PRESENTADA PARA EL SEGURO DE TODO RIESGO DAÑOS MATERIALES
A4: NOMBRE DEL PROPONENTE:
A6: 1. OBJETO DEL SEGURO
A8: Amparar todos los bienes inmuebles y muebles de propiedad del MUNICIPIO DE GIRARDOT o aquellos que se encuentren bajo su control, tenencia, responsabilidad o custodia, ubicados en el territorio nacional contra los daños o pérdidas materiales a consecuencia de cualquier riesgo, tanto por eventos internos o externos, incluyendo las pérdidas consecuenciales por todo concepto. (siempre que esten debidamente relacionados en la poliza)
A10: 2. INFORMACION GENERAL
A12: TOMADOR: | B12: MUNICIPIO DE GIRARDOT
A13: ASEGURADO: | B13: MUNICIPIO DE GIRARDOT
A14: BENEFICIARIO: | B14: MUNICIPIO DE GIRARDOT
A15: CONDICIONES OBLIGATORIAS | B15: Con esta póliza, se unifica en un solo seguro, parte de las coberturas que se pueden contratar bajo las pólizas de Incendio y/o Rayo, Sustracción, Equipo Electrónico y Rotura de Maquinaria, para obtener una mayor protección de sus bienes e intereses al contratar una póliza de Todo Riesgo, bajo la cual se amparen todas las pérdidas o daños que puedan sufrir estos, con excepción de los expresamente excluidos. En consecuencia, las aseguradoras deberán ofertar un seguro que opere bajo la modalidad de todo riesgo de pérdida o daño material y no seguros de riesgos nombrados, por lo tanto el proponente deberá ofertar una tasa única para el cálculo de la prima la cual se aplicará sobre la totalidad del valor asegurado, so pena de no ser calificado el ramo. Si el proponente presenta oferta bajo la modalidad de riesgos nombrados, incurrirá en el rechazo del ramo y por ende al rechazo de la oferta en el grupo al que pertenezca este ramo.
B16: Base de valoración Inmuebles: Costo de reconstrucción
B17: Base de valoración Contenidos: Costo de reposición a nuevo
B18: Todas las cláusulas que otorgan coberturas de gastos adicionales, operan sin aplicación de deducibles.
B19: CLAUSULA DE APLICACIÓN DE CONDICIONES PARTICULARES: Queda expresamente acordado y convenido, que la compañía acepta las condiciones básicas, técnicas establecidas en este anexo, en los términos señalados en el mismo, por lo tanto, en caso de existir discrepancias entre los ofrecimientos contenidos en la propuesta técnica básica, frente a los textos de los ejemplares de las pólizas, certificados, anexos o cualquier otro documento; prevalecerá la información y condiciones básicas técnicas establecidas.
A21: BIENES E INTERESES ASEGURABLES
A23: Edificaciones terminadas, y edificios inherentes a ellos, incluidos anexos y mejoras locativas, instalaciones sanitarias de agua, sistema de drenaje y aguas negras, tuberías, conductos, desagües, instalaciones eléctricas y de aire acondicionado, ascensores, instalaciones permanentes de protección contra incendio y demás instalaciones que se hallen o no por debajo del nivel del suelo y/o subterráneas, vidrios internos y externos que conforman y hacen parte de las construcciones, rampas de acceso, tanques de almacenamiento, entre otros ubicados en el territorio nacional, de propiedad de la Entidad o bajo su responsabilidad, tenencia, y/o control.
A24: Mejoras locativas: Todas aquellas mejoras a los inmuebles realizadas por la Entidad, aún en el caso de no ser propietaria del bien, que haya realizado inversiones para adecuarlas a sus necesidades, tales como tapetes, tapizados, enchapes, mejoras eléctricas, cielos rasos, etc.
A25: Equipos y Máquinas en general, herramientas, accesorios, maquinarias, ascensores, transformadores, plantas eléctricas, calderas, generadores, tornos, motores, bombas y equipos del sistema hidráulico, motobombas, aire acondicionado, extractores de olores, motores de control de puertas, o sitios de acceso, y compresores entre otros, de propiedad de la Entidad, o bajo se responsabilidad, tenencia y control.
A26: Equipos de oficina y equipos eléctricos y electrónicos, tales como, equipos de computo (computadoras considerados integralmente con todos sus accesorios periféricos como son: CPU, pantalla, filtros, monitor, mouse, reguladores de voltaje, scanner, ploters, servidores, impresoras), fax, microcomputadores, equipo central de computo, software, equipos de telecomunicaciones, equipos celulares, beepers y equipos de comunicación portátil, electrodomésticos, equipos científicos de laboratorio para investigación, equipos móviles y portátiles, y demás instrumentos, equipos soporte, repuestos, máquinas de escribir, entre otros de propiedad de la Entidad, o bajo su responsabilidad, tenencia y/o control.
A27: Contenidos tales como Muebles y enseres, escritorios, sillas, cortinas, divisiones modulares, documentos de cartera, libros, bibliotecas, equipos de oficina no eléctricos ni electrónicos, entre otros, sistemas de oficina abierta, papelería, aparatos; que se encuentren localizados dentro de los predios asegurados o fuera de los mismos dentro del territorio de la República de Colombia.
A28: Dinero y títulos valores dentro y fuera de caja fuerte y cajas menores.
A29: Elementos de almacén e inventarios: Elementos de consumo, devolutivos nuevos, recuperables, inservibles, papelería, útiles de oficina, equipos en general, repuestos y demás bienes de almacén, contenidos en las diferentes dependencias de la Entidad
A30: BIENES Y VALORES ASEGURADOS
A32: VER ANEXO No. 1 - RELACION TRDM
A34: AMPAROS OBLIGATORIOS
A36: NOMBRE (DILIGENCIAR CUANDO EL TEXTO OFRECIDO NO SEA IDENTICO AL DESCRITO EN EL PLIEGO DE CONDICIONES, EN CASO QUE OMITAN, EXCLUYAN O MODIFIQUEN EL TEXTO EN LAS CONDICIONES MINIMAS SOLICITADAS, SE RECHAZARA LA PROPUESTA )
... A41: CLAUSULAS OBLIGATORIAS
A43: NOMBRE | B43: DESCRIPCION DE LA CLAUSULA (CUANDO EL TEXTO OFRECIDO NO SEA IDENTICO AL DESCRITO EN EL FORMATO TECNICO O EN CASO QUE OMITAN, EXCLUYAN O MODIFIQUEN EL TEXTO EN LAS CONDICIONES MINIMAS SOLICITADAS, SE RECHAZARA LA PROPUESTA )
A44: AMPARO AUTOMÁTICO PARA BIENES MUEBLES O INMUEBLES, ADQUIRIDOS, RECIBIDOS, Y/O REMODELACION, SEAN NUEVOS O USADOS. | B44: Queda entendido, convenido y aceptado que en el evento de que el asegurado adquiera, reciba, construya, instale, remodele o adecúe, a cualquier título, bienes muebles o inmuebles, sean nuevos o usados, sobre los cuales éste tuviere interés asegurable; las coberturas y amparos adicionales de esta póliza se extenderán automáticamente a dichos bienes, hasta por el 10% del valor asegurado global de la poliza y por un periodo de 60 días. Si vencido este plazo no se ha informado a la Compañía, cesará el amparo. Nota: No se ampararán las construcciones, montajes o remodelaciones sobre los cuales sea responsable el respectivo contratista.
A45: AMPARO AUTOMÁTICO PARA CAMBIO DE UBICACIÓN DEL RIESGO | B45: Queda entendido, convenido y aceptado que en el evento de que uno o varios de los intereses asegurables (bienes muebles), objeto de éste seguro, cambien su ubicación del riesgo; las coberturas y amparos adicionales de esta póliza se extenderán automáticamente a la nueva ubicación. Excluye movilización
A46: AMPARO AUTOMÁTICO PARA EDIFICIOS Y CONTENIDOS QUE POR ERROR U OMISIÓN NO SE HAYAN INFORMADO AL INICIO DEL SEGURO. | B46: Queda entendido, convenido y aceptado que en el evento de que el asegurado, por error u omisión, no haya informado bienes muebles o inmuebles al inicio de la cobertura, sobre los cuales éste tuviere interés asegurable; las coberturas y amparos adicionales de esta póliza se extenderán automáticamente a dichos bienes hasta por un límite del 10% del valor asegurado global indicado en la poliza y por 30 días. La prima adicional se liquidará con base en las tasas contratadas. Si vencido este plazo no se ha informado a la Compañía, cesará el amparo.
A47: AMPARO AUTOMÁTICO PARA EQUIPOS REEMPLAZADOS TEMPORALMENTE | B47: Queda entendido, convenido y aceptado que en el evento de que el asegurado adquiera equipos para efectuar reemplazos temporales, las coberturas y amparos adicionales de esta póliza se extenderán automáticamente a dichos bienes, hasta por 10% del valor asegurado indicado para bienes muebles y/o equipos y por 30 días. Si vencido este plazo no se ha informado a la Compañía, cesará el amparo.
A48: AMPLIACIÓN DEL PLAZO PARA AVISO DE SINIESTRO | B48: Por medio de la presente cláusula y no obstante lo estipulado en las condiciones generales de la póliza, el asegurado podrá dar aviso de la ocurrencia del siniestro en un término de 30 días, siguientes a la fecha en que haya conocido o debido conocer la ocurrencia del mismo.
A49: ANTICIPO DE INDEMNIZACION 50% | B49: Queda entendido y convenido que en caso de presentarse un siniestro amparado bajo la presente póliza y demostrada su ocurrencia y cuantía, la compañía analizará la posibilidad de anticipar el 50% del valor estimado de la pérdida mientras el asegurado cumple con la obligación legal para tal fin. El asegurado deberá hacer el requerimiento mediante comunicación escrita dirigida a la compañía.
A50: AMIGABLE COMPONEDOR | B50: Cualquier discrepancia que se presente en la interpretación del presente contrato, será resuelta por el mecanismo alternativo de solución de conflictos de amigable componedor. El amigable componedor será único, por acuerdo entre las partes, a falta del mismo se delega su designación al Centro de Arbitraje de la Cámara de Comercio de Bogotá. La decisión del amigable componedor estará fundamentada en derecho y el procedimiento será el establecido por el Centro de Arbitraje de la Cámara de Comercio de Bogotá. La decisión del amigable componedor producirá los efectos propios de la transacción tiene menú contextual
A51: CLÁUSULA DE 72 HORAS PARA TERREMOTO / MAREMOTO Y DEMAS EVENTOS DE LA NATURALEZA | B51: Las pérdidas o daños amparados por la presente póliza darán origen a una reclamación separada por cada uno de estos fenómenos, sin exceder el total del valor asegurado. Pero si varios de ellos ocurren dentro de cualquier periodo de setenta y dos (72) horas consecutivas durante la vigencia del amparo, se tendrán como un solo siniestro y las pérdidas y daños que se causen deberán estar comprendidos en una sola reclamación, sin exceder el total del valor asegurado.
A52: COBERTURA DE EQUIPOS MÓVILES Y PORTÁTILES | B52: No obstante lo indicado en las condiciones generales de la póliza, en virtud de esta cláusula, la compañía ampara los equipos móviles y portátiles asegurados mientras sean movilizados para su uso en otros predios del asegurado o de terceros y mientras permanezcan en los mismos hasta por un límite del 25% del Valor Asegurado Las coberturas otorgadas serán las mismas del seguro.
A53: COBERTURA OBLIGATORIA PARA SOFTWARE | B53: Bajo este amparo se cubren los gastos en que debe incurrir el asegurado para la reinstalación y/o recuperación del software, incluidas pruebas y ajustes, los cuales se generan como consecuencia de daños o perdidas producidos por un evento amparado bajo la presente póliza. sublímite del 5% del valor asegurado en el item de Equipos Electrico y/o Electronico.
A54: CONCURRENCIA DE AMPAROS, CLÁUSULAS Y/O CONDICIONES | B54: Queda entendido, convenido y aceptado, que si dos o más amparos, cláusulas o condiciones otorgan cobertura a un mismo evento, se indemnizará con aquella que ofrezca mayor protección para los intereses del asegurado.
... A89: NO SUBROGACIÓN | B89: Queda entendido, convenido y aceptado que en caso de un siniestro, que afecta la presente póliza, la Compañía de Seguros no tendrá derecho a la subrogación contra ninguna de las personas cuyos actos u omisiones den origen a la responsabilidad del asegurado, de acuerdo con las leyes, ni contra el causante del siniestro que sea, respecto del asegurado, funcionario, empleado, trabajador, contratista o similar. La cláusula quedará sin efecto, si la responsabilidad proviene de dolo o culpa grave.
A91: EXCLUSIONES GENERICAS
A92: Enfermedades contagiosas | B92: Excluyen todos los daños y perjuicios, responsabilidades, reclamaciones costes o gastos de cualquier naturaleza que, de forma directa o indirecta, hayan sido causados o coadyuvados por una enfermedad contagiosa o resulten o se deriven de una enfermedad contagiosa o en relación con ella, o del temor o amenaza (real o percibido) de una enfermedad contagiosa, con independencia de cualquier otra causa o hecho que de manera concurrente o secuencial haya contribuido a los mismos
A93: EXCLUSIÓN – ENFERMEDAD TRANSMISIBLE LMA5394 -96 | B93: 1. No obstante, cualquier disposición en contrario dentro de este acuerdo de seguro, este contrato excluye cualquier pérdida, daño, responsabilidad, reclamo, costo o gasto de cualquier naturaleza, causado directa o indirectamente por, como resultado de o derivado de una enfermedad transmisible. 2. Esta exclusión no aplicará a ninguna pérdida incurrida en relación con los daños físicos a los bienes asegurados en virtud de las pólizas originales reaseguradas bajo este contrato incluyendo cualquier Pérdida de Elementos de Tiempo que resulte directamente de ellos cuando dichos daños físicos sean causados directamente por uno o más de los siguientes peligros: incendio, rayo, explosión, impacto de avión o vehículo, caída de objetos, tormenta de viento, tormenta de lluvia, granizo, tornado, ciclón, tifón, huracán, terremoto, maremoto, perturbación/erupción sísmica y/o volcánica, tsunami, inundación, congelación, tormenta de hielo, peso de la nieve o el hielo, avalancha, impacto de meteorito/asteroide, deslizamiento de tierra, derrumbe, alud, incendio de arbustos, incendio forestal. 3. Como se usa en este documento: a) “Enfermedad transmisible” significa cualquier enfermedad infecciosa, transmisible o contagiosa, o cualquier mutación o variación de esta, que puede transmitirse por medio de cualquier sustancia o agente de cualquier organismo a otro organismo, incluidos, entre otros, los siguientes: I. La sustancia o agente incluye, pero no se limita a, un virus, bacteria, parásito, u otro organismo o cualquier variación de este, ya sea que se considere vivo o no, y II. El método de transmisión ya sea directo o indirecto, incluye, entre otros, transmisión por el aire, transmisión de fluidos corporales, transmisión desde o hacia cualquier superficie, u objeto; sólido, líquido o gaseoso; o entre organismos. III. La sustancia o agente puede provocar lesión corporal, enfermedad o amenazar con dañar la salud, o el bienestar humano o puede provocar o amenazar con dañar, causar un deterioro, pérdida de valor, comerciabilidad o perdida del uso de los bienes.
A94: Cláusula de exclusión de pérdidas y datos cibernéticos | B94: No obstante, cualquier disposición contraria en esta póliza o cualquier suplemento a la misma, se excluye cualquier: 1.1. Pérdida cibernética. 1.2. Pérdida, daño, responsabilidad, reclamación, coste, gasto de cualquier naturaleza causado directa o indirectamente por, contribuido por, resultante de, que surja o esté relacionado con cualquier pérdida de uso, reducción de la funcionalidad, reparación, reemplazo, restauración o reproducción de cualesquiera datos, incluyendo cualquier cantidad relacionada con el valor de dichos datos, independientemente de cualquier otra causa o evento que contribuya simultáneamente o en cualquier otra secuencia. En el caso que cualquier parte de esta cláusula fuera considerada inválida o inaplicable, el resto permanecerá en pleno vigor y efecto. Esta cláusula reemplaza y, si entra en conflicto con cualquier otra disposición de la póliza o cualquier suplemento que tenga relación con la pérdida cibernética o los datos, reemplaza esa disposición. Definiciones para esta cláusula A. Pérdida cibernética: cualquier pérdida, daño, responsabilidad, reclamación, coste o gasto de cualquier naturaleza que directa o indirectamente sea causado o aportado por, resulte o surja de, o esté en conexión con un acto cibernético o un incidente cibernético incluyendo, pero sin limitarse a cualquier acción tomada con el fin de controlar, prevenir, suprimir o remediar cualquier acto cibernético o incidente cibernético. B. Acto cibernético: acto o serie de actos no autorizados, malintencionados o delictivos, sin consideración del tiempo y espacio, o la amenaza o engaño relacionados con el acceso, procesamiento, uso u operación de cualquier sistema informático. C. Incidente cibernético: - todo error u omisión o serie de errores u omisiones relacionados con el acceso, procesamiento, uso u operación de cualquier sistema informático; o - cualquier indisponibilidad o fallo parcial o total o serie de indisponibilidades o fallos parciales o totales para acceder, procesar, usar u operar cualquier sistema informático. D. Sistema informático: cualquier ordenador, hardware, software, sistema de comunicación, equipo electrónico (incluyendo pero sin limitarse a teléfonos inteligentes, laptops, tablets, dispositivos portátiles), servidor, nube o microcontrolador incluyendo cualquier sistema similar o configuración de lo antes mencionado e incluyendo asimismo toda entrada y salida, dispositivo de almacenamiento de datos, equipo de redes o instalaciones de copias de respaldo, de propiedad u operadas por el asegurado o cualquier otra parte. E. Datos: información, hechos, conceptos, código o cualquier otra información de cualquier naturaleza registrada y transmitida en cualquier forma para ser usada, accedida, procesada, transmitida o almacenada por un sistema informático.
A95: CLÁUSULA DE SALVEDAD DE DAÑOS MATERIALES | B95: La obligación del asegurador a indemnizar queda limitada a los pagos por daños resultantes de daños materiales a la propiedad asegurada que sucedan en forma accidental, súbita e imprevista que hagan necesaria una reparación o reposición y que sean consecuencia directa de los peligros cubiertos, así como también la pérdida de beneficios siempre que esta se deba a un daño material cubierto.
A97: AMPAROS ADICIONALES Y CLAUSULAS ADICIONALES
A98: MEJORAS EN AMPAROS Y CLAUSULAS
A100: TABLA No. 1 - CLAUSULA DE REPOSICIÓN O REEMPLAZO PARA MAQUINARIA Y EQUIPOS ELECTRICOS Y ELECTRÓNICOS
A101: (Nota: Los porcentajes señalados de acuerdo a las edades en la tabla No. 1 corresponden a los mínimos requeridos por lo cual podrá ser disminuidos pero no aumentados so pena de rechazo de la propuesta)
A114: 7. COSTO DE LOS SEGUROS
A116: VALOR ASEGURADO | B116: VR. PRIMA INCLUIDO I.V.A
A118: VER RESUMEN ECONOMICO
A121: 8. VIGENCIA OFRECIDA
A123: DIAS DE VIGENCIA OFRECIDA
A124: VER RESUMEN ECONOMICO
A125: 9. DEDUCIBLES
A127: DESCRIPCION | B127: DEDUCIBLE MAXIMO REQUERIDO
A128: TERREMOTO, TEMBLOR Y/O ERUPCIÓN VOLCÁNICA | B128: 3% sobre el valor asegurable Mínimo 1SMMLV
A129: PARA LOS EVENTOS DE AMIT, HMACCoP, TERRORISMO Y SABOTAJE | B129: 10% sobre el valor de la perdida, Mínimo 2 SMMLV
A130: HURTO CALIFICADO PARA CUALQUIER BIEN DIFERENTE A EQUIPOS ELÉCTRICOS Y ELECTRÓNICOS Y MAQUINARIA | B130: 10% sobre el valor de la perdida, Mínimo 2 SMMLV
A131: HURTO (SIMPLE) PARA CUALQUIER BIEN DIFERENTE A EQUIPOS ELÉCTRICOS Y ELECTRÓNICOS Y MAQUINARIA | B131: 10% sobre el valor de la perdida, Mínimo 2 SMMLV
A132: HURTO CALIFICADO DE EQUIPOS ELÉCTRICOS Y ELECTRÓNICOS (EXCEPTO CELULARES, AVANTELES, BEEPERS, RADIOTELÉFONOS Y DEMÁS EQUIPOS PORTÁTILES DE COMUNICACIÓN, CUALQUIERA SEA SU TECNOLOGÍA) | B132: 10% sobre el valor de la perdida, Mínimo 2 SMMLV
A133: HURTO (SIMPLE) DE EQUIPOS ELÉCTRICOS Y ELECTRÓNICOS (EXCEPTO CELULARES, AVANTELES, BEEPERS, RADIOTELÉFONOS Y DEMÁS EQUIPOS PORTÁTILES DE COMUNICACIÓN, CUALQUIERA SEA SU TECNOLOGÍA) | B133: 10% sobre el valor de la perdida, Mínimo 2 SMMLV
A134: DEMAS EVENTOS DE EQUIPOS ELECTRICOS Y/O ELECTRONICOS | B134: 10% sobre el valor de la perdida
A135: DAÑO O PÉRDIDA DE CELULARES, AVANTELES, BEEPERS, RADIOTELÉFONOS Y DEMÁS EQUIPOS PORTÁTILES DE COMUNICACIÓN, CUALQUIERA SEA SU TECNOLOGÍA | B135: SIN DEDUCIBLE
A136: TODO DAÑO O PERDIDA DE MAQUINARIA | B136: 10% sobre el valor de la perdida, Mínimo 2 SMMLV
A137: ROTURA DE VIDRIOS POR CUALQUIER CAUSA ACCIDENTAL INCLUYENDO HMACC, AMIT, TERRORISMO Y SABOTAJE | B137: Sin Deducible
A138: 10. DOCUMENTOS REQUERIDOS DE CARÁCTER OBLIGATORIO PARA EL PAGO DE SINIESTROS
A139: RAMO INCENDIO | B139: CARTA AVISO DE SINIESTRO ANEXANDO AVALUO
B140: COTIZACION DE LA REPARACION Y/O REPOSICION
A141: SUSTRACCIÓN | B141: CARTA AVISO DE SINIESTRO ANEXANDO AVALUO
B142: COTIZACION SOBRE EL COSTO DE REPARACION Y/O REPOSICION Y EN CASO DE HURTO
B143: COPIA AL CARBON DE LA DENUNCIA
A144: EQUIPO ELECTRONICO | B144: CARTA AVISO DE SINIESTRO ANEXANDO AVALUO
B145: COTIZACION SOBRE EL COSTO DE REPARACION Y/O REPOSICION Y EN CASO DE HURTO
B146: COPIA AL CARBON DE LA DENUNCIA PARA PERDIDA POR HURTO
A147: ROTURA DE MAQUINARIA | B147: CARTA AVISO DE SINIESTRO ANEXANDO AVALUO
B148: COTIZACION SOBRE EL COSTO DE REPARACION Y/O REPOSICION
A149: NOTA | B149: El proponente declara, que los documentos antes relacionados son los únicos que exigirá para la atención, trámite y pago de los siniestros que afecten el ramo arriba citado. Así mismo se obliga a realizar el pago de la indemnización en el término aquí señalado.
B151: El proponente declara que en caso de nombrarse una firma ajustadora para la atención y trámite de cualquier siniestro, dicha persona será informada para que los documentos antes citados sean los únicos que pueda exigir en su proceso de ajuste. Por lo tanto, cualquier incumplimiento por parte del ajustador en este aspecto se entenderá como un incumplimiento por parte del proponente.

Sheet 13. TRME
A1: =+'12. TRDM'!A1 -> MUNICIPIO DE GIRARDOT
A2: FORMATO No. 13 - OFERTA PRESENTADA PARA EL SEGURO DE TODO RIESGO EQUIPO Y MAQUINARIA (TODO RIESGO CONTRATISTAS)
A4: NOMBRE DEL PROPONENTE:
A6: 1. OBJETO DEL SEGURO
A8: Amparar contra todo riesgo la maquinaria y equipo que se moviliza por sus propios medios, de propiedad o por los que sea legalmente responsable el MUNICIPIO , ubicada en cualquier parte del Territorio Nacional y por los daños que éstas causen a terceras personas a sus bienes.
A10: 2. INFORMACION GENERAL
A12: TOMADOR: | B12: =A1 -> MUNICIPIO DE GIRARDOT
A13: ASEGURADO: | B13: =A1 -> MUNICIPIO DE GIRARDOT
A14: BENEFICIARIO: | B14: =A1 -> MUNICIPIO DE GIRARDOT
A16: CONDICIONES OBLIGATORIAS | B16: Base de valoración: Costo de reposición a nuevo
B17: Todas las cláusulas que otorgan coberturas de gastos adicionales, operan sin aplicación de deducibles.
B18: CLAUSULA DE APLICACIÓN DE CONDICIONES PARTICULARES: Queda expresamente acordado y convenido, que la compañía acepta las condiciones básicas, técnicas establecidas en este anexo, en los términos señalados en el mismo, por lo tanto, en caso de existir discrepancias entre los ofrecimientos contenidos en la propuesta técnica básica, frente a los textos de los ejemplares de las pólizas, certificados, anexos o cualquier otro documento; prevalecerá la información y condiciones básicas técnicas establecidas.
A20: 3. DEFINICIÓN DE BIENES
A22: Para los efectos de este seguro se entiende por MAQUINARIA Y EQUIPO, toda la maquinaria que se moviliza por sus propios medios de propiedad del municipio de GIRARDOT, o por los que sea legalmente responsable, ubicada en cualquier parte del territorio Nacional.
A24: 4. BIENES Y VALORES ASEGURADOS
A26: VER ANEXO No. 2 - RELACION TRME
A28: 5. AMPAROS OBLIGATORIOS
A30: NOMBRE (DILIGENCIAR CUANDO EL TEXTO OFRECIDO NO SEA IDENTICO AL DESCRITO EN EL PLIEGO DE CONDICIONES, EN CASO QUE OMITAN, EXCLUYAN O MODIFIQUEN EL TEXTO EN LAS CONDICIONES MINIMAS SOLICITADAS, SE RECHAZARA LA PROPUESTA )
A31: - Incendio y/o rayo
A32: - Hurto y hurto calificado
A33: - Colisión por objetos en movimiento o estacionarios
A34: - Inundación, ciclón, huracán, tempestad, vientos
A35: - Terremoto, temblor, avalancha, y/o erupción volcánica
A36: - Actos mal intencionados de terceros (terrorismo)
... A42: 6. CLAUSULAS OBLIGATORIAS
A44: NOMBRE | B44: DESCRIPCION DE LA CLAUSULA (DILIGENCIAR CUANDO EL TEXTO OFRECIDO NO SEA IDENTICO AL DESCRITO EN EL PLIEGO DE CONDICIONES, EN CASO QUE OMITAN, EXCLUYAN O MODIFIQUEN EL TEXTO EN LAS CONDICIONES MINIMAS SOLICITADAS, SE RECHAZARA LA PROPUESTA )
A45: AMPARO AUTOMÁTICO PARA MAQUINARIA ADQUIRIDA O RECIBIDA, SEA NUEVA O USADA. | B45: Queda entendido, convenido y aceptado que en el evento de que el asegurado adquiera o reciba a cualquier título, maquinaria de cualquier clase, sean nueva o usada, sobre la cual éste tuviere interés asegurable; las coberturas y amparos adicionales de esta póliza se extenderán automáticamente a dichos bienes hasta por el 10% del valor asegurado total y por 30 días . El asegurado está obligado a dar aviso a la Compañía dentro de los 30 días siguientes a la fecha de conocimiento de los nuevos bienes. La prima adicional se liquidará con base en las tasas contratadas. Si vencido este plazo no se ha informado a la Compañía, cesará el amparo.
A46: AMPARO AUTOMÁTICO PARA MAQUINARIA QUE POR ERROR U OMISIÓN NO SE HAYAN INFORMADO AL INICIO DEL SEGURO. | B46: Queda entendido, convenido y aceptado que en el evento de que el asegurado, por error u omisión, no haya informado maquinaria al inicio de la cobertura, sobre la cual éste tuviere interés asegurable; las coberturas y amparos adicionales de esta póliza se extenderán automáticamente a dichos bienes hasta por el 10% del valor asegurado total y por 30 días . El asegurado está obligado a dar aviso a la Compañía dentro de los 30 días siguientes a la fecha de iniciación de la vigencia de la póliza. La prima adicional se liquidará con base en las tasas contratadas. Si vencido este plazo no se ha informado a la Compañía, cesará el amparo.
A47: AMPLIACIÓN DEL PLAZO PARA AVISO DE SINIESTRO | B47: Por medio de la presente cláusula y no obstante lo estipulado en las condiciones generales de la póliza, el asegurado podrá dar aviso de la ocurrencia del siniestro en un término de 30 días, siguientes a la fecha en que haya conocido o debido conocer la ocurrencia del mismo.
A48: ANTICIPO DE INDEMNIZACION 50% | B48: Queda entendido y convenido que en caso de presentarse un siniestro amparado bajo la presente póliza y demostrada su ocurrencia y cuantía, la compañía analizará la posibilidad de anticipar el 50% del valor estimado de la pérdida mientras el asegurado cumple con la obligación legal para tal fin. El asegurado deberá hacer el requerimiento mediante comunicación escrita dirigida a la compañía.
A49: AMIGABLE COMPONEDOR | B49: Cualquier discrepancia que se presente en la interpretación del presente contrato, será resuelta por el mecanismo alternativo de solución de conflictos de amigable componedor. El amigable componedor será único, por acuerdo entre las partes, a falta del mismo se delega su designación al Centro de Arbitraje de la Cámara de Comercio de Bogotá. La decisión del amigable componedor estará fundamentada en derecho y el procedimiento será el establecido por el Centro de Arbitraje de la Cámara de Comercio de Bogotá. La decisión del amigable componedor producirá los efectos propios de la transacción tiene menú contextual
A50: CLÁUSULA DE 72 HORAS PARA TERREMOTO | B50: Las pérdidas o daños amparados por la presente póliza darán origen a una reclamación separada por cada uno de estos fenómenos, sin exceder el total del valor asegurado. Pero si varios de ellos ocurren dentro de cualquier periodo de setenta y dos (72) horas consecutivas durante la vigencia del amparo, se tendrán como un solo siniestro y las pérdidas y daños que se causen deberán estar comprendidos en una sola reclamación, sin exceder el total del valor asegurado.
A51: PRIMERA OPCION COMPRA DE SALVAMENTO | B51: Si en caso de pérdida o daño, el asegurado quisiera conservar el bien asegurado, tendrá la primera opción de compra, caso en el cual, la aseguradora efectuará un peritazgo del mismo e informará el valor del avalúo. La aseguradora se obliga a comunicar por escrito al asegurado en toda oportunidad a que haya lugar a la aplicación de esta cláusula, concediéndole a éste un plazo de noventa (90) días para que le informe si hará uso de tal opción o no. Si no se llega a un acuerdo entre el asegurado y la compañía por la compra del salvamento, la compañía quedará en libertad de disponer de él a su entera voluntad.
A52: EXPERTICIO TÉCNICO | B52: Queda entendido, convenido y aceptado que en el evento de existir discrepancia entre la Compañía y el Asegurado en cuanto a si el siniestro constituye una pérdida total o parcial o con relación a otros aspectos de orden técnico, la cuestión será sometida a la decisión de ingenieros peritos o técnicos expertos en la actividad que desarrolla el Asegurado, según los intereses afectados por el siniestro, siguiendo el procedimiento que para tal regulación prevén los artículos 2026 y siguientes del Código de Comercio
A53: GASTOS ADICIONALES | B53: No obstante lo que se diga en contrario en las condiciones generales y particulares de la póliza, la Compañía se obliga a indemnizar los gastos adicionales (que no tengan carácter de permanentes), debidamente comprobados en que necesaria y razonablemente incurra el asegurado, como consecuencia directa del siniestro sin exceder del 20% del valor asegurado en el item Maquinaria, haciendo parte del valor asegurado y no en adición a este.
A54: GASTOS ADICIONALES DE EXTINCIÓN DE INCENDIO | B54: No obstante lo que se diga en contrario en las condiciones generales y particulares de la póliza, la Compañía se obliga a indemnizar los costos de los productos o sustancias utilizadas, así como los elementos o equipos destruidos total o parcialmente, como consecuencia de las actividades dirigidas a la extinción del incendio o para evitar su propagación,sin exceder del 20% del valor asegurado en el item Maquinaria, haciendo parte del valor asegurado y no en adición a este.
A55: GASTOS ADICIONALES DE EXTINCIÓN DEL SINIESTRO | B55: No obstante lo que se diga en contrario en las condiciones generales y particulares de la póliza, la Compañía se obliga a indemnizar los gastos en que necesaria y razonablemente incurra el asegurado con el fin extinguir cualquier siniestro amparado por la póliza o para evitar su propagación,sin exceder del 20% del valor asegurado en el item Maquinaria, haciendo parte del valor asegurado y no en adición a este. No se considera como gasto efectuado la colaboración personal prestada por el asegurado, ni la de sus empleados y obreros.
... A78: NO SUBROGACIÓN | B78: Queda entendido, convenido y aceptado que en caso de un siniestro, que afecta la presente póliza, la Compañía de Seguros no tendrá derecho a la subrogación contra ninguna de las personas cuyos actos u omisiones den origen a la responsabilidad del asegurado, de acuerdo con las leyes, ni contra el causante del siniestro que sea, respecto del asegurado, funcionario, empleado, trabajador, contratista o similar. La cláusula quedará sin efecto, si la responsabilidad proviene de dolo o culpa grave.
A79: EXCLUSIONES GENERICAS
A80: Enfermedades contagiosas | B80: Excluyen todos los daños y perjuicios, responsabilidades, reclamaciones costes o gastos de cualquier naturaleza que, de forma directa o indirecta, hayan sido causados o coadyuvados por una enfermedad contagiosa o resulten o se deriven de una enfermedad contagiosa o en relación con ella, o del temor o amenaza (real o percibido) de una enfermedad contagiosa, con independencia de cualquier otra causa o hecho que de manera concurrente o secuencial haya contribuido a los mismos
A81: EXCLUSIÓN – ENFERMEDAD TRANSMISIBLE LMA5394 -96 | B81: 1. No obstante, cualquier disposición en contrario dentro de este acuerdo de seguro, este contrato excluye cualquier pérdida, daño, responsabilidad, reclamo, costo o gasto de cualquier naturaleza, causado directa o indirectamente por, como resultado de o derivado de una enfermedad transmisible. 2. Esta exclusión no aplicará a ninguna pérdida incurrida en relación con los daños físicos a los bienes asegurados en virtud de las pólizas originales reaseguradas bajo este contrato incluyendo cualquier Pérdida de Elementos de Tiempo que resulte directamente de ellos cuando dichos daños físicos sean causados directamente por uno o más de los siguientes peligros: incendio, rayo, explosión, impacto de avión o vehículo, caída de objetos, tormenta de viento, tormenta de lluvia, granizo, tornado, ciclón, tifón, huracán, terremoto, maremoto, perturbación/erupción sísmica y/o volcánica, tsunami, inundación, congelación, tormenta de hielo, peso de la nieve o el hielo, avalancha, impacto de meteorito/asteroide, deslizamiento de tierra, derrumbe, alud, incendio de arbustos, incendio forestal. 3. Como se usa en este documento: a) “Enfermedad transmisible” significa cualquier enfermedad infecciosa, transmisible o contagiosa, o cualquier mutación o variación de esta, que puede transmitirse por medio de cualquier sustancia o agente de cualquier organismo a otro organismo, incluidos, entre otros, los siguientes: I. La sustancia o agente incluye, pero no se limita a, un virus, bacteria, parásito, u otro organismo o cualquier variación de este, ya sea que se considere vivo o no, y II. El método de transmisión ya sea directo o indirecto, incluye, entre otros, transmisión por el aire, transmisión de fluidos corporales, transmisión desde o hacia cualquier superficie, u objeto; sólido, líquido o gaseoso; o entre organismos. III. La sustancia o agente puede provocar lesión corporal, enfermedad o amenazar con dañar la salud, o el bienestar humano o puede provocar o amenazar con dañar, causar un deterioro, pérdida de valor, comerciabilidad o perdida del uso de los bienes.
A82: Cláusula de exclusión de pérdidas y datos cibernéticos | B82: No obstante, cualquier disposición contraria en esta póliza o cualquier suplemento a la misma, se excluye cualquier: 1.1. Pérdida cibernética. 1.2. Pérdida, daño, responsabilidad, reclamación, coste, gasto de cualquier naturaleza causado directa o indirectamente por, contribuido por, resultante de, que surja o esté relacionado con cualquier pérdida de uso, reducción de la funcionalidad, reparación, reemplazo, restauración o reproducción de cualesquiera datos, incluyendo cualquier cantidad relacionada con el valor de dichos datos, independientemente de cualquier otra causa o evento que contribuya simultáneamente o en cualquier otra secuencia. En el caso que cualquier parte de esta cláusula fuera considerada inválida o inaplicable, el resto permanecerá en pleno vigor y efecto. Esta cláusula reemplaza y, si entra en conflicto con cualquier otra disposición de la póliza o cualquier suplemento que tenga relación con la pérdida cibernética o los datos, reemplaza esa disposición. Definiciones para esta cláusula A. Pérdida cibernética: cualquier pérdida, daño, responsabilidad, reclamación, coste o gasto de cualquier naturaleza que directa o indirectamente sea causado o aportado por, resulte o surja de, o esté en conexión con un acto cibernético o un incidente cibernético incluyendo, pero sin limitarse a cualquier acción tomada con el fin de controlar, prevenir, suprimir o remediar cualquier acto cibernético o incidente cibernético. B. Acto cibernético: acto o serie de actos no autorizados, malintencionados o delictivos, sin consideración del tiempo y espacio, o la amenaza o engaño relacionados con el acceso, procesamiento, uso u operación de cualquier sistema informático. C. Incidente cibernético: - todo error u omisión o serie de errores u omisiones relacionados con el acceso, procesamiento, uso u operación de cualquier sistema informático; o - cualquier indisponibilidad o fallo parcial o total o serie de indisponibilidades o fallos parciales o totales para acceder, procesar, usar u operar cualquier sistema informático. D. Sistema informático: cualquier ordenador, hardware, software, sistema de comunicación, equipo electrónico (incluyendo pero sin limitarse a teléfonos inteligentes, laptops, tablets, dispositivos portátiles), servidor, nube o microcontrolador incluyendo cualquier sistema similar o configuración de lo antes mencionado e incluyendo asimismo toda entrada y salida, dispositivo de almacenamiento de datos, equipo de redes o instalaciones de copias de respaldo, de propiedad u operadas por el asegurado o cualquier otra parte. E. Datos: información, hechos, conceptos, código o cualquier otra información de cualquier naturaleza registrada y transmitida en cualquier forma para ser usada, accedida, procesada, transmitida o almacenada por un sistema informático.
A83: CLÁUSULA DE SALVEDAD DE DAÑOS MATERIALES | B83: La obligación del asegurador a indemnizar queda limitada a los pagos por daños resultantes de daños materiales a la propiedad asegurada que sucedan en forma accidental, súbita e imprevista que hagan necesaria una reparación o reposición y que sean consecuencia directa de los peligros cubiertos, así como también la pérdida de beneficios siempre que esta se deba a un daño material cubierto.
A85: AMPAROS ADICIONALES Y CLAUSULAS ADICIONALES
A88: MEJORAS EN AMPAROS Y CLAUSULAS
A90: COSTO DE LOS SEGUROS
A92: VALOR ASEGURADO | B92: VR. PRIMA INCLUIDO I.V.A
A94: VER RESUMEN ECONOMICO
A97: VIGENCIA OFRECIDA
A99: DIAS DE VIGENCIA OFRECIDA
A100: VER RESUMEN ECONOMICO
A102: DEDUCIBLES
A104: DESCRIPCION | B104: DEDUCIBLE MAXIMO REQUERIDO
A105: TERREMOTO, TEMBLOR Y/O ERUPCIÓN VOLCÁNICA. | B105: 10% sobre el valor de la perdida, Mínimo 2 SMMLV
A106: HUELGA, MOTÍN, CONMOCIÓN CIVIL O POPULAR Y HUELGA Y ACTOS MAL INTENCIONADOS, TERRORISMO Y SABOTAJE | B106: 10% sobre el valor de la perdida, Mínimo 2 SMMLV
A107: HURTO CALIFICADO | B107: 10% sobre el valor de la perdida, Mínimo 2 SMMLV
A108: HURTO SIMPLE | B108: 10% sobre el valor de la perdida, Mínimo 2 SMMLV
A109: RESPONSABILIDAD CIVIL EXTRACONTRACTUAL | B109: 10% sobre el valor de la perdida, Mínimo 2 SMMLV
A110: DOCUMENTOS REQUERIDOS DE CARÁCTER OBLIGATORIO PARA EL PAGO DE SINIESTROS
A111: CARTA AVISO DE SINIESTRO ANEXANDO AVALUO
A112: INFORME TECNICO DEL DAÑO INDICANDO CAUSA, CUANTIA Y PROCEDIMIENTO DE RECONSTRUCCION
A113: COTIZACION DEL VALOR A NUEVO (REPOSICION) DE LAS MAQUINAS AFECTADAS

Sheet 14. AUTOMÓVILES
A1: =+'12. TRDM'!A1:B1 -> MUNICIPIO DE GIRARDOT
A2: FORMATO No. 14 - OFERTA PRESENTADA PARA EL SEGURO AUTOMOVILES
A4: NOMBRE DEL PROPONENTE:
A6: 1. OBJETO DEL SEGURO
A8: Amparar los daños y/o pérdidas que sufran los vehículos de propiedad del MUNICIPIO DE GIRARDOT, o por los que sea legalmente responsable, o aquellos daños a bienes o lesiones o muerte a terceros que se causen.
A10: 2. INFORMACION GENERAL
A12: TOMADOR: | B12: =A1 -> MUNICIPIO DE GIRARDOT
A13: ASEGURADO: | B13: =A1 -> MUNICIPIO DE GIRARDOT
A14: BENEFICIARIO: | B14: =A1 -> MUNICIPIO DE GIRARDOT
A16: CONDICIONES OBLIGATORIAS | B16: Todas las cláusulas que otorgan coberturas de gastos adicionales, operan sin aplicación de deducibles.
B17: Por el hecho de presentar oferta, el oferente aprueba los siguientes procedimientos en los casos en que se presenten pérdidas totales: • Para Pérdidas Totales por Daños: se determinará conjuntamente con la aseguradora el valor del salvamento y este quedará a opción de la Entidad, y su valor será deducido del total a indemnizar. El asegurado suministrará la factura original de compra, el certificado individual o manifiesto de importación o el documento que acredite la adquisición del vehículo, y/o demás documentos que requiera la compañia de seguros. • Para Pérdidas Totales por Hurto: con la sola presentación del denuncio y una carta de la Entidad en la cual deje a disposición de la Aseguradora el salvamento en caso de recuperación, se procederá a cancelar el valor asegurado total. El asegurado suministrará la factura original de compra, el certificado individual o manifiesto de importación o el documento que acredite la adquisición del vehículo, y/o demás documentos que requiera la compañia de seguros.
B18: El oferente deberá indicar las tasas a aplicar para determinar el valor de la prima. Si el oferente no aplica tasas únicas, deberá presentar cotización individual por cada uno de los vehículos asegurados o de lo contrario obtendrá cero puntos en la evaluación del factor costo de los seguros.
B19: Para este ramo no se acepta la aplicación de deducibles. La propuesta que ofrezca algún deducible se rechazará, generando igualmente el rechazo del grupo al cual pertenece.
B20: CLAUSULA DE APLICACIÓN DE CONDICIONES PARTICULARES: Queda expresamente acordado y convenido, que la compañía acepta las condiciones básicas, técnicas establecidas en este anexo, en los términos señalados en el mismo, por lo tanto, en caso de existir discrepancias entre los ofrecimientos contenidos en la propuesta técnica básica, frente a los textos de los ejemplares de las pólizas, certificados, anexos o cualquier otro documento; prevalecerá la información y condiciones básicas técnicas establecidas.
A22: 3. RELACION VEHICULOS Y VALORES ASEGURADOS
A24: VER ANEXO No.4 - RELACION AUT
A26: 4. AMPAROS OBLIGATORIOS
A28: NOMBRE (DILIGENCIAR CUANDO EL TEXTO OFRECIDO NO SEA IDENTICO AL DESCRITO EN EL PLIEGO DE CONDICIONES, EN CASO QUE OMITAN, EXCLUYAN O MODIFIQUEN EL TEXTO EN LAS CONDICIONES MINIMAS SOLICITADAS, SE RECHAZARA LA PROPUESTA )
A29: Responsabilidad Civil Extracontractual (incluyendo daño moral y lucro cesante) vehículos Livianos • Daños a bienes de Terceros $500.000.000 • Muerte o Lesiones a una persona $ 500.000.000 • Muerte o Lesiones a dos o más personas $ 1.000.000.000 Responsabilidad Civil Extracontractual (incluyendo daño moral y lucro cesante) vehículos Pesados • Daños a bienes de Terceros $ 200.000.000 • Muerte o Lesiones a una persona $ 200.000.000 • Muerte o Lesiones a dos o más personas $ 400.000.000 Responsabilidad Civil Extracontractual (incluyendo daño moral y lucro cesante) motocicletas • Daños a bienes de Terceros $50.000.000 • Muerte o Lesiones a una persona $50.000.000 • Muerte o Lesiones a dos o más personas $100.000.000
A31: Pérdida Total por Daños (incluidos actos terroristas)
A32: Pérdida Parcial por Daños (incluidos actos terroristas)
A33: Pérdida Parcial o Total por Hurto o Hurto Calificado
A34: Terremoto, Temblor y/o Erupción Volcánica
A35: No aplicación de deducibles para todos los amparos
A36: Amparo patrimonial
A37: Asistencia Jurídica en Proceso Penal
... A44: 5. CLAUSULAS OBLIGATORIAS
A46: NOMBRE | B46: DESCRIPCION DE LA CLAUSULA (DILIGENCIAR CUANDO EL TEXTO OFRECIDO NO SEA IDENTICO AL DESCRITO EN EL PLIEGO DE CONDICIONES, EN CASO QUE OMITAN, EXCLUYAN O MODIFIQUEN EL TEXTO EN LAS CONDICIONES MINIMAS SOLICITADAS, SE RECHAZARA LA PROPUESTA )
A47: ACTUALIZACION DE VALOR ASEGURADO | B47: Queda entendido, convenido y aceptado que en los eventos de pérdida total, la indemnización se realizará sobre el valor comercial del vehículo según la guía de Fasecolda vigente a la fecha del reclamo.
A48: AMPARO AUTOMÁTICO DE NUEVOS ACCESORIOS Y EQUIPOS | B48: Queda entendido, convenido y aceptado que en el evento de que el asegurado adquiera o reciba a cualquier título accesorios y equipos de cualquier clase, sobre los cuales éste tuviere interés asegurable; las coberturas y amparos adicionales de ésta póliza se extenderán automáticamente a dichos bienes por el 20% del valor asegurado del vehiculo establecido en la guia fasecolda. El asegurado está obligado a dar aviso a la Compañía dentro de los 30 días siguientes a la fecha de conocimiento de los nuevos bienes. La prima adicional se liquidará con base en las tasas contratadas. Si vencido este plazo no se ha informado a la Compañía, cesará el amparo.
A49: AMPARO AUTOMÁTICO DE NUEVOS VEHICULOS SEAN CERO KILÓMETROS O USADOS | B49: Queda entendido, convenido y aceptado que en el evento de que el asegurado adquiera o reciba a cualquier título, vehículos automotores de cualquier clase, sean nuevos (cero kilómetros) o usados, sobre los cuales éste tuviere interés asegurable; las coberturas y amparos adicionales de esta póliza se extenderán automáticamente a dichos bienes por el 10% del valor asegurado total de la póliza. El asegurado está obligado a dar aviso a la Compañía dentro de los 30 días siguientes a la fecha de conocimiento de los nuevos bienes. La prima adicional se liquidará con base en las tasas contratadas. Si vencido este plazo no se ha informado a la Compañía, cesará el amparo.
A50: AMPARO AUTOMÁTICO PARA ACCESORIOS Y EQUIPOS QUE POR ERROR U OMISIÓN NO SE HAYAN INFORMADO AL INICIO DEL SEGURO. | B50: Queda entendido, convenido y aceptado que en el evento de que el asegurado, por error u omisión, no haya informado accesorios o equipos al inicio de la cobertura, sobre los cuales éste tuviere interés asegurable; las coberturas y amparos adicionales de esta póliza se extenderán automáticamente a dichos bienes por 20% del valor asegurado del vehiculo establecido en la guia fasecolda. El asegurado está obligado a dar aviso a la Compañía dentro de los 30 días siguientes a la fecha de iniciación de la vigencia de la póliza. La prima adicional se liquidará con base en las tasas contratadas. Si vencido este plazo no se ha informado a la Compañía, cesará el amparo.
A51: AMPARO AUTOMÁTICO PARA VEHICULOS QUE POR ERROR U OMISIÓN NO SE HAYAN INFORMADO AL INICIO DEL SEGURO. | B51: Queda entendido, convenido y aceptado que en el evento de que el asegurado, por error u omisión, no haya informado vehículos automotores de cualquier clase al inicio de la cobertura, sobre los cuales éste tuviere interés asegurable; las coberturas y amparos adicionales de esta póliza se extenderán automáticamente a dichos bienes por el 10% del valor asegurado total de la póliza . El asegurado está obligado a dar aviso a la Compañía dentro de los 30 días siguientes a la fecha de iniciación de la vigencia de la póliza. La prima adicional se liquidará con base en las tasas contratadas. Si vencido este plazo no se ha informado a la Compañía, cesará el amparo.
A52: AMPLIACIÓN DEL PLAZO PARA AVISO DE SINIESTRO | B52: Por medio de la presente cláusula y no obstante lo estipulado en las condiciones generales de la póliza, el asegurado podrá dar aviso de la ocurrencia del siniestro en un término de 30 días, siguientes a la fecha en que haya conocido o debido conocer la ocurrencia del mismo.
A53: ANTICIPO DE INDEMNIZACION 50% | B53: Queda entendido y convenido que en caso de presentarse un siniestro amparado bajo la presente póliza y demostrada su ocurrencia y cuantía, la compañía analizará la posibilidad de anticipar el 50% del valor estimado de la pérdida mientras el asegurado cumple con la obligación legal para tal fin. El asegurado deberá hacer el requerimiento mediante comunicación escrita dirigida a la compañía.
A54: AMIGABLE COMPONEDOR | B54: Cualquier discrepancia que se presente en la interpretación del presente contrato, será resuelta por el mecanismo alternativo de solución de conflictos de amigable componedor. El amigable componedor será único, por acuerdo entre las partes, a falta del mismo se delega su designación al Centro de Arbitraje de la Cámara de Comercio de Bogotá. La decisión del amigable componedor estará fundamentada en derecho y el procedimiento será el establecido por el Centro de Arbitraje de la Cámara de Comercio de Bogotá. La decisión del amigable componedor producirá los efectos propios de la transacción tiene menú contextual
A55: AUTORIZACION DE REPARACION DEL VEHÍCULO | B55: Mediante la presente cláusula, se deja expresamente señalado que el término de respuesta de la Compañía, para confirmar la autorización de la reparación de los vehículos en los siniestros que afecten la cobertura de pérdida parcial, es de quince (15) días hábiles, contados a partir del momento en que la Entidad asegurada presenta la reclamación y formaliza la misma, de acuerdo con las condiciones señaladas en la oferta de que para tal efecto se encuentran establecidas.
A56: CLÁUSULA DE 72 HORAS PARA TERREMOTO / MAREMOTO Y DEMAS EVENTOS DE LA NATURALEZA | B56: Las pérdidas o daños amparados por la presente póliza darán origen a una reclamación separada por cada uno de estos fenómenos, sin exceder el total del valor asegurado. Pero si varios de ellos ocurren dentro de cualquier periodo de setenta y dos (72) horas consecutivas durante la vigencia del amparo, se tendrán como un solo siniestro y las pérdidas y daños que se causen deberán estar comprendidos en una sola reclamación, sin exceder el total del valor asegurado.
A57: COBERTURA DE ACCESORIOS | B57: Queda entendido, convenido y aceptado, que todos los accesorios de los vehículos asegurados se encuentran debidamente amparados aunque no se hayan detallado expresamente hasta por un límite de 10% del valor asegurado por vehículo, maximo $ 10.000.000. En el evento de que el valor de los accesorios sea mayor si se requerirá relación detallada de los mismos.
... A67: REVOCACIÓN DE LA PÓLIZA Y/O NO RENOVACION Y/O NO PRORROGA | B67: El presente contrato de seguro podrá ser revocado por el asegurado en cualquier momento de su ejecución. La compañía por su parte podrá revocarlo dando aviso por escrito con 30 días de anticipación, salvo para las coberturas de AMIT y HMACC que no podrá ser inferior a 10 días y en menor tiempo en el evento contemplado en el artículo 22 de la Ley 35 de 1993. En caso de revocación por parte de la aseguradora, esta devolverá al asegurado la parte de la prima no devengada, o sea, la que corresponde al lapso comprendido entre la fecha que comienza a surtir efecto la revocación y la del vencimiento del seguro. En caso de que sea revocado por el asegurado, el importe de la prima devengada y el de la devolución, se calculará tomando en cuenta la tarifa de seguros a corto plazo. De igual manera, la compañía se obliga a avisar su decisión de no renovar o prorrogar éste contrato de seguros con 30 días de anticipación, mediante comunicación escrita dirigida al asegurado.
A68: AMPAROS ADICIONALES Y CLAUSULAS ADICIONALES
A70: MEJORAS EN AMPAROS Y CLAUSULAS
A73: COSTO DE LOS SEGUROS
A75: VALOR ASEGURADO | B75: VR. PRIMA INCLUIDO I.V.A
A76: VER CUADRO ECONOMICO
A79: VIGENCIA OFRECIDA
A81: DIAS DE VIGENCIA OFRECIDA
A82: VER CUADRO ECONOMICO
A83: DEDUCIBLES
A85: DESCRIPCION | B85: DEDUCIBLE MAXIMO REQUERIDO
A86: TODOS LOS AMPAROS | B86: NO APLICA DEDUCIBLE
A88: DOCUMENTOS REQUERIDOS DE CARÁCTER OBLIGATORIO PARA EL PAGO DE SINIESTROS
A89: PERDIDA PARCIAL Y TOTAL POR DAÑOS | B89: TARJETA DE PROPIEDAD
B90: PASE Y CEDULA DEL CONDUCTOR.
B91: CROQUIS DE TRANSITO SI LO HUBO.
B92: PARA PERDIDA TOTAL FORMULARIO DE TRASPASO
A93: PERDIDA PARCIAL Y TOTAL HURTO | B93: TARJETA DE PROPIEDAD
B94: PASE Y CEDULA DEL CONDUCTOR
B95: DENUNCIA PENAL
B96: PARA PERDIDA TOTAL FORMULARIO DE TRASPASO
A97: R.C.E. DAÑOS A BIENES | B97: CARTA DE SU ASEGURADORA CERTIFICANDO QUE NO PRESENTARA RECLAMO O CARTA AUTENTICADA MANIFESTANDO QUE EL BIEN AFECTADO NO SE ENCUENTRA ASEGURADO.
B98: CROQUIS DE TRANSITO O ELEMENTO PROBATORIO QUE DEMUESTRE OCURRENCIA Y RESPONSABILIDAD
B99: TARJETA DE PROPIEDAD DEL VEHICULO AFECTADO.
B100: COTIZACION DE DAÑOS
B101: FOTOGRAFIAS DE LOS DAÑOS DEL VEHICULO AFECTADO
A102: LESIONES | B102: CARTA DE RECLAMACION QUE ACREDITE EL VALOR Y JUSTIFICACION DE LAS PRETENSIONES.
B103: CROQUIS DE TRANSITO O ELEMENTO PROBATORIO QUE DEMUESTRE OCURRENCIA Y RESPONSABILIDAD
B104: TOTALIDAD DE LOS DICTAMENES DE MEDICINA LEGAL Y/O RESUMEN HISTORIA CLINICA
B105: CEDULA DEL LESIONADO
B106: CERTIFICADO LABORAL O DE INGRESOS
A107: MUERTE | B107: CARTA DE RECLAMACION HECHA POR LOS HEREDEROS QUE ACREDITE EL VALOR Y JUSTIFICACION DE LAS PRETENSIONES
B108: CROQUIS DE TRANSITO O ELEMENTO PROBATORIO QUE DEMUESTRE OCURRENCIA Y RESPONSABILIDAD
B109: REGISTRO DE DEFUNCION
B110: CEDULA DEL RECLAMANTE
B111: DOCUMENTO QUE PRUEBA LA CALIDAD DE BENEFICIARIO DEL OCCISO
B112: DECLARACION EXTRAJUICIO QUE NO EXISTEN MAS BENEFICIARIOS
B113: CERTIFICADO LABORAL O DE INGRESOS DEL OCCISO

Sheet 15. MANEJO
A1: ='12. TRDM'!A1:B1 -> MUNICIPIO DE GIRARDOT
A2: FOMATO No. 15 - OFERTA PRESENTADA PARA EL SEGURO DE MANEJO GLOBAL PARA ENTIDADES OFICIALES
A4: NOMBRE DEL PROPONENTE:
A6: 1. OBJETO DEL SEGURO
A8: Amparar al MUNICIPIO DE GIRARDOT contra los riesgos que impliquen menoscabo de sus fondos y/o bienes, causados por acciones u omisiones de los empleados en ejercicio de sus cargos o sus reemplazos, que incurran en actos que se tipifiquen como delitos contra la administración pública, o fallos con responsabilidad fiscal, de acuerdo con la resolución 014249 del 15 de mayo de 1992, aprobada por la Contraloría General de la República y demás normas concordantes; o alcances por incumplimiento de las disposiciones legales y reglamentarias, incluyendo el costo de la rendición de cuentas en caso de abandono del cargo o fallecimiento del empleado.
A10: 2. INFORMACION GENERAL
A12: TOMADOR: | B12: =A1 -> MUNICIPIO DE GIRARDOT
A13: ASEGURADO: | B13: =A1 -> MUNICIPIO DE GIRARDOT
A14: BENEFICIARIO: | B14: =A1 -> MUNICIPIO DE GIRARDOT
A16: CONDICIONES OBLIGATORIAS | B16: Todas las cláusulas que otorgan coberturas de gastos adicionales, operan sin aplicación de deducibles.
B17: La presente póliza se complementa las perdidas causadas por los funcionarios de la entidad asegurada o por las personas que bajo su responsabilidad lo reemplacen, previa aceptacion de la compañia, por incurrir en conductas que sean tipificadas como delitos contra la administracion publica, que causen menoscabo de los fondos o bienes de la entidad asegurada, siempre y cuando el hecho sea cometido dentro de la vigencia de la presente poliza.
B18: CLAUSULA DE APLICACIÓN DE CONDICIONES PARTICULARES: Queda expresamente acordado y convenido, que la compañía acepta las condiciones básicas, técnicas establecidas en este anexo, en los términos señalados en el mismo, por lo tanto, en caso de existir discrepancias entre los ofrecimientos contenidos en la propuesta técnica básica, frente a los textos de los ejemplares de las pólizas, certificados, anexos o cualquier otro documento; prevalecerá la información y condiciones básicas técnicas establecidas.
A20: 3. VALORES ASEGURADOS
A22: OFERTA BÁSICA | B22: 300000000
A24: 4. CARGOS ASEGURADOS
A26: La planta asignada actualmente es de 30 cargos y 120 contratistas que realizan funciones propias de la misión institucional de la Entidad.
A27: Relacion de cargos asegurados ver A nexo 6
A28: 5. AMPAROS OBLIGATORIOS
A30: NOMBRE (DILIGENCIAR CUANDO EL TEXTO OFRECIDO NO SEA IDENTICO AL DESCRITO EN EL PLIEGO DE CONDICIONES, EN CASO QUE OMITAN, EXCLUYAN O MODIFIQUEN EL TEXTO EN LAS CONDICIONES MINIMAS SOLICITADAS, SE RECHAZARA LA PROPUESTA )
A31: Los riesgos que impliquen menoscabo de los fondos y bienes del Estado, causados por sus empleados, por actos u omisiones que se tipifiquen como delitos contra la administración pública o fallos con responsabilidad fiscal.
A32: El costo de la rendición y reconstrucción de cuentas llevadas a cabo por funcionarios de la Contraloría General de la República en los casos de abandono del cargo o fallecimiento del responsable de la rendición de cuentas, siempre y cuando el asegurador manifieste la imposibilidad de rendir dicha cuentas
A33: 6. CLAUSULAS OBLIGATORIAS
A35: NOMBRE | B35: DESCRIPCION DE LA CLAUSULA (DILIGENCIAR CUANDO EL TEXTO OFRECIDO NO SEA IDENTICO AL DESCRITO EN EL PLIEGO DE CONDICIONES, EN CASO QUE OMITAN, EXCLUYAN O MODIFIQUEN EL TEXTO EN LAS CONDICIONES MINIMAS SOLICITADAS, SE RECHAZARA LA PROPUESTA )
A36: AMPARO AUTOMATICO DE CARGOS QUE POR ERROR U OMISIÓN NO SE HAYAN INFORMADO AL INICIO DEL SEGURO | B36: Queda entendido, convenido y aceptado que no obstante lo que en contrario se diga en las condiciones generales de la póliza, el presente anexo se extiende a cubrir automáticamente todo cargo que por error u omisión no se haya informado al inicio del seguro por el asegurado. El asegurado deberá comunicar tal situación a la aseguradora dentro de los 30 días siguientes al inicio de vigencia del seguro y la compañía efectuará el cobro de la prima proporcional a prorrata.
A37: AMPARO AUTOMATICO DE NUEVOS CARGOS | B37: Queda entendido, convenido y aceptado que no obstante lo que en contrario se diga en las condiciones generales de la póliza, el presente anexo se extiende a cubrir automáticamente todo nuevo cargo creado por el asegurado. El asegurado deberá comunicar tal situación a la aseguradora dentro de los 30 días siguientes a la modificación y la compañía efectuará el cobro de la prima proporcional a prorrata.
A38: AMPLIACIÓN DEL PLAZO PARA AVISO DE SINIESTRO | B38: Por medio de la presente cláusula y no obstante lo estipulado en las condiciones generales de la póliza, el asegurado podrá dar aviso de la ocurrencia del siniestro en un término de 30 días, siguientes a la fecha en que haya conocido o debido conocer la ocurrencia del mismo.
A39: ANTICIPO DE INDEMNIZACION 50% | B39: Queda entendido y convenido que en caso de presentarse un siniestro amparado bajo la presente póliza y demostrada su ocurrencia y cuantía, la compañía analizará la posibilidad de anticipar el 50% del valor estimado de la pérdida mientras el asegurado cumple con la obligación legal para tal fin. El asegurado deberá hacer el requerimiento mediante comunicación escrita dirigida a la compañía.
A40: AMIGABLE COMPONEDOR | B40: Cualquier discrepancia que se presente en la interpretación del presente contrato, será resuelta por el mecanismo alternativo de solución de conflictos de amigable componedor. El amigable componedor será único, por acuerdo entre las partes, a falta del mismo se delega su designación al Centro de Arbitraje de la Cámara de Comercio de Bogotá. La decisión del amigable componedor estará fundamentada en derecho y el procedimiento será el establecido por el Centro de Arbitraje de la Cámara de Comercio de Bogotá. La decisión del amigable componedor producirá los efectos propios de la transacción tiene menú contextual
A41: CLÁUSULA DE PROTECCION DE DEPOSITOS BANCARIOS | B41: Cubre las pérdidas de dinero que el asegurado tenga depositado en sus cuentas corrientes o de ahorro en entidades bancarias o financieras (incluidos sus respectivos intereses), que se deba a falsificación o adulteración de un cheque, letra de cambio, pagaré, carta de crédito o cualquier otra clase de título valor que el banco o entidad financiera presuma que ha sido firmado, endosado o avalado por el asegurado o por una persona que obre en su nombre o representación y que el banco o entidad financiera compruebe que no es responsable por dicho pago, incluyendo: a) Cualquier cheque o giro hecho o girado en nombre de la Entidad pagadero a una persona ficticia y endosado o pagado a nombre de dicha persona. b) Cualquier cheque o giro hecho o girado en transacción de la Entidad o por su representante a favor de un tercero y entregado al representante de éste que resultare endosado o cobrado por persona distinta de aquel a quien se giró. c) Cualquier cheque o giro con destino al pago de salarios que habiendo sido girado u ordenado por la Entidad, resultare endosado y cobrado por un tercero obrando supuestamente a nombre del girador, o de aquel a quien se debía hacer el pago. Esta cobertura aplica cuando se demuestra la participación de uno o más empleados del asegurado y que la entidad bancaria demuestre que no tiene ninguna responsabilidad.Sublimite 20% del valor asegurado global de la poliza, siempre y cuando se demuestre que no existe responsabilidad por parte de la entidad financiera.
A42: CONCURRENCIA DE AMPAROS, CLÁUSULAS Y/O CONDICIONES | B42: Queda entendido, convenido y aceptado, que si dos o más amparos, cláusulas o condiciones otorgan cobertura a un mismo evento, se indemnizará con aquella que ofrezca mayor protección para los intereses del asegurado. De igual manera prevalecerán los amparos, cláusulas o condiciones que otorguen cobertura, sobre aquellos que las excluyan. En todo caso y ante cualquier discrepancia sobre cuál es el amparo, cláusula o condición aplicable a un caso determinado, se aplicará aquella que determine el asegurado de acuerdo a su conveniencia.
A43: DEFINICION DE TRABAJADOR O EMPLEADO | B43: La expresión de trabajador o empleado comprende a representantes legales, funcionarios o empleados del asegurado, vinculado a este mediante contrato de trabajo, orden de trabajo o mediante nombramiento por decreto o resolución. Igualmente quedan amparados los trabajadores ocasionales, temporales o transitorios, y a quienes sin serlo realicen prácticas o investigaciones en sus dependencias, como estudiantes , con la previa y expresa autorización del asegurado. Así mismo todas aquellas personas naturales, asesores, consultores, auxiliares bachilleres y contratistas independientes que presten sus servicios al asegurado, bajo cualquier título o contrato, y demás que requiera la entidad para su normal funcionamiento.
A44: DESIGNACIÓN DE AJUSTADORES
A45: DESIGNACION DE BIENES | B45: Los oferentes deben aceptar el título , nombre, denominación o nomenclatura con que el asegurado identifica o describe los bienes asegurados en sus registro o libros de comercio o contabilidad.
A46: EXPERTICIO TÉCNICO | B46: Queda entendido, convenido y aceptado que en el evento de existir discrepancia entre la Compañía y el Asegurado en cuanto a si el siniestro constituye un agotamiento del limite asegurado, la cuestión será sometida a concepto emitido por el ajustador, según los intereses afectados por el siniestro, siguiendo el procedimiento que para tal regulación prevén los artículos 2026 y siguientes del Código de Comercio
A47: GASTOS ADICIONALES | B47: No obstante lo que se diga en contrario en las condiciones generales y particulares de la póliza, la Compañía se obliga a indemnizar los gastos adicionales (que no tengan carácter de permanentes), debidamente comprobados en que necesaria y razonablemente incurra el asegurado, como consecuencia directa del siniestro, hasta el 100% de los gastos demostrados, sin exceder el 10% del limite asegurado.
A48: GASTOS PARA DEMOSTRAR EL SINIESTRO Y SU CUANTÍA | B48: No obstante lo que se diga en contrario en las condiciones generales y particulares de la póliza, la Compañía se obliga a indemnizar los gastos en que necesaria y razonablemente incurra el asegurado con el fin de demostrar la ocurrencia del siniestro y la cuantía de la pérdida que sean afectados por uno de los eventos amparados bajo la presente póliza, hasta el 100% de los gastos demostrados, sin exceder el 10% del limite asegurado.
A49: HONORARIOS PROFESIONALES DE ABOGADOS, CONSULTORES, AUDITORES. | B49: No obstante lo que se diga en contrario en las condiciones generales y particulares de la póliza, la Compañía se obliga a indemnizar los honorarios en que necesaria y razonablemente incurra el asegurado, por concepto de abogados, consultores, auditores, revisores, contadores, para obtener y certificar: a.- los detalles extraídos de los libros de contabilidad y del negocio mismo del asegurado, y b.- cualesquiera otras informaciones, documentos y testimonios que sean pedidos por la compañía al asegurado según lo establecido en las condiciones generales y particulares de la póliza. La compañía reconocerá hasta el 100% de los gastos demostrados por el asegurado, sin exceder el 10% del limite asegurado.
A50: LIQUIDACION A PRORRATA PARA PRORROGA DE LA VIGENCIA | B50: Queda entendido y convenido que en caso de que el asegurado lo requiera, la aseguradora realizará la liquidación de la prima de la prórroga a prorrata y con las mismas tasas de la póliza inicial, siempre y cuando el índice de siniestralidad no supere el 50% teniendo en cuenta pagos y reservas. En caso de superar este porcentaje, habrá lugar a la revisión de terminos y ajuste de las tasas inicialmente pactadas.
A51: PAGO DE LA INDEMNIZACIÓN | B51: Queda expresamente acordado que la aseguradora acepta efectuar el pago de la indemnización, en dinero directamente a la entidad o a los contratistas y/o proveedores de servicios o suministro de éstos u otros similares con los cuales la Entidad, decida remplazar, reparar y/o reponer el bien o bienes afectados; y para este último caso la compañía efectuará el pago hasta el monto de su responsabilidad, a petición escrita de la Entidad Asegurada. Queda convenido que la entidad asegurada se reserva el derecho de determinar si el giro de la indemnización se realiza en dinero o giro a los contratistas y la aseguradora acepta esta condición.
A52: PERDIDAS OCASIONADAS POR EMPLEADOS DE FIRMA ESPECIALIZADA INCLUYENDO CONTRATISTAS INDEPENDIENTES Y PERSONAS CON CONTRATO DE PRESTACION DE SERVICIOS | B52: No obstante lo que se diga en contrario en las condiciones generales de la póliza, por la presente cláusula se cubren las pérdidas que sufra el asegurado como consecuencia de cualquiera de los delitos que sean cometidos por empleados de firma especializada, incluyendo contratistas independientes y personas con contrato de prestación de servicios, mientras se encuentren ejerciendo sus funciones al servicio del asegurado. Sublimitado al 30% del valor asegurado en el basico
A53: PERDIDAS POR PERSONAL NO IDENTIFICADO | B53: Cuando respecto de cualquier pérdida, el asegurado no pudiera determinar específicamente al empleado o los empleados responsables, la compañía reconocerá la indemnización correspondiente siempre y cuando las pruebas presentadas permitan tener la certeza de que las pérdidas fueron causadas únicamente por uno o varios empleados de la entidad asegurada, a cualquier título (autor intelectual, material o cómplice). Queda entendido que la responsabilidad de la compañía respecto de tales pérdidas no excederá en ningún caso del monto estipulado en la póliza. Sublimitado al 30% del valor asegurado en el basico
A54: REVOCACIÓN DE LA PÓLIZA Y/O NO RENOVACION Y/O NO PRORROGA | B54: El presente contrato de seguro podrá ser revocado por el asegurado en cualquier momento de su ejecución. La compañía por su parte podrá revocarlo dando aviso por escrito con 30 días de anticipación, salvo para las coberturas de AMIT y HMACC que no podrá ser inferior a 10 días y en menor tiempo en el evento contemplado en el artículo 22 de la Ley 35 de 1993. En caso de revocación por parte de la aseguradora, esta devolverá al asegurado la parte de la prima no devengada, o sea, la que corresponde al lapso comprendido entre la fecha que comienza a surtir efecto la revocación y la del vencimiento del seguro. En caso de que sea revocado por el asegurado, el importe de la prima devengada y el de la devolución, se calculará tomando en cuenta la tarifa de seguros a corto plazo. De igual manera, la compañía se obliga a avisar su decisión de no renovar o prorrogar éste contrato de seguros con 30 días de anticipación, mediante comunicación escrita dirigida al asegurado.
A55: SUBLÍMITE ÚNICO COMBINADO PARA LAS CLAUSULAS QUE AMPARAN GASTOS ADICIONALES | B55: Queda entendido, convenido y aceptado, que para las clausulas denominadas "gastos adicionales..." se establece un límite único combinado del 20% del valor asegurado global de la poliza, sin aplicación de deducible.
A56: EXCLUSIONES GENERICAS
A57: Enfermedades contagiosas | B57: Excluyen todos los daños y perjuicios, responsabilidades, reclamaciones costes o gastos de cualquier naturaleza que, de forma directa o indirecta, hayan sido causados o coadyuvados por una enfermedad contagiosa o resulten o se deriven de una enfermedad contagiosa o en relación con ella, o del temor o amenaza (real o percibido) de una enfermedad contagiosa, con independencia de cualquier otra causa o hecho que de manera concurrente o secuencial haya contribuido a los mismos
A58: EXCLUSIÓN – ENFERMEDAD TRANSMISIBLE LMA5394 -96 | B58: 1. No obstante, cualquier disposición en contrario dentro de este acuerdo de seguro, este contrato excluye cualquier pérdida, daño, responsabilidad, reclamo, costo o gasto de cualquier naturaleza, causado directa o indirectamente por, como resultado de o derivado de una enfermedad transmisible. 2. Esta exclusión no aplicará a ninguna pérdida incurrida en relación con los daños físicos a los bienes asegurados en virtud de las pólizas originales reaseguradas bajo este contrato incluyendo cualquier Pérdida de Elementos de Tiempo que resulte directamente de ellos cuando dichos daños físicos sean causados directamente por uno o más de los siguientes peligros: incendio, rayo, explosión, impacto de avión o vehículo, caída de objetos, tormenta de viento, tormenta de lluvia, granizo, tornado, ciclón, tifón, huracán, terremoto, maremoto, perturbación/erupción sísmica y/o volcánica, tsunami, inundación, congelación, tormenta de hielo, peso de la nieve o el hielo, avalancha, impacto de meteorito/asteroide, deslizamiento de tierra, derrumbe, alud, incendio de arbustos, incendio forestal. 3. Como se usa en este documento: a) “Enfermedad transmisible” significa cualquier enfermedad infecciosa, transmisible o contagiosa, o cualquier mutación o variación de esta, que puede transmitirse por medio de cualquier sustancia o agente de cualquier organismo a otro organismo, incluidos, entre otros, los siguientes: I. La sustancia o agente incluye, pero no se limita a, un virus, bacteria, parásito, u otro organismo o cualquier variación de este, ya sea que se considere vivo o no, y II. El método de transmisión ya sea directo o indirecto, incluye, entre otros, transmisión por el aire, transmisión de fluidos corporales, transmisión desde o hacia cualquier superficie, u objeto; sólido, líquido o gaseoso; o entre organismos. III. La sustancia o agente puede provocar lesión corporal, enfermedad o amenazar con dañar la salud, o el bienestar humano o puede provocar o amenazar con dañar, causar un deterioro, pérdida de valor, comerciabilidad o perdida del uso de los bienes.
A59: Cláusula de exclusión de pérdidas y datos cibernéticos | B59: No obstante, cualquier disposición contraria en esta póliza o cualquier suplemento a la misma, se excluye cualquier: 1.1. Pérdida cibernética. 1.2. Pérdida, daño, responsabilidad, reclamación, coste, gasto de cualquier naturaleza causado directa o indirectamente por, contribuido por, resultante de, que surja o esté relacionado con cualquier pérdida de uso, reducción de la funcionalidad, reparación, reemplazo, restauración o reproducción de cualesquiera datos, incluyendo cualquier cantidad relacionada con el valor de dichos datos, independientemente de cualquier otra causa o evento que contribuya simultáneamente o en cualquier otra secuencia. En el caso que cualquier parte de esta cláusula fuera considerada inválida o inaplicable, el resto permanecerá en pleno vigor y efecto. Esta cláusula reemplaza y, si entra en conflicto con cualquier otra disposición de la póliza o cualquier suplemento que tenga relación con la pérdida cibernética o los datos, reemplaza esa disposición. Definiciones para esta cláusula A. Pérdida cibernética: cualquier pérdida, daño, responsabilidad, reclamación, coste o gasto de cualquier naturaleza que directa o indirectamente sea causado o aportado por, resulte o surja de, o esté en conexión con un acto cibernético o un incidente cibernético incluyendo, pero sin limitarse a cualquier acción tomada con el fin de controlar, prevenir, suprimir o remediar cualquier acto cibernético o incidente cibernético. B. Acto cibernético: acto o serie de actos no autorizados, malintencionados o delictivos, sin consideración del tiempo y espacio, o la amenaza o engaño relacionados con el acceso, procesamiento, uso u operación de cualquier sistema informático. C. Incidente cibernético: - todo error u omisión o serie de errores u omisiones relacionados con el acceso, procesamiento, uso u operación de cualquier sistema informático; o - cualquier indisponibilidad o fallo parcial o total o serie de indisponibilidades o fallos parciales o totales para acceder, procesar, usar u operar cualquier sistema informático. D. Sistema informático: cualquier ordenador, hardware, software, sistema de comunicación, equipo electrónico (incluyendo pero sin limitarse a teléfonos inteligentes, laptops, tablets, dispositivos portátiles), servidor, nube o microcontrolador incluyendo cualquier sistema similar o configuración de lo antes mencionado e incluyendo asimismo toda entrada y salida, dispositivo de almacenamiento de datos, equipo de redes o instalaciones de copias de respaldo, de propiedad u operadas por el asegurado o cualquier otra parte. E. Datos: información, hechos, conceptos, código o cualquier otra información de cualquier naturaleza registrada y transmitida en cualquier forma para ser usada, accedida, procesada, transmitida o almacenada por un sistema informático.
A60: CLÁUSULA DE SALVEDAD DE DAÑOS MATERIALES | B60: La obligación del asegurador a indemnizar queda limitada a los pagos por daños resultantes de daños materiales a la propiedad asegurada que sucedan en forma accidental, súbita e imprevista que hagan necesaria una reparación o reposición y que sean consecuencia directa de los peligros cubiertos, así como también la pérdida de beneficios siempre que esta se deba a un daño material cubierto.
A61: AMPAROS ADICIONALES Y CLAUSULAS ADICIONALES
A63: MEJORAS EN AMPAROS Y CLAUSULAS
A66: COSTO DE LOS SEGUROS
A68: VALOR ASEGURADO | B68: VR. PRIMA INCLUIDO I.V.A
A69: OFERTA BASICA
A71: VIGENCIA OFRECIDA
A73: DIAS DE VIGENCIA OFRECIDA
A76: 9. DEDUCIBLES
A78: DESCRIPCION | B78: DEDUCIBLE MAXIMO REQUERIDO
A79: PÉRDIDAS POR PERSONAL NO IDENTIFICADO | B79: 10% sobre el valor de la perdida, Mínimo 2 SMMLV
A80: CAJAS MENORES | B80: SIN DEDUCIBLE
A81: DEMÁS EVENTOS | B81: 10% sobre el valor de la perdida, Mínimo 2 SMMLV
A83: DOCUMENTOS REQUERIDOS DE CARÁCTER OBLIGATORIO PARA EL PAGO DE SINIESTROS
A84: CARTA DE AVISO DEL SINIESTRO
A85: COPIA DEL DENUNCIO PENAL CONTRA EL FUNCIONARIO RESPONSABLE
A86: DOCUMENTOS QUE SOPORTEN LA PERDIDA

Sheet 16. RCE
A1: ='12. TRDM'!A1:B1 -> MUNICIPIO DE GIRARDOT
A2: FORMATO No. 16 - OFERTA PRESENTADA PARA EL SEGURO DE RESPONSABILIDAD CIVIL EXTRACONTRACTUAL
A4: NOMBRE DEL PROPONENTE: ______________________________________________________________________________________________________________________________________
A6: 1. OBJETO DEL SEGURO
A7: Amparar los perjuicios patrimoniales y extrapatrimoniales que sufra el MUNICIPIO DE GIRARDOT , como consecuencia de la Responsabilidad Civil Extracontractual originada dentro o fuera de sus instalaciones, en el desarrollo de sus actividades o en lo relacionado con ella, lo mismo que los actos de sus empleados y funcionarios dentro y fuera del territorio nacional. Nota: Se entenderán como terceros todas y cada una de las personas que circulen, ingresen, accedan o se encuentren en los predios de asegurado, independientemente que el asegurado le esté prestando un servicio objeto de su razón social
A9: 2. INFORMACION GENERAL
A10: TOMADOR: | B10: =A1 -> MUNICIPIO DE GIRARDOT
A11: ASEGURADO: | B11: =A1 -> MUNICIPIO DE GIRARDOT
A12: BENEFICIARIO: | B12: ENTIDAD Y/O TERCEROS AFECTADOS
A14: CONDICIONES OBLIGATORIAS | B14: TIPO DE COBERTURA: Responsabilidad civil extracontractual para amparar los daños materiales y/o lesiones y/o muerte causadas por la Entidad a terceros durante el giro normal de sus actividades por cualquier causa, salvo los eventos expresamente excluidos.
B15: Todas las cláusulas que otorgan coberturas de gastos adicionales, operan sin aplicación de deducibles.
B16: La Presente póliza opera igualmente en exceso de los amparos de responsabilidad civil contratados en los seguros de automóviles y todo riesgo maquinaria y equipo
B17: CLAUSULA DE APLICACIÓN DE CONDICIONES PARTICULARES: Queda expresamente acordado y convenido, que la compañía acepta las condiciones básicas, técnicas establecidas en este anexo, en los términos señalados en el mismo, por lo tanto, en caso de existir discrepancias entre los ofrecimientos contenidos en la propuesta técnica básica, frente a los textos de los ejemplares de las pólizas, certificados, anexos o cualquier otro documento; prevalecerá la información y condiciones básicas técnicas establecidas.
A18: 3. VALORES ASEGURADOS
A20: OFERTA BÁSICA | B20: 1000000000
A22: 4. AMPAROS OBLIGATORIOS
A24: NOMBRE | C24: SUBLIMITE
A25: (DILIGENCIAR CUANDO EL TEXTO OFRECIDO NO SEA IDENTICO AL DESCRITO EN EL PLIEGO DE CONDICIONES, EN CASO QUE OMITAN, EXCLUYAN O MODIFIQUEN EL TEXTO EN LAS CONDICIONES MINIMAS SOLICITADAS, SE RECHAZARA LA PROPUESTA )
A26: RIESGOS AMPARADOS:
A27: - Predios labores y operaciones, incluyendo incendio y explosión.
A28: - Uso de ascensores, montacargas, grúas y puentes grúas.
A29: - Uso de armas de fuego por parte de vigilantes y funcionarios.
A30: Avisos, vallas y letreros dentro y fuera de los predios.que sean propiedad del asegurado.
A31: - Restaurantes y campos deportivos
A32: Actividades deportivas, sociales y culturales dentro o fuera de los predios
A33: Daños y lesiones que se causen a bienes y a terceros durante la realización de algún evento, capacitación, conferencias, etc., durante la vigencia de la póliza
A34: - Participación del asegurado en ferias y exposiciones nacionales
A35: - Viajes de funcionarios del asegurado dentro del territorio nacional.
A36: Viajes de funcionarios del asegurado fuera del territorio Nacional, cuando el viaje no exceda cinco semanas
... A40: COBERTURAS QUE SE PUEDEN SUBLIMITAR
A41: Contaminación accidental súbita e imprevista ( Excluye contaminación paulatina) | C41: SI - Sublímite 20% del valor asegurado evento / vigencia
A42: Contratistas y Subcontratistas independientes. Esta cobertura operará en exceso de las pólizas del contratista o subcontratista. | C42: SI - Sublímite 20% del valor asegurado evento / vigencia
A43: Daño Moral | C43: SI - Sublímite 20% del valor asegurado evento / vigencia
A44: Daños y hurto de vehículos de terceros y funcionarios en predios del asegurado | C44: SI - Sublímite 20% del valor asegurado evento / vigencia
A45: Gastos médicos incluyendo personal del asegurado. | C45: SI - Sublímite $5.000.000 por persona, $10.000.000 Agregado Anual
A46: Honorarios de abogados y gastos de defensa | C46: SI - Sublímite 10% del valor asegurado evento / vigencia
A47: Hurto de accesorios de vehículos en predios del asegurado | C47: SI - Sublímite 10% del valor asegurado evento / vigencia
A48: Costos y Gastos judiciales: La compañía de seguros responderá, salvo en los siguientes casos:Si la responsabilidad proviene de dolo o culpa grave, o está expresamente excluida de la presente póliza, Si el asegurado afronta el proceso contra orden expresa de la compañía de Seguros, Si la indemnización a cargo del asegurado excede el límite asegurado, la compañía solo responderá por los gastos del proceso en proporción a la cuota que le corresponda en la indemnización. | C48: SI - Sublímite 5% del valor asegurado evento / vigencia
A49: Parqueaderos del municipio, incluyendo daños y/o hurto a vehículos y/o a sus accesorios | C49: SI - Sublímite Mínimo 10% del valor asegurado evento / vigencia
A50: Posesión, uso y mantenimiento de depósitos, tanques y tuberías, ubicados o instalados dentro de los predios del asegurado | C50: SI - Sublímite 20% del valor asegurado evento / vigencia
A51: Propietarios, arrendatarios y poseedores | C51: SI - Sublímite mínimo 20% del valor asegurado evento / vigencia
A52: Responsabilidad Civil Cruzada | C52: SI - Sublímite mínimo 20% del valor asegurado evento / vigencia
... A55: Responsabilidad Civil por el uso de escoltas y personal de vigilancia. Nota: En caso de firmas externas, esta cobertura operará en exceso de las pólizas exigidas por la Ley | C55: SI - Sublímite Mínimo 20% del valor asegurado evento / vigencia
A56: 5. CLAUSULAS OBLIGATORIAS
A57: NOMBRE | B57: DESCRIPCION DE LA CLAUSULA (DILIGENCIAR CUANDO EL TEXTO OFRECIDO NO SEA IDENTICO AL DESCRITO EN EL PLIEGO DE CONDICIONES, EN CASO QUE OMITAN, EXCLUYAN O MODIFIQUEN EL TEXTO EN LAS CONDICIONES MINIMAS SOLICITADAS, SE RECHAZARA LA PROPUESTA )
A58: AMPARO AUTOMATICO PARA NUEVOS PREDIOS, OPERACIONES Y/O ACTIVIDADES | B58: Queda entendido, convenido y aceptado que no obstante lo que en contrario se diga en las condiciones generales de la póliza, el presente anexo se extiende a cubrir automáticamente todo nuevo predio, operación y/o actividad creados por el asegurado, obligándose a informar a la compañía dentro de los 30 días siguientes a la creación. La prima adicional se liquidará con base en las tasas contratadas. Si vencido este plazo no se ha informado a la Compañía, cesará el amparo.
A59: AMPLIACIÓN DEL PLAZO PARA AVISO DE SINIESTRO | B59: Por medio de la presente cláusula y no obstante lo estipulado en las condiciones generales de la póliza, el asegurado podrá dar aviso de la ocurrencia del siniestro en un término de 30 días, siguientes a la fecha en que haya conocido o debido conocer la ocurrencia del mismo.
A60: ANTICIPO DE INDEMNIZACION 50% | B60: Queda entendido y convenido que en caso de presentarse un siniestro amparado bajo la presente póliza y demostrada su ocurrencia y cuantía, la compañía analizará la posibilidad de anticipar el 50% del valor estimado de la pérdida mientras el asegurado cumple con la obligación legal para tal fin. El asegurado deberá hacer el requerimiento mediante comunicación escrita dirigida a la compañía.
A61: AMIGABLE COMPONEDOR | B61: Cualquier discrepancia que se presente en la interpretación del presente contrato, será resuelta por el mecanismo alternativo de solución de conflictos de amigable componedor. El amigable componedor será único, por acuerdo entre las partes, a falta del mismo se delega su designación al Centro de Arbitraje de la Cámara de Comercio de Bogotá. La decisión del amigable componedor estará fundamentada en derecho y el procedimiento será el establecido por el Centro de Arbitraje de la Cámara de Comercio de Bogotá. La decisión del amigable componedor producirá los efectos propios de la transacción tiene menú contextual
A62: CONOCIMIENTO DEL RIESGO | B62: La Compañía declara el conocimiento de los riesgos asegurados y por lo tanto deja constancia del conocimiento de los hechos, circunstancias y en general condiciones de los mismos, sin perjuicio de la obligación que tiene a su cargo el asegurado de avisar cualquier modificación o alteración en el estado del riesgo atendiendo a los criterios establecidos en los artículos 1058 y 1061 del Código del Comercio. La Compañía se reserva el derecho de realizar visitas para inspeccionar los riesgos asegurados cuantas veces lo juzgue pertinente.
A63: DESIGNACIÓN DE AJUSTADORES | B63: Queda entendido, convenido y aceptado que en el evento de un siniestro que afecte la póliza y si la Compañía decide hacer nombramiento de ajustadores, en caso de que el ajustador designado no satisfaga las expectativas de la entidad estatal, se procederá a designar nuevo ajustador de terna presentada por la compañia de seguros.
A64: ERRORES, OMISIONES E INEXACTITUDES NO INTENCIONALES | B64: Queda entendido, convenido y aceptado que si el tomador incurriese en errores, omisiones e inexactitudes imputables a él y al asegurado, el contrato no será nulo ni habrá lugar a la aplicación del inciso tercero del artículo 1058 del código de comercio sobre reducción porcentual de la prestación asegurada. En este caso, se liquidará la prima adecuada al verdadero estado del riesgo.
A65: EXPERTICIO TÉCNICO | B65: Queda entendido, convenido y aceptado que en el evento de existir discrepancia entre la Compañía y el Asegurado en cuanto a si el siniestro constituye un agotamiento del limite asegurado, la cuestión será sometida a concepto emitido por el ajustador, según los intereses afectados por el siniestro, siguiendo el procedimiento que para tal regulación prevén los artículos 2026 y siguientes del Código de Comercio
A66: EXTENSION DE COBERTURA | B66: Se considerarán terceros todos los aprendices que se encuentren en las instalaciones, predios o actividades desarrolladas por la entidad en desarrollo de las actividades académicas propias del programa de formación. El amparo de la presente póliza operará en exceso de la cobertura otorgada por los demás seguros que amparen a los aprendices.
A67: HONORARIOS PROFESIONALES DE ABOGADOS, CONSULTORES, AUDITORES | B67: No obstante lo que se diga en contrario en las condiciones generales y particulares de la póliza, la Compañía se obliga a indemnizar los honorarios en que necesaria y razonablemente incurra el asegurado, por concepto de abogados, consultores, auditores, revisores, contadores., para obtener y certificar: a.- los detalles extraídos de los libros de contabilidad y del negocio mismo del asegurado, y b.- cualesquiera otras informaciones, documentos y testimonios que sean pedidos por la compañía al asegurado según lo establecido en las condiciones generales y particulares de la póliza. La compañía reconocerá hasta el 100% de los gastos demostrados por el asegurado. Sublímite 10% del valor asegurado total de la póliza
A68: INDEMNIZACION POR CLARA EVIDENCIA SIN QUE EXISTA PREVIO FALLO JUDICIAL | B68: No obstante las condiciones generales de la póliza, queda declarado y convenido que en caso de cualquier evento cubierto por la presente póliza, el pago se realizará con la declaración o manifestación de culpabilidad del asegurado por escrito, siempre y cuando su responsabilidad sea evidente.
... A73: REVOCACIÓN DE LA PÓLIZA Y/O NO RENOVACION Y/O NO PRORROGA | B73: El presente contrato de seguro podrá ser revocado por el asegurado en cualquier momento de su ejecución. La compañía por su parte podrá revocarlo dando aviso por escrito con 30 días de anticipación, salvo para las coberturas de AMIT y HMACC que no podrá ser inferior a 10 días y en menor tiempo en el evento contemplado en el artículo 22 de la Ley 35 de 1993. En caso de revocación por parte de la aseguradora, esta devolverá al asegurado la parte de la prima no devengada, o sea, la que corresponde al lapso comprendido entre la fecha que comienza a surtir efecto la revocación y la del vencimiento del seguro. En caso de que sea revocado por el asegurado, el importe de la prima devengada y el de la devolución, se calculará tomando en cuenta la tarifa de seguros a corto plazo. De igual manera, la compañía se obliga a avisar su decisión de no renovar o prorrogar éste contrato de seguros con 30 días de anticipación, mediante comunicación escrita dirigida al asegurado.
A74: EXCLUSIONES GENERICAS
A75: Enfermedades contagiosas | B75: Excluyen todos los daños y perjuicios, responsabilidades, reclamaciones costes o gastos de cualquier naturaleza que, de forma directa o indirecta, hayan sido causados o coadyuvados por una enfermedad contagiosa o resulten o se deriven de una enfermedad contagiosa o en relación con ella, o del temor o amenaza (real o percibido) de una enfermedad contagiosa, con independencia de cualquier otra causa o hecho que de manera concurrente o secuencial haya contribuido a los mismos
A76: EXCLUSIÓN – ENFERMEDAD TRANSMISIBLE LMA5394 -96 | B76: 1. No obstante, cualquier disposición en contrario dentro de este acuerdo de seguro, este contrato excluye cualquier pérdida, daño, responsabilidad, reclamo, costo o gasto de cualquier naturaleza, causado directa o indirectamente por, como resultado de o derivado de una enfermedad transmisible. 2. Esta exclusión no aplicará a ninguna pérdida incurrida en relación con los daños físicos a los bienes asegurados en virtud de las pólizas originales reaseguradas bajo este contrato incluyendo cualquier Pérdida de Elementos de Tiempo que resulte directamente de ellos cuando dichos daños físicos sean causados directamente por uno o más de los siguientes peligros: incendio, rayo, explosión, impacto de avión o vehículo, caída de objetos, tormenta de viento, tormenta de lluvia, granizo, tornado, ciclón, tifón, huracán, terremoto, maremoto, perturbación/erupción sísmica y/o volcánica, tsunami, inundación, congelación, tormenta de hielo, peso de la nieve o el hielo, avalancha, impacto de meteorito/asteroide, deslizamiento de tierra, derrumbe, alud, incendio de arbustos, incendio forestal. 3. Como se usa en este documento: a) “Enfermedad transmisible” significa cualquier enfermedad infecciosa, transmisible o contagiosa, o cualquier mutación o variación de esta, que puede transmitirse por medio de cualquier sustancia o agente de cualquier organismo a otro organismo, incluidos, entre otros, los siguientes: I. La sustancia o agente incluye, pero no se limita a, un virus, bacteria, parásito, u otro organismo o cualquier variación de este, ya sea que se considere vivo o no, y II. El método de transmisión ya sea directo o indirecto, incluye, entre otros, transmisión por el aire, transmisión de fluidos corporales, transmisión desde o hacia cualquier superficie, u objeto; sólido, líquido o gaseoso; o entre organismos. III. La sustancia o agente puede provocar lesión corporal, enfermedad o amenazar con dañar la salud, o el bienestar humano o puede provocar o amenazar con dañar, causar un deterioro, pérdida de valor, comerciabilidad o perdida del uso de los bienes.
A77: Cláusula de exclusión de pérdidas y datos cibernéticos | B77: No obstante, cualquier disposición contraria en esta póliza o cualquier suplemento a la misma, se excluye cualquier: 1.1. Pérdida cibernética. 1.2. Pérdida, daño, responsabilidad, reclamación, coste, gasto de cualquier naturaleza causado directa o indirectamente por, contribuido por, resultante de, que surja o esté relacionado con cualquier pérdida de uso, reducción de la funcionalidad, reparación, reemplazo, restauración o reproducción de cualesquiera datos, incluyendo cualquier cantidad relacionada con el valor de dichos datos, independientemente de cualquier otra causa o evento que contribuya simultáneamente o en cualquier otra secuencia. En el caso que cualquier parte de esta cláusula fuera considerada inválida o inaplicable, el resto permanecerá en pleno vigor y efecto. Esta cláusula reemplaza y, si entra en conflicto con cualquier otra disposición de la póliza o cualquier suplemento que tenga relación con la pérdida cibernética o los datos, reemplaza esa disposición. Definiciones para esta cláusula A. Pérdida cibernética: cualquier pérdida, daño, responsabilidad, reclamación, coste o gasto de cualquier naturaleza que directa o indirectamente sea causado o aportado por, resulte o surja de, o esté en conexión con un acto cibernético o un incidente cibernético incluyendo, pero sin limitarse a cualquier acción tomada con el fin de controlar, prevenir, suprimir o remediar cualquier acto cibernético o incidente cibernético. B. Acto cibernético: acto o serie de actos no autorizados, malintencionados o delictivos, sin consideración del tiempo y espacio, o la amenaza o engaño relacionados con el acceso, procesamiento, uso u operación de cualquier sistema informático. C. Incidente cibernético: - todo error u omisión o serie de errores u omisiones relacionados con el acceso, procesamiento, uso u operación de cualquier sistema informático; o - cualquier indisponibilidad o fallo parcial o total o serie de indisponibilidades o fallos parciales o totales para acceder, procesar, usar u operar cualquier sistema informático. D. Sistema informático: cualquier ordenador, hardware, software, sistema de comunicación, equipo electrónico (incluyendo pero sin limitarse a teléfonos inteligentes, laptops, tablets, dispositivos portátiles), servidor, nube o microcontrolador incluyendo cualquier sistema similar o configuración de lo antes mencionado e incluyendo asimismo toda entrada y salida, dispositivo de almacenamiento de datos, equipo de redes o instalaciones de copias de respaldo, de propiedad u operadas por el asegurado o cualquier otra parte. E. Datos: información, hechos, conceptos, código o cualquier otra información de cualquier naturaleza registrada y transmitida en cualquier forma para ser usada, accedida, procesada, transmitida o almacenada por un sistema informático.
A78: CLÁUSULA DE SALVEDAD DE DAÑOS MATERIALES | B78: La obligación del asegurador a indemnizar queda limitada a los pagos por daños resultantes de daños materiales a la propiedad asegurada que sucedan en forma accidental, súbita e imprevista que hagan necesaria una reparación o reposición y que sean consecuencia directa de los peligros cubiertos, así como también la pérdida de beneficios siempre que esta se deba a un daño material cubierto.
A79: AMPAROS ADICIONALES Y CLAUSULAS ADICIONALES
A80: MEJORAS EN AMPAROS Y CLAUSULAS
A81: 6. COSTO DE LOS SEGUROS
A82: VALOR ASEGURADO | B82: VR. PRIMA INCLUIDO I.V.A
A83: 1000000000
A85: 7. VIGENCIA OFRECIDA
A87: DIAS DE VIGENCIA OFRECIDA
A88: 365
A90: 8. DEDUCIBLES
A92: DESCRIPCION | B92: DEDUCIBLE MAXIMO REQUERIDO
A93: PARQUEADEROS | B93: 10% sobre el valor de la Póliza , Mínimo 2 SMMLV
A94: GASTOS MEDICOS | B94: SIN DEDUCIBLE
A95: DEMÁS AMPAROS | B95: 10% sobre el valor de la Póliza , Mínimo 2 SMMLV
A97: DOCUMENTOS REQUERIDOS DE CARÁCTER OBLIGATORIO PARA EL PAGO DE SINIESTROS
A98: RECLAMACION PRESENTADA POR LOS TERCEROS AFECTADOS, SOPORTANDO CAUSA Y CUANTIA DEL DAÑO

Sheet 17 RCSP
A1: =+'12. TRDM'!A1:B1 -> MUNICIPIO DE GIRARDOT
A2: Formato No. 17 - OFERTA PRESENTADA PARA EL SEGURO DE RESPONSABILIDAD CIVL PARA SERVIDORES PUBLICOS
A4: NOMBRE DEL PROPONENTE: _________________________________________________________________________________________________________________________________
A6: 1. OBJETO DEL SEGURO
A8: Perjuicios causados a terceros y al MUNICPIO DE GIRARDOT provenientes de la responsabilidad civil de los servidores públicos, originados en cualquier reclamación iniciada por primera vez enmarcada dentro de la ley, durante la vigencia de la póliza, por todo acto u omisión, por actos incorrectos, culposos, reales o presuntos, cometidos por cualquier persona que desempeñe o haya desempeñado los cargos asegurados, en el desempeño de sus respectivas funciones como Servidores Públicos. De igual manera se cubren las investigaciones preliminares, los perjuicios imputables a funcionarios de la Entidad que desempeñen los cargos relacionados y descritos en el listado que suministre la Entidad, así como por Juicios de Responsabilidad Fiscal y acciones de repetición iniciadas por el tomador en contra de los servidores públicos asegurados. (MODALIDAD DE RECLAMACIÓN)
A10: 2. INFORMACION GENERAL
A12: TOMADOR: | B12: =A1 -> MUNICIPIO DE GIRARDOT
A13: ASEGURADO: | B13: ENTIDAD Y/O SERVIDORES PÚBLICOS ASEGURADOS
A14: BENEFICIARIO: | B14: ENTIDAD Y/O SERVIDORES PÚBLICOS ASEGURADOS Y/O TERCEROS AFECTADOS
A16: NOTA: | B16: Los oferentes deben tener en cuenta para la elaboración de la propuesta, que las condiciones, coberturas básicas para las cuales no se indique sublímite, operaran al 100% del valor asegurado.
A18: 3. VALORES ASEGURADOS
A19: LIMITE ASEGURADO, por evento / en el agregado anual, combinado con gastos de defensa
A20: 4. AMPAROS OBLIGATORIOS
A22: NOMBRE (DILIGENCIAR CUANDO EL TEXTO OFRECIDO NO SEA IDENTICO AL DESCRITO EN EL PLIEGO DE CONDICIONES, EN CASO QUE OMITAN, EXCLUYAN O MODIFIQUEN EL TEXTO EN LAS CONDICIONES MINIMAS SOLICITADAS, SE RECHAZARA LA PROPUESTA)
A23: Ampara los perjuicios o detrimentos patrimoniales causados a la Entidad y/o al Estado, como consecuencia de actos incorrectos, no dolosos o gravemente culposos, adoptados y/o ejecutados o inejecutados por los Servidores Públicos, durante la vigencia de la poliza o el periodo de retroactividad acordado, cuyos cargos sean relacionados por la Entidad, y en el desempeño de las funciones propias de cada cargo amparado. De igual manera se cubren los perjuicios imputables a funcionarios de la Entidad que desempeñen los cargos relacionados y descritos en el listado que suministre la Entidad, así como por Juicios de Responsabilidad Fiscal y acciones de repetición iniciadas por el tomador en contra de los servidores públicos asegurados (MODALIDAD DE RECLAMACIÓN - CLAIMS MADE: El sistema bajo el cual opera la presente póliza es por notificación de investigaciones y/o procesos por primera vez durante la vigencia de la póliza derivados de hechos ocurridos en el periodo de retroactividad contratado)
A24: Gastos y costas judiciales por honorarios profesionales en que incurran los funcionarios para ejercer su defensa, en cualquier investigación preliminar iniciada a instancias de su gestión y/o en cualquier proceso civil, disciplinario, administrativo, de responsabilidad fiscal o penal en su contra, y/o en cualquier investigación adelantadas por cualquier organismo oficial, incluyendo Contraloría, Fiscalía, Procuraduría, Defensoría, Veeduría y Órganos u Oficinas de Control Interno, incluyendo acciones de repetición o de llamamiento en garantía con fines de repetición. La cobertura para investigaciones preliminares, incluye las reclamaciones que se generen con ocasión de citaciones a audiencias de conciliación extrictamente relacionadas con el proceso en el cual se le esta vinculando ante la autoridad judicial o entes debidamente facultados para celebrarlas.
A25: Absorción, Fusión o Traslado de Funciones
A26: Aclaración de amparo de todos los funcionarios. Es decir, cobertura de retroactividad a la primera poliza expedida con continuidad (hechos sucedidos que sean reclamados por primera vez, dentro de la vigencia de la póliza)
A27: Gastos y costos por concepto de constitución de cauciones Sublimitado al 10% por evento/vigencia y en el agregado anual. se amparan los gastos y costos en que incurran los Funcionarios Asegurados para la constitución de cauciones exigidas por las autoridades o necesarias para ejercitar derechos dentro de procedimientos civiles, penales, administrativos o disciplinarios iniciados como consecuencia de Actos Incorrectos de los que se desprendiese una responsabilidad fiscal.
A28: Perjuicios causados a la Entidad por servicios profesionales administrativos prestados por los funcionarios descritos en la carátula de la póliza y relacionados en el formulario proposal form, en el ejercicio exclusivo del cargo desempeñado.
A29: Perjuicios de los cuales los funcionarios asegurados sean responsables por haber cometido actos incorrectos en el ejercicio de las funciones inherentes al cargo.
A30: Perjuicios de los cuales los funcionarios asegurados sean responsables por omisiones o errores no intencionales.
... A33: Sublimite para gastos de defensa por etapas según los cargos asegurados:
A34: Etapas del proceso | B34: Procesos Contraloria/ procuraduria | C34: Procesos Personeria | D34: Procesos Fiscalia
A35: Primera Instancia | B35: 7,5 % del Agregado Anual | C35: 7,5 % del Agregado Anual | D35: 7,5 % del Agregado Anual
A36: Segunda Instancia | B36: 15% del Agregado Anual | C36: 15% del Agregado Anual | D36: 15% del Agregado Anual
A37: Agregado Anual para todos los procesos y todos los asegurados | B37: 10% del Valor asegurado | C37: 10% del Valor asegurado | D37: 10% del Valor asegurado
A39: NOTA: En los procesos penales, los costos y gastos incurridos se pagarán por reembolso una vez dictado el fallo de primera instancia, siempre y cuando el Funcionario Asegurado sea declarado inocente o el delito por el cual sea sentenciado no corresponda a un hecho doloso. En idéntica forma se procederá en relación con la segunda instancia, si la hubiere.
A40: Cauciones judiciales hasta el 10% del limite asegurado en la poliza
A41: CLAUSULAS OBLIGATORIAS
A42: NOMBRE | C42: DESCRIPCION DE LA CLAUSULA (DILIGENCIAR CUANDO EL TEXTO OFRECIDO NO SEA IDENTICO AL DESCRITO EN EL PLIEGO DE CONDICIONES, EN CASO QUE OMITAN, EXCLUYAN O MODIFIQUEN EL TEXTO EN LAS CONDICIONES MINIMAS SOLICITADAS, SE RECHAZARA LA PROPUESTA)
A43: ACEPTACIÓN DE GASTOS JUDICIALES Y/O COSTOS DE DEFENSA DENTRO DE LOS QUINCE (15) DÍAS HÁBILES. | C43: Mediante esta condición queda expresamente acordado que la aseguradora se pronunciará sobre la cotización de honorarios del abogado, gastos judiciales y/o costos de defensa en la mayor brevedad posible y máximo dentro de los QUINCE (15) días hábiles siguientes al recibo de la documentación que acredite los mismos. De todas formas queda expresamente convenido y aceptado, que las condiciones relacionadas con el término para la aceptación de gastos judiciales y/o costos de defensa, aplica a partir de recibo de la documentación completa que acredite los mismos, ya sea por la aseguradora o el ajustador.
A44: AMPARO A LA RESPONSABILIDAD DE LOS FUNCIONARIOS ASEGURADOS QUE SE TRANSMITA POR MUERTE, INCAPACIDAD, INHABILITACIÓN O INSOLVENCIA | C44: Amparo a la responsabilidad de los funcionarios asegurados que se transmita por muerte, incapacidad, inhabilitación o insolvencia
A45: AMPLIACIÓN DEL PLAZO PARA AVISO DE SINIESTRO | C45: Por medio de la presente cláusula y no obstante lo estipulado en las condiciones generales de la póliza, el asegurado podrá dar aviso de la ocurrencia del siniestro en un término de 30 días, siguientes a la fecha en que haya conocido o debido conocer la ocurrencia del mismo.
A46: ANTICIPO DE INDEMNIZACION 50% | C46: Queda entendido y convenido que en caso de presentarse un siniestro amparado bajo la presente póliza y demostrada su ocurrencia y cuantía, la compañía analizará la posibilidad de anticipar el 50% del valor estimado de la pérdida mientras el asegurado cumple con la obligación legal para tal fin. El asegurado deberá hacer el requerimiento mediante comunicación escrita dirigida a la compañía.
A47: ANTICIPO DE INDEMNIZACION PARA EL PAGO DE HONORARIOS Y CAUCIONES JUDICIALES | C47: Queda entendido, convenido y aceptado que en caso de presentarse un siniestro amparado bajo la presente póliza la compañía anticipará los valores necesarios para el pago de honorarios de abogados y la constitución de cauciones judiciales, para lo cual únicamente requerirá la presentación del aviso del siniestro, versión libre y/o cualquier otra actuación procesal que lo requiera. El asegurado deberá hacer el requerimiento mediante comunicación escrita dirigida a la compañía.
A48: CONCURRENCIA DE AMPAROS, CLÁUSULAS Y/O CONDICIONES | C48: Queda entendido, convenido y aceptado, que si dos o más amparos, cláusulas o condiciones otorgan cobertura a un mismo evento, se indemnizará con aquella que ofrezca mayor protección para los intereses del asegurado. En todo caso y ante cualquier discrepancia sobre cuál es el amparo, cláusula o condición aplicable a un caso determinado se aplicará aquella que determine el asegurado de acuerdo a lo estipulado en la póliza
A49: DENOMINACIÓN EN LIBROS | C49: Queda entendido, convenido y aceptado que la compañía acepta el título, nombre, denominación y/o nomenclatura con que el asegurado identifica o describe los bienes asegurados en sus registros o libros de comercio o de contabilidad, siempre y cuando se trate de bienes amparados bajo la presente póliza. se ampara únicamente y exclusivamente bajo esta póliza, los eventos que impliquen perdida o detrimento patrimonial o afectación de gastos de defensa.
A50: ABSORCION O FUSIÓN CON OTRAS ENTIDADES | C50: Queda entendido, convenido y aceptado que en virtud de la presente cláusula se extiende la cobertura de esta póliza para la inclusión de entidades que sean absorbidas, constituidas o que adquieran el carácter de subsidiarias con posterioridad al inicio de vigencia de la póliza, con limitación de activos del 10% del total de activos del Asegurado, con previo aviso a la aseguradora y sin pago de prima adicional.
A51: LIQUIDACION A PRORRATA PARA PRORROGA DE LA VIGENCIA | C51: Queda entendido y convenido que en caso de que el asegurado lo requiera, la aseguradora realizará la liquidación de la prima de la prórroga a prorrata y con las mismas tasas de la póliza inicial, siempre y cuando el índice de siniestralidad no supere el 50% teniendo en cuenta pagos y reservas. En caso de superar este porcentaje, habrá lugar a la revisión de terminos y ajuste de las tasas inicialmente pactadas.
A52: MODIFICACION A CARGOS | C52: Queda entendido, convenido y aceptado que si durante la vigencia de la presente póliza se presenta cambio de denominaciones a cargos, se consideran automáticamente incorporados a la póliza. Deberá informarse a la compañia de seguros demostrando la respectiva resolución en la cual se elimine, modifique o cree un nuevo cargo y con la respectiva modificación en el proposal form diligenciado por la entidad tomadora del seguro.
A53: PAGO DE HONORARIOS PROFESIONALES | C53: Queda entendido, convenido y aceptado que la aseguradora pagará los honorarios directamente al abogado designado para el caso o mediante reembolso, a elección del asegurado. Hasta por el limite pactado en la caratula de la poliza.
... A55: REVOCACIÓN DE LA PÓLIZA Y/O NO RENOVACION Y/O NO PRORROGA | C55: El presente contrato de seguro podrá ser revocado por el asegurado en cualquier momento de su ejecución. La compañía por su parte podrá revocarlo dando aviso por escrito con 30 días de anticipación, salvo para las coberturas de AMIT y HMACC que no podrá ser inferior a 10 días y en menor tiempo en el evento contemplado en el artículo 22 de la Ley 35 de 1993. En caso de revocación por parte de la aseguradora, esta devolverá al asegurado la parte de la prima no devengada, o sea, la que corresponde al lapso comprendido entre la fecha que comienza a surtir efecto la revocación y la del vencimiento del seguro. En caso de que sea revocado por el asegurado, el importe de la prima devengada y el de la devolución, se calculará tomando en cuenta la tarifa de seguros a corto plazo. De igual manera, la compañía se obliga a avisar su decisión de no renovar o prorrogar éste contrato de seguros con 30 días de anticipación, mediante comunicación escrita dirigida al asegurado.
A57: EXCLUSIONES GENERICAS
A58: Enfermedades contagiosas | C58: Excluyen todos los daños y perjuicios, responsabilidades, reclamaciones costes o gastos de cualquier naturaleza que, de forma directa o indirecta, hayan sido causados o coadyuvados por una enfermedad contagiosa o resulten o se deriven de una enfermedad contagiosa o en relación con ella, o del temor o amenaza (real o percibido) de una enfermedad contagiosa, con independencia de cualquier otra causa o hecho que de manera concurrente o secuencial haya contribuido a los mismos
A59: EXCLUSIÓN – ENFERMEDAD TRANSMISIBLE LMA5394 -96 | C59: 1. No obstante, cualquier disposición en contrario dentro de este acuerdo de seguro, este contrato excluye cualquier pérdida, daño, responsabilidad, reclamo, costo o gasto de cualquier naturaleza, causado directa o indirectamente por, como resultado de o derivado de una enfermedad transmisible. 2. Esta exclusión no aplicará a ninguna pérdida incurrida en relación con los daños físicos a los bienes asegurados en virtud de las pólizas originales reaseguradas bajo este contrato incluyendo cualquier Pérdida de Elementos de Tiempo que resulte directamente de ellos cuando dichos daños físicos sean causados directamente por uno o más de los siguientes peligros: incendio, rayo, explosión, impacto de avión o vehículo, caída de objetos, tormenta de viento, tormenta de lluvia, granizo, tornado, ciclón, tifón, huracán, terremoto, maremoto, perturbación/erupción sísmica y/o volcánica, tsunami, inundación, congelación, tormenta de hielo, peso de la nieve o el hielo, avalancha, impacto de meteorito/asteroide, deslizamiento de tierra, derrumbe, alud, incendio de arbustos, incendio forestal. 3. Como se usa en este documento: a) “Enfermedad transmisible” significa cualquier enfermedad infecciosa, transmisible o contagiosa, o cualquier mutación o variación de esta, que puede transmitirse por medio de cualquier sustancia o agente de cualquier organismo a otro organismo, incluidos, entre otros, los siguientes: I. La sustancia o agente incluye, pero no se limita a, un virus, bacteria, parásito, u otro organismo o cualquier variación de este, ya sea que se considere vivo o no, y II. El método de transmisión ya sea directo o indirecto, incluye, entre otros, transmisión por el aire, transmisión de fluidos corporales, transmisión desde o hacia cualquier superficie, u objeto; sólido, líquido o gaseoso; o entre organismos. III. La sustancia o agente puede provocar lesión corporal, enfermedad o amenazar con dañar la salud, o el bienestar humano o puede provocar o amenazar con dañar, causar un deterioro, pérdida de valor, comerciabilidad o perdida del uso de los bienes.
A60: Cláusula de exclusión de pérdidas y datos cibernéticos | C60: No obstante, cualquier disposición contraria en esta póliza o cualquier suplemento a la misma, se excluye cualquier: 1.1. Pérdida cibernética. 1.2. Pérdida, daño, responsabilidad, reclamación, coste, gasto de cualquier naturaleza causado directa o indirectamente por, contribuido por, resultante de, que surja o esté relacionado con cualquier pérdida de uso, reducción de la funcionalidad, reparación, reemplazo, restauración o reproducción de cualesquiera datos, incluyendo cualquier cantidad relacionada con el valor de dichos datos, independientemente de cualquier otra causa o evento que contribuya simultáneamente o en cualquier otra secuencia. En el caso que cualquier parte de esta cláusula fuera considerada inválida o inaplicable, el resto permanecerá en pleno vigor y efecto. Esta cláusula reemplaza y, si entra en conflicto con cualquier otra disposición de la póliza o cualquier suplemento que tenga relación con la pérdida cibernética o los datos, reemplaza esa disposición. Definiciones para esta cláusula A. Pérdida cibernética: cualquier pérdida, daño, responsabilidad, reclamación, coste o gasto de cualquier naturaleza que directa o indirectamente sea causado o aportado por, resulte o surja de, o esté en conexión con un acto cibernético o un incidente cibernético incluyendo, pero sin limitarse a cualquier acción tomada con el fin de controlar, prevenir, suprimir o remediar cualquier acto cibernético o incidente cibernético. B. Acto cibernético: acto o serie de actos no autorizados, malintencionados o delictivos, sin consideración del tiempo y espacio, o la amenaza o engaño relacionados con el acceso, procesamiento, uso u operación de cualquier sistema informático. C. Incidente cibernético: - todo error u omisión o serie de errores u omisiones relacionados con el acceso, procesamiento, uso u operación de cualquier sistema informático; o - cualquier indisponibilidad o fallo parcial o total o serie de indisponibilidades o fallos parciales o totales para acceder, procesar, usar u operar cualquier sistema informático. D. Sistema informático: cualquier ordenador, hardware, software, sistema de comunicación, equipo electrónico (incluyendo pero sin limitarse a teléfonos inteligentes, laptops, tablets, dispositivos portátiles), servidor, nube o microcontrolador incluyendo cualquier sistema similar o configuración de lo antes mencionado e incluyendo asimismo toda entrada y salida, dispositivo de almacenamiento de datos, equipo de redes o instalaciones de copias de respaldo, de propiedad u operadas por el asegurado o cualquier otra parte. E. Datos: información, hechos, conceptos, código o cualquier otra información de cualquier naturaleza registrada y transmitida en cualquier forma para ser usada, accedida, procesada, transmitida o almacenada por un sistema informático.
A61: CLÁUSULA DE SALVEDAD DE DAÑOS MATERIALES | C61: La obligación del asegurador a indemnizar queda limitada a los pagos por daños resultantes de daños materiales a la propiedad asegurada que sucedan en forma accidental, súbita e imprevista que hagan necesaria una reparación o reposición y que sean consecuencia directa de los peligros cubiertos, así como también la pérdida de beneficios siempre que esta se deba a un daño material cubierto.
A63: AMPAROS ADICIONALES Y CLAUSULAS ADICIONALES
A65: MEJORAS EN AMPAROS Y CLAUSULAS
A67: COSTO DE LOS SEGUROS
A69: VALOR ASEGURADO | C69: VR. PRIMA INCLUIDO I.V.A
A70: OFERTA BASICA
A72: VIGENCIA OFRECIDA
A74: DIAS DE VIGENCIA OFRECIDA
A75: VER CUADRO ECONOMICO
A77: DEDUCIBLES
A79: DESCRIPCION
A80: NO APLICA DEDUCIBLE
A82: FORMULARIO DE SOLICITUD
A83: ESTA EN LOS PLIEGOS
A85: DOCUMENTOS REQUERIDOS DE CARÁCTER OBLIGATORIO PARA EL PAGO DE SINIESTROS
A86: CONSTANCIA LABORAL CON CERTIFICACION DE TIEMPO DE SERVICIO Y DE CARGOS DESEMPEÑADOS DEL FUNCIONARIO
A87: COPIA DEL AUTO APERTURA DE LA INVESTIGACION FISCAL INDICANDO HECHOS OBJETO DE LA INVESTIGACION Y/O DEL JUICIO FISCAL SEGÚN SEA EL CASO
... A90: COTIZACION DE LOS HONORARIOS DE ABOGADO
A91: DEMÁS AMPAROS | C91: INFORME PERIODICO SOBRE EL ESTADO EN QUE SE ENCUENTRA LA INVESTIGACION O JUICIO
C92: COPIAS DEL FALLO

Sheet 17.1 FORM. RCSP
A1: FORMATO No. 17-1
A2: FORMULARIO R.C. SERVIDORES PUBLICOS
A4: CUESTIONARIO DE RESPONSABILIDAD CIVIL PARA SERVIDORES PÚBLICOS
A6: Este cuestionario es para pólizas relacionadas exclusivamente con reclamaciones presentadas contra el asegurado durante el período de vigencia de dicha póliza.
A8: Por favor diligencie todas y cada una de las siguientes preguntas que se le hacen ya que este cuestionario constituirá parte de la póliza.
A9: 1. Nombre de la empresa, objeto social, tiempo durante el cual se encuentra desarrollando su actual actividad.
A10: ALCALDIA DE GIRARDOT
A12: 2. Adjuntar, relación completa de los asegurados:
A14: CARGO
A15: ALCALDE
A16: SECRETARIA DE TRANSITO Y TRANSPORTE
A17: SECRETARIA DE INFRAESTRUCTURA
... A135: ALCALDE MUNICIPAL

Sheet VIDA GRUPO
A2: FORMATO No. 18 - OFERTA PRESENTADA PARA EL SEGURO DE VIDA GRUPO
A4: NOMBRE DEL PROPONENTE:
A6: 1. OBJETO DEL SEGURO
A8: Amparar contra el riesgo de muerte por cualquier causa, incluyendo el suicidio, homicidio, guerra y terrorismo "siempre y cuando no sea sujeto activo" , al Alcalde, Personero y ediles del MUNICIPIO DE GIRARDOT hasta por la suma fijada para esta póliza en los amparos otorgados para cada uno de ellos
A10: 2. INFORMACION GENERAL
A12: TOMADOR: | B12: MUNICIPIO DEGIRARDOT
A13: ASEGURADO: | B13: SEGÚN RELACION
A14: BENEFICIARIO: | B14: BENEFICIARIOS DE LEY
A16: CONDICIONES OBLIGATORIAS | B16: El proponente deberá cotizar todos los seguros requeridos con base en la tarifa vigente, indicando el porcentaje de descuento (si hubiere lugar a ello) que está aplicando sobre la tarifa plena para cada código de tarifación, pues ello permitirá efectuar la comparación objetiva de las propuestas. Las pólizas que se requieran expedir para el año siguiente se cobrarán a la prima resultante de descontar el porcentaje de descuento ofrecido en la oferta a la tarifa plena de dicho año.
A18: 3. ASEGURADOS
A20: VER ANEXO. LISTADO DE ASEGURADOS VIDA GRUPO
A22: 4. AMPAROS OBLIGATORIOS
A24: NOMBRE | B24: VALOR ASEGURADO
A25: (DILIGENCIAR CUANDO EL TEXTO OFRECIDO NO SEA IDENTICO AL DESCRITO EN EL PLIEGO DE CONDICIONES, EN CASO QUE OMITAN, EXCLUYAN O MODIFIQUEN EL TEXTO EN LAS CONDICIONES MINIMAS SOLICITADAS, SE RECHAZARA LA PROPUESTA)
A26: Amparo básico: muerte por cualquier causa incluyendo el suicidio y el homicidio SALARIO DEL ALCALDE AÑO 2026 $16.713.894 | B26: 20 (SALARIO DEL ALCALDE)
A27: Incapacidad total y permanente y beneficios por desmembración | B27: 20 (SALARIO DEL ALCALDE)
A28: Indemnización Adicional por Muerte Accidental (incluyendo la muerte por homicidio y actos terroristas y de movimientos al margen de la ley) | B28: 20 (SALARIO DEL ALCALDE)
A29: Gastos Médicos Por Accidente | B29: 4000000
A30: Auxilio funerario | B30: 4000000
A31: Enfermedades Graves | B31: 10 (SALARIOS DEL ALCALDE)
A32: Trasplante de órganos (amparo de enfermedades graves) | B32: LÍMITE HASTA DEL 50% DEL AMPARO BÁSICO
A33: CLAUSULAS OBLIGATORIAS
A34: NOMBRE | B34: DESCRIPCION DE LA CLAUSULA (DILIGENCIAR CUANDO EL TEXTO OFRECIDO NO SEA IDENTICO AL DESCRITO EN EL PLIEGO DE CONDICIONES, EN CASO QUE OMITAN, EXCLUYAN O MODIFIQUEN EL TEXTO EN LAS CONDICIONES MINIMAS SOLICITADAS, SE RECHAZARA LA PROPUESTA)
A35: ACTUALIZACION AUTOMATICA DEL VALOR ASEGURADO | B35: Queda entendido, convenido y aceptado que cualquier variación en la suma asegurada individual, se incorporará automáticamente desde la fecha en que tales modificaciones aparezcan en los registros internos del tomador. La cual generara el correspondiente cobro de prima
A36: AMPARO AUTOMATICO PARA NUEVOS ASEGURADOS | B36: Queda entendido, convenido y aceptado que no obstante lo que en contrario se diga en las condiciones generales de la póliza, el presente anexo se extiende a cubrir automáticamente toda nueva persona que entre a formar o llegare a formar parte del grupo. Plazo de aviso 30 días a la Aseguradora.
A37: AMPLIACIÓN DEL PLAZO PARA AVISO DE SINIESTRO | B37: Por medio de la presente cláusula y no obstante lo estipulado en las condiciones generales de la póliza, el asegurado podrá dar aviso de la ocurrencia del siniestro en un término de 30 días, siguientes a fecha en que haya conocido o debido conocer.
A38: ANTICIPO DE INDEMNIZACION 50% | B38: Queda entendido y convenido que en caso de presentarse un siniestro amparado bajo la presente póliza y demostrada su ocurrencia y cuantía, la compañía analizará la posibilidad de anticipar el 50% del valor estimado de la pérdida mientras el asegurado cumple con la obligación legal para tal fin. El asegurado deberá hacer el requerimiento mediante comunicación escrita dirigida a la compañía.
A39: APLICACIÓN DE TASA UNICA PARA TODOS LOS ASEGURADOS | B39: Queda entendido, convenido y aceptado que el cálculo de la prima anual se efectuará tomando una tasa única para todos los asegurados
A40: AMIGABLE COMPONEDOR | B40: Cualquier discrepancia que se presente en la interpretación del presente contrato, será resuelta por el mecanismo alternativo de solución de conflictos de amigable componedor. El amigable componedor será único, por acuerdo entre las partes, a falta del mismo se delega su designación al Centro de Arbitraje de la Cámara de Comercio de Bogotá. La decisión del amigable componedor estará fundamentada en derecho y el procedimiento será el establecido por el Centro de Arbitraje de la Cámara de Comercio de Bogotá. La decisión del amigable componedor producirá los efectos propios de la transacción tiene menú contextual
A41: CONTINUIDAD DE COBERTURA | B41: Queda entendido, convenido y aceptado que la compañía otorga continuidad de cobertura sin exigencia de requisitos de asegurabilidad, sin aplicación de preexistencias, ni otros requisitos o condicionamientos especiales.
A42: DESIGNACION DE BENEFICIARIOS | B42: Conforme a lo previsto en el artículo 1146 del Código de Comercio "Serán derechos intransferibles del asegurado los de hacer y revocar la designación de beneficiario."
A43: ERROR EN LA DECLARACION DE EDAD | B43: Queda entendido, convenido y aceptado que cualquier error en la declaración de la edad de un funcionario, no será tenido en cuenta en el momento de indemnizar una pérdida, dado que para el cobro de la prima se aplica una tasa única.
A44: ERRORES, OMISIONES E INEXACTITUDES NO INTENCIONALES | B44: Queda entendido, convenido y aceptado que si el tomador incurriese en errores, omisiones e inexactitudes imputables a él y al asegurado, el contrato no será nulo ni habrá lugar a la aplicación del inciso tercero del artículo 1058 del código de comercio sobre reducción porcentual de la prestación asegurada. En este caso, se liquidará la prima adecuada al verdadero estado del riesgo.
A45: MODIFICACIONES A FAVOR DEL ASEGURADO | B45: Si durante la vigencia de la póliza se presentan modificaciones a las condiciones de la póliza que representen un beneficio a favor del asegurado, sin que impliquen un aumento a la prima originalmente pactada, tales modificaciones se consideran automática
... A48: REVOCACIÓN DE LA PÓLIZA | B48: El presente contrato de seguro podrá ser revocado unilateralmente por el asegurado en cualquier momento de su ejecución. La compañía por su parte podrá revocarlo dando aviso por escrito con 60 días de anticipación y en menor tiempo en el evento contemplado en el artículo 22 de la Ley 35 de 1993. En caso de revocación por parte de la aseguradora, esta devolverá al asegurado la parte de la prima no devengada, o sea, la que corresponde al lapso comprendido entre la fecha que comienza a surtir efecto la revocación y la del vencimiento del seguro. En caso de que sea revocado por el asegurado, el importe de la prima devengada y el de la devolución, se calculará tomando en cuenta la tarifa de seguros a corto plazo.
A49: AMPAROS ADICIONALES Y CLAUSULAS ADICIONALES
A51: MEJORAS EN AMPAROS Y CLAUSULAS
A53: 6. COSTO DE LOS SEGUROS
A55: VALOR ASEGURADO | B55: VR. PRIMA INCLUIDO I.V.A
A56: VER CUADRO ECONOMICO
A58: 7. VIGENCIA OFRECIDA
A60: DIAS DE VIGENCIA OFRECIDA
A61: VER CUADRO ECONOMICO
A63: 8. DEDUCIBLES
A65: DESCRIPCION
A66: NO APLICA DEDUCIBLE
A68: 9. DOCUMENTOS REQUERIDOS DE CARÁCTER OBLIGATORIO PARA EL PAGO DE SINIESTROS
A69: PARA TODA RECLAMACIÓN | B69: solicitud de reclamación por los familiares
A70: MUERTE POR CUALQUIER CAUSA | B70: REGISTRO CIVIL DE DEFUNCION DEL ASEGURADO
B71: COPIA LEGIBLE DEL DOCUMENTO DE IDENTIFICACIÓN DEL ASEGURADO
B72: SOPORTE DE CAUSA DE LA MUERTE: HISTORIA CLÍNICA O EPICRISIS O INFORME DEL MÉDICO TRATANTE O ACTA DE LEVANTAMIENTO DEL CADÁVER O CROQUIS DEL ACCIDENTE DE TRÁNSITO O NECROPSIA O INFORME DE LA AUTORIDAD COMPETENTE.
B73: DATOS DE CONTACTO Y COPIA DEL DOCUMENTO DE IDENTIFICACIÓN DE LOS BENEFICIARIOS DESIGNADOS. EN CASO DE QUE ALGUNO DE LOS BENEFICIARIOS SEA MENOR DE EDAD, DEBERÁN APORTAR COPIA LEGIBLE DEL REGISTRO CIVIL DE NACIMIENTO Y DEL DOCUMENTO DE IDENTIFICACIÓN DEL REPRESENTANTE LEGAL (MADRE O PADRE, SEGÚN SEA EL CASO).
B74: SI OPERAN BENEFICIARIOS DE LEY: COPIA DEL DOCUMENTO DE IDENTIFICACIÓN DE CADA BENEFICIARIO Y DEL DOCUMENTO QUE ACREDITE PARENTESCO, JUNTO CON DECLARACIÓN EXTRAJUICIO RENDIDA POR DOS TESTIGOS (UN HEREDERO Y ALGUIEN DIFERENTE A FAMILIARES), EN LA CUAL CERTIFIQUEN QUIENES SON LOS ÚNICOS BENEFICIARIOS CON DERECHO A RECLAMAR Y QUE, A PARTE DE LOS MENCIONADOS, NO EXISTEN OTROS CON MAYOR O IGUAL DERECHO.
A75: GASTOS FUNERARIOS | B75: Registro civil de defunción
B76: Factura original con la descripción de cada uno de los gastos funerarios y con sello de cancelado
A77: INCAPACIDAD TOTAL Y PERMANENTE | B77: CALIFICACIÓN DE PÉRDIDA DE CAPACIDAD LABORAL EMITIDA POR LA JUNTA REGIONAL, JUNTA NACIONAL, FONDO DE PENSIONES, EPS, ARL, BAJO PRECEPTOS DEL DECRETO 1507/2014
B78: RESUMEN DE HISTORIA CLÍNICA, EPICRISIS O INFORME DEL MÉDICO TRATANTE, RESULTADOS DE PATOLOGÍA, EXÁMENES DE LABORATORIO, RADIOLOGÍA Y OTROS, QUE SIRVIÓ DE SOPORTE PARA LA CALIFICACIÓN DE PCL.
B79: COPIA LEGIBLE DEL DOCUMENTO DE IDENTIFICACIÓN DEL ASEGURADO
B80: TIEMPO OFRECIDO PARA EL RECONOCIMIENTO DE PAGO DE SINIESTROS UNA VEZ RECIBIDA LA TOTALIDAD DE LOS DOCUMENTOS ANTES RELACIONADOS:
A81: ANTICIPO DE ENFERMEDADES GRAVES Y DESMEMBRACIÓN
B82: Concepto médico auditor de la compañía
B83: registro civil de nacimiento del asegurado

Sheet 18. POLIZA DE R.CIVIL CONTRACTU
A1: FORMATO No. 19 RESPONSABILIDAD CIVIL CONTRACTUAL
A2: OBJETO
A3: AMPARAR LOS DAÑOS CORPORALES, CAUSADOS DIRECTA Y EXCLUSIVAMENTE POR ACCIDENTES DE TRÁNSITO OCURRIDOS DENTRO DEL TERRITORIO NACIONAL, A PERSONAS OCUPANTES EN CALIDAD DE PASAJEROS, DEL VEHÍCULO DESCRITO EN LA CARÁTULA DE LA PÓLIZA, CON SUJECIÓN A LOS AMPAROS Y CUANTÍAS CONTRATADAS
A5: NOMBRE DE LOS AMPAROS Y COBERTURAS
A6: Amparo Básico: Muerte Accidental
A7: Amparos adicionales:
A8: Incapacidad total y permanente
A9: Incapacidad temporal
A10: Gastos médicos (exceso de SOAT)
A11: La cobertura para cada amparo es de 100 S.M.M.L.V
A13: DEDUCIBLES
A14: SIN DEDUCIBLES
... A28: COTIZACION SOBRE EL COSTO DE REPARACIÓN Y/O REPOSICION

Sheet TRANSPORTES
A1: ='12. TRDM'!A1:B1 -> MUNICIPIO DE GIRARDOT
A2: FOMATO No. 15 - OFERTA PRESENTADA PARA EL SEGURO DE TRANSPORTE DE MERCANCIAS PARA ENTIDADES OFICIALES
A4: NOMBRE DEL PROPONENTE:
A6: 1. OBJETO DEL SEGURO
A8: Amparar al MUNICIPIO contra los riesgos de transporte incluida la cadena de frio de las vacunas desde Bogota hasta Girardot.
A10: 2. INFORMACION GENERAL
A12: TOMADOR: | B12: =A1 -> MUNICIPIO DE GIRARDOT
A13: ASEGURADO: | B13: =A1 -> MUNICIPIO DE GIRARDOT
A14: BENEFICIARIO: | B14: =A1 -> MUNICIPIO DE GIRARDOT
A16: CONDICIONES OBLIGATORIAS
B17: TRAYECTOS ASEGURADOS: Cualquier trayecto urbano, nacional
B18: MEDIOS DE TRANSPORTE: Se ampara cualquier medio de transporte de propiedad del asegurado y/o de firma especializada contratada para tal fin
A20: 3. VALORES ASEGURADOS
A21: El proponente deberá cotizar la oferta básica que se indica a continuación:
A22: OFERTA BÁSICA | B22: LIMITE POR DESPACHO DE $
B23: PRESUPUESTO ANUAL DE MOVILIZACIONES:
A24: AMPAROS OBLIGATORIOS
A25: Pérdida Total
A26: Falta de Entrega
A27: Avería Particular
A28: Saqueo
A29: Guerra Internacional (Trayecto Exterior)
A30: Gastos Adicionales 10%
A31: Huelga, Suspensión De Hecho De Labores, Suspensión De Trabajo Por Cierre Patronal, Disturbios De Trabajo, Asonada, Motín, Conmoción Civil o Popular y Actos Terroristas y de Movimientos Subversivos.
A33: GARANTÍAS
A34: Trayecto Exterior:
A35: Utilizar empresa transportadora legalmente constituida y debidamente habilitada como transportador de Carga
A36: Edad y clasificación de embarcaciones, 25 Años
... A42: CLAUSULAS OBLIGATORIAS
A43: NOMBRE DE LA CLAUSULA | C43: DESCRIPCION DE LA CLAUSULA
A44: ACTOS DE AUTORIDAD | C44: Queda entendido, convenido y aceptado que la compañía indemnizará al asegurado las pérdidas ocasionadas por la destrucción de los bienes asegurados ordenada por la autoridad competente, con el fin de aminorar o evitar la propagación de las consecuencias de cualquier siniestro amparado por la póliza a la cual éste documento se adhiere.
A45: AMPLIACIÓN DEL PLAZO PARA AVISO DE SINIESTRO | C45: Por medio de la presente cláusula y no obstante lo estipulado en las condiciones generales de la póliza, el asegurado podrá dar aviso de la ocurrencia y/o descubrimiento del siniestro en un término de 30 días, siguientes a la fecha en que haya conocido o debido conocer la ocurrencia y/o descubrimiento del mismo.
A46: AMIGABLE COMPONEDOR | C46: Cualquier discrepancia que se presente en la interpretación del presente contrato, será resuelta por el mecanismo alternativo de solución de conflictos de amigable componedor. El amigable componedor será único, por acuerdo entre las partes, a falta del mismo se delega su designación al Centro de Arbitraje de la Cámara de Comercio de Bogotá. La decisión del amigable componedor estará fundamentada en derecho y el procedimiento será el establecido por el Centro de Arbitraje de la Cámara de Comercio de Bogotá. La decisión del amigable componedor producirá los efectos propios de la transacción tiene menú contextual
A47: ANTICIPO DE INDEMNIZACION 50% | C47: Queda entendido y convenido que en caso de presentarse un siniestro amparado bajo la presente póliza y demostrada su ocurrencia y cuantía, la compañía analizará la posibilidad de anticipar el 50% del valor estimado de la pérdida mientras el asegurado cumple con la obligación legal para tal fin. El asegurado deberá hacer el requerimiento mediante comunicación escrita dirigida a la compañía.
A48: DESIGNACIÓN DE AJUSTADORES | C48: Queda entendido, convenido y aceptado que en el evento de un siniestro que afecte la póliza y si la Compañía decide hacer nombramiento de ajustadores, en caso de que el ajustador designado no satisfaga las expectativas de la entidad estatal, se procederá a designar nuevo ajustador de terna presentada por la compañia de seguros.
A49: ERRORES, OMISIONES E INEXACTITUDES NO INTENCIONALES | C49: Queda entendido, convenido y aceptado que si el tomador incurriese en errores, omisiones e inexactitudes imputables a él y al asegurado, el contrato no será nulo ni habrá lugar a la aplicación del inciso tercero del artículo 1058 del código de comercio sobre reducción porcentual de la prestación asegurada. En este caso, se liquidará la prima adecuada al verdadero estado del riesgo.
A50: EXPERTICIO TÉCNICO | C50: Queda entendido, convenido y aceptado que en el evento de existir discrepancia entre la Compañía y el Asegurado en cuanto a si el siniestro constituye una pérdida total o parcial o con relación a otros aspectos de orden técnico, la cuestión será sometida a la decisión de ingenieros, peritos o técnicos expertos en la actividad que desarrolla el Asegurado, según los intereses afectados por el siniestro, siguiendo el procedimiento que para tal regulación prevén los artículos 2026 y siguientes del Código de Comercio
A51: FALTA DE APLICACIONES A LA PÓLIZA | C51: Queda entendido, convenido y aceptado que la póliza no terminará por falta de aplicaciones o reportes periódicos.
A52: MODIFICACIONES A FAVOR DEL ASEGURADO | C52: Si durante la vigencia de la póliza se presentan modificaciones a las condiciones de la póliza que representen un beneficio a favor del asegurado, sin que impliquen un aumento a la prima originalmente pactada,excepto cuando se trate de incremento en sumas aseguradas y/o valores asegurados, en cuyo caso si se aplicará el respectivo cobro de prima.
A53: MOVILIZACION DIURNA Y NOCTURNA CUALQUIER DIA DE LA SEMANA | C53: Queda entendido, convenido y aceptado que con la introducción de esta cláusula dentro de la póliza, la Compañía de Seguros extiende la totalidad de las coberturas contratadas para los despachos que sean transportados en horario solar y no solar, cualquier día de la semana, dejando sin efecto cualquier estipulación en contrario.
A54: OPERACIÓN DE LA POLIZA | C54: Se ampara cualquier despacho hasta por el limite asegurado sin que se requiera suministro de relaciones periódicas de despachos y efectuando el cobro de una prima única por toda la vigencia de la póliza
... A57: TRAYECTOS MULTIPLES | C57: Si en un mismo trayecto asegurado, el transportador debe efectuar varios recorridos hasta distintos lugares en donde reciban o entreguen los bienes asegurados, se entenderá por despacho la cantidad máxima transportada en cualquiera de los recorridos del trayecto asegurado.
A59: EXCLUSIONES GENERICAS
A60: Enfermedades contagiosas | B60: Excluyen todos los daños y perjuicios, responsabilidades, reclamaciones costes o gastos de cualquier naturaleza que, de forma directa o indirecta, hayan sido causados o coadyuvados por una enfermedad contagiosa o resulten o se deriven de una enfermedad contagiosa o en relación con ella, o del temor o amenaza (real o percibido) de una enfermedad contagiosa, con independencia de cualquier otra causa o hecho que de manera concurrente o secuencial haya contribuido a los mismos
A61: EXCLUSIÓN – ENFERMEDAD TRANSMISIBLE LMA5394 -96 | B61: 1. No obstante, cualquier disposición en contrario dentro de este acuerdo de seguro, este contrato excluye cualquier pérdida, daño, responsabilidad, reclamo, costo o gasto de cualquier naturaleza, causado directa o indirectamente por, como resultado de o derivado de una enfermedad transmisible. 2. Esta exclusión no aplicará a ninguna pérdida incurrida en relación con los daños físicos a los bienes asegurados en virtud de las pólizas originales reaseguradas bajo este contrato incluyendo cualquier Pérdida de Elementos de Tiempo que resulte directamente de ellos cuando dichos daños físicos sean causados directamente por uno o más de los siguientes peligros: incendio, rayo, explosión, impacto de avión o vehículo, caída de objetos, tormenta de viento, tormenta de lluvia, granizo, tornado, ciclón, tifón, huracán, terremoto, maremoto, perturbación/erupción sísmica y/o volcánica, tsunami, inundación, congelación, tormenta de hielo, peso de la nieve o el hielo, avalancha, impacto de meteorito/asteroide, deslizamiento de tierra, derrumbe, alud, incendio de arbustos, incendio forestal. 3. Como se usa en este documento: a) “Enfermedad transmisible” significa cualquier enfermedad infecciosa, transmisible o contagiosa, o cualquier mutación o variación de esta, que puede transmitirse por medio de cualquier sustancia o agente de cualquier organismo a otro organismo, incluidos, entre otros, los siguientes: I. La sustancia o agente incluye, pero no se limita a, un virus, bacteria, parásito, u otro organismo o cualquier variación de este, ya sea que se considere vivo o no, y II. El método de transmisión ya sea directo o indirecto, incluye, entre otros, transmisión por el aire, transmisión de fluidos corporales, transmisión desde o hacia cualquier superficie, u objeto; sólido, líquido o gaseoso; o entre organismos. III. La sustancia o agente puede provocar lesión corporal, enfermedad o amenazar con dañar la salud, o el bienestar humano o puede provocar o amenazar con dañar, causar un deterioro, pérdida de valor, comerciabilidad o perdida del uso de los bienes.
A62: Cláusula de exclusión de pérdidas y datos cibernéticos | B62: No obstante, cualquier disposición contraria en esta póliza o cualquier suplemento a la misma, se excluye cualquier: 1.1. Pérdida cibernética. 1.2. Pérdida, daño, responsabilidad, reclamación, coste, gasto de cualquier naturaleza causado directa o indirectamente por, contribuido por, resultante de, que surja o esté relacionado con cualquier pérdida de uso, reducción de la funcionalidad, reparación, reemplazo, restauración o reproducción de cualesquiera datos, incluyendo cualquier cantidad relacionada con el valor de dichos datos, independientemente de cualquier otra causa o evento que contribuya simultáneamente o en cualquier otra secuencia. En el caso que cualquier parte de esta cláusula fuera considerada inválida o inaplicable, el resto permanecerá en pleno vigor y efecto. Esta cláusula reemplaza y, si entra en conflicto con cualquier otra disposición de la póliza o cualquier suplemento que tenga relación con la pérdida cibernética o los datos, reemplaza esa disposición. Definiciones para esta cláusula A. Pérdida cibernética: cualquier pérdida, daño, responsabilidad, reclamación, coste o gasto de cualquier naturaleza que directa o indirectamente sea causado o aportado por, resulte o surja de, o esté en conexión con un acto cibernético o un incidente cibernético incluyendo, pero sin limitarse a cualquier acción tomada con el fin de controlar, prevenir, suprimir o remediar cualquier acto cibernético o incidente cibernético. B. Acto cibernético: acto o serie de actos no autorizados, malintencionados o delictivos, sin consideración del tiempo y espacio, o la amenaza o engaño relacionados con el acceso, procesamiento, uso u operación de cualquier sistema informático. C. Incidente cibernético: - todo error u omisión o serie de errores u omisiones relacionados con el acceso, procesamiento, uso u operación de cualquier sistema informático; o - cualquier indisponibilidad o fallo parcial o total o serie de indisponibilidades o fallos parciales o totales para acceder, procesar, usar u operar cualquier sistema informático. D. Sistema informático: cualquier ordenador, hardware, software, sistema de comunicación, equipo electrónico (incluyendo pero sin limitarse a teléfonos inteligentes, laptops, tablets, dispositivos portátiles), servidor, nube o microcontrolador incluyendo cualquier sistema similar o configuración de lo antes mencionado e incluyendo asimismo toda entrada y salida, dispositivo de almacenamiento de datos, equipo de redes o instalaciones de copias de respaldo, de propiedad u operadas por el asegurado o cualquier otra parte. E. Datos: información, hechos, conceptos, código o cualquier otra información de cualquier naturaleza registrada y transmitida en cualquier forma para ser usada, accedida, procesada, transmitida o almacenada por un sistema informático.
A63: CLÁUSULA DE SALVEDAD DE DAÑOS MATERIALES | B63: La obligación del asegurador a indemnizar queda limitada a los pagos por daños resultantes de daños materiales a la propiedad asegurada que sucedan en forma accidental, súbita e imprevista que hagan necesaria una reparación o reposición y que sean consecuencia directa de los peligros cubiertos, así como también la pérdida de beneficios siempre que esta se deba a un daño material cubierto.
A64: AMPAROS ADICIONALES
A66: MEJORAS EN AMPAROS Y CLAUSULAS
A67: COSTO DE LOS SEGUROS
A69: VALOR ASEGURADO | C69: VR. PRIMA INCLUIDO I.V.A
A70: VER CUADRO ECONOMICO
A72: VIGENCIA OFRECIDA
A74: DIAS DE VIGENCIA OFRECIDA
A75: CER CUADRO ECONOMICO
A77: DEDUCIBLES
A79: DESCRIPCION | C79: DEDUCIBLE
A82: 9. DOCUMENTOS REQUERIDOS DE CARÁCTER OBLIGATORIO PARA EL PAGO DE SINIESTROS
A83: AVISO POR ESCRITO DEL ASEGURADO PARA ESTACBLECER COBERTURA AFECTADA Y PERDIDA.
A84: COPIA AL CARBON DE LA DENUNCIA PENAL
A85: TIEMPO OFRECIDO PARA EL PAGO DE SINIESTROS UNA VEZ RECIBIDA LA TOTALIDAD DE LOS DOCUMENTOS ANTES RELACIONADOS:

Sheet RESUMEN PROGRAMA
A1: RELACIÓN BIENES Y VALORES ASEGURADOS
A2: COBERTURA TODO RIESGO
A3: EDIFICIO | B3: ='ANEXO 1. EDIFICACIONES'!I64 -> 62263048014
A4: MUEBLES Y ENSERES | B4: 1314030822
A5: MAQUINARIA | B5: 1137308000
A6: AUTOS EN REPOSO | B6: 250690000
A7: MERCANCIA EN ALMACEN | B7: 800000000
A8: EQUIPO ELECTRICO Y ELECTRONICO | B8: 198516423
A9: HERRAMIENTAS | B9: 170304863
A10: DINEROS | B10: 20000000
A11: SOFTWARE | B11: 550000000
A12: INSTRUMENTOS MUSICALES | B12: 196593000
A13: EQUIPOS DE COMPUTO | B13: 2419576877
A14: MORMAS SISMORESISTENCIA | B14: 300000000
A15: COBERTURA PARA TERRENOS | B15: 910000000 | C15: =SUM(B3:B15) -> 70530067999
A16: TODO RIESGO EQUIPO Y MAQUINARIA | B16: =+'ANEXO 2. TRME'!I16 -> 4.0402531e+09
A17: BASICO Y ANEXOS
A18: SEGURO DE AUTOMOVILES | B18: =+(B20+B19) -> 3721800000
A19: MOTOCICLETAS | B19: =+'ANEXO 3. AUTOMÓVILES'!I84 -> 537200000
A20: AUTOMÓVILES | B20: =+'ANEXO 3. AUTOMÓVILES'!I23 -> 3184600000
A21: MANEJO GLOBAL | B21: 300000000
A22: Oferta Basica
A23: SEGURO DE R.C. SERVIDORES | B23: 350000000
A24: Oferta Basica
A25: RESPONSABILIDAD CIVIL EXTRACONTRACTUAL PLO | B25: 1000000000
A26: Oferta Basica
A27: POLIZA DE RESPONSABILIDAD CIVIL CONTRACTUAL | B27: LO DE LEY
A28: TRANSPORTE DE MERCANCIAS | B28: 120.000.000
A29: VIDA GRUPO ALCALDE Y EDILES | B29: SEGÚN RELACION
A30: SOAT | B30: SEGÚN RELACION

Sheet ANEXO 1. EDIFICACIONES
A1: ITEM | B1: MUNICIPIO | C1: DEPARTAMENTO | D1: USO DE RIESGO | E1: DIRECCION | F1: VALOR ASEGURADO EN EDIFICACION | I1: VALOR ASEGURADO | J1: TIPO ESTRUCTURAL | K1: MUEBLES Y ENSERES | L1: EQUIPOS DE COMPUTO | M1: MAQUINARIA Y EQUIPO | N1: MERCANCIAS | O1: INSTRUMENTOS MUSICALES | P1: HERRAMIENTAS | Q1: EQUIPO ELECTRICO Y ELECTRONICO
A2: 1 | B2: GIRARDOT | C2: CUNDINAMARCA | D2: ALCALDIA | E2: PALACIO MUNICIPAL CLL 17 CRA 11 ESQUINA | F2: 2082020000 | G2: 0.0012 | H2: =+F2*G2 -> 2498424 | I2: 11373158000 | J2: CONCRETO | K2: 416416000 | L2: 998481361 | M2: 481880000 | N2: 800000000 | P2: 98569863 | Q2: 175000000
A3: 2 | B3: GIRARDOT | C3: CUNDINAMARCA | D3: ALCALDIA ESTACION FERREO | E3: CASA DE LA CULTURA CRA 14 CLL 16 | F3: 104371000 | G3: 0.0012 | H3: =+F3*G3 -> 125245.2 | I3: 567318500 | J3: CONCRETO | K3: 248328000 | L3: 155205000 | O3: 196593000
A4: 3 | B4: GIRARDOT | C4: CUNDINAMARCA | D4: ALCALDIA | E4: SECRETARIA DE EDUCACION CLL 16 CRA 7 Y 8 | F4: 500224000 | G4: 0.0012 | H4: =+F4*G4 -> 600268.8 | I4: 413880000 | J4: CONCRETO | K4: 12416400 | L4: 60096597
A5: 4 | B5: GIRARDOT | C5: CUNDINAMARCA | D5: ALCALDIA | E5: CASA DE LA JUSTICIA BARRIO PRIMERO DE ENERO | F5: 36489000 | G5: 0.0012 | H5: =+F5*G5 -> 43786.8 | I5: 602195400 | J5: CONCRETO | K5: 103470000 | L5: 71735000
A6: 5 | B6: GIRARDOT | C6: CUNDINAMARCA | D6: ALCALDIA | E6: SECRETARIA DE TRANSITO BARRIO DIAMANTE | F6: 1175909000 | G6: 0.0012 | H6: =+F6*G6 -> 1411090.8 | I6: 513880000 | J6: CONCRETO | K6: 16791692 | M6: 103470000
A7: 6 | B7: GIRARDOT | C7: CUNDINAMARCA | D7: ALCALDIA | E7: COLISEO MARTHA CATALINA | I7: 2789632560 | J7: CONCRETO
A8: 7 | B8: GIRARDOT | C8: CUNDINAMARCA | D8: ALCALDIA | E8: ESTADIO DUQUE PEÑA | I8: 2685325698 | J8: CONCRETO
A9: 8 | B9: GIRARDOT | C9: CUNDINAMARCA | D9: ALCALDIA | E9: PISCINAS | F9: 52817000 | G9: 0.0012 | H9: =+F9*G9 -> 63380.4 | I9: 2258974500 | J9: CONCRETO | M9: 500000000
A10: 9 | B10: GIRARDOT | C10: CUNDINAMARCA | D10: ALCALDIA | E10: ITUC CALLE 16 # 15-41 | F10: 33400000 | G10: 0.0012 | H10: =+F10*G10 -> 40080 | I10: 1382965290 | J10: CONCRETO | K10: 303470000 | L10: 31041000 | P10: 71735000
A11: 10 | B11: GIRARDOT | C11: CUNDINAMARCA | D11: ALCALDIA | E11: TALLERES MUNICIPALES CRA 18 # 15B-16 | F11: 190622000 | G11: 0.0012 | H11: =+F11*G11 -> 228746.4 | I11: 24832800 | J11: CONCRETO | K11: 3104100 | M11: 20347000
A12: 11 | B12: GIRARDOT | C12: CUNDINAMARCA | D12: ALCALDIA | E12: CENTRO ADMINISTRATIVO PROVINCIAL DEL ALTO MAGDALENA | F12: 120750000 | G12: 0.0012 | H12: =+F12*G12 -> 144900 | I12: 677431815 | J12: CONCRETO
A13: 12 | B13: GIRARDOT | C13: CUNDINAMARCA | D13: ALCALDIA | E13: PLAZA DE FERIAS DEPENDENCIAS SDRAM | F13: 319320000 | G13: 0.0012 | H13: =+F13*G13 -> 383184 | I13: 250034630 | J13: CONCRETO | K13: 10034630 | L13: 53838538 | M13: 31611000 | Q13: 23516423
A14: 13 | B14: GIRARDOT | C14: CUNDINAMARCA | D14: ALCALDIA | E14: TEATRO CULTURAL LUIS ENRIQUE OSORIO CLL 10 # 19-01 | F14: 40761000 | G14: 0.0012 | H14: =+F14*G14 -> 48913.2 | I14: 600000000 | J14: CONCRETO | K14: 200000000
A15: 14 | B15: GIRARDOT | C15: CUNDINAMARCA | D15: ALCALDIA | E15: PATINODROMO | I15: 3300000000 | J15: CONCRETO
A16: 15 | B16: GIRARDOT | C16: CUNDINAMARCA | D16: ALCALDIA | E16: COLEGIO MUNICIPAL RAMON BUENO - PUNTO VIVE DIGITAL | F16: 960989000 | G16: 0.0012 | H16: =+F16*G16 -> 1153186.8 | J16: CONCRETO | L16: 134903409
A17: 16 | B17: GIRARDOT | C17: CUNDINAMARCA | D17: ALCALDIA | E17: COLEGIO NACIONAL FRANCISCO MANZANAREZ PUNTO VIVE D | F17: 380376000 | G17: 0.0012 | H17: =+F17*G17 -> 456451.2 | J17: CONCRETO | L17: 265137986
A18: 17 | B18: GIRARDOT | C18: CUNDINAMARCA | D18: ALCALDIA | E18: COLEGIO POLICARPA SALAVARRIETA PUNTO VIVE DIGITAL | F18: 3500000 | G18: 0.0012 | H18: =+F18*G18 -> 4200 | J18: CONCRETO | L18: 265137986
A19: 18 | B19: GIRARDOT | C19: CUNDINAMARCA | D19: ALCALDIA | E19: CASA BARRIO LA MAGDALENA | I19: 500000000 | J19: CONCRETO
A20: 19 | B20: GIRARDOT | C20: CUNDINAMARCA | D20: ALCALDIA | E20: INSTITUCION EDUCATIVA POLICARPA SALAVARRIETA BARRIO KENNEDY | I20: 437277000 | J20: CONCRETO
A21: 20 | B21: GIRARDOT | C21: CUNDINAMARCA | D21: ALCALDIA | E21: INSTITUCION EDUCATIVA POLICARPA SALAVARRIETA BARRIO KENNEDY | I21: 374613000 | J21: CONCRETO
A22: 21 | B22: GIRARDOT | C22: CUNDINAMARCA | D22: ALCALDIA | E22: INSTITUCION EDUCATIVA POLICARPA SALAVARRIETA BARRIO PRIMERO DE ENERO | I22: 280079000 | J22: CONCRETO
A23: 22 | B23: GIRARDOT | C23: CUNDINAMARCA | D23: ALCALDIA | E23: INSTITUCION EDUCATIVA POLICARPA SALAVARRIETA-CAMILO TORRES-BARRIO PORTACHUELO. | I23: 340005000 | J23: CONCRETO
A24: 23 | B24: GIRARDOT | C24: CUNDINAMARCA | D24: ALCALDIA | E24: INSTITUCION EDUCATIVA POLICARPA SALAVARRIETA-REPUBLICA DE COLOMBIA-BARRIO KENNEDY | I24: 665235000 | J24: CONCRETO
A25: 24 | B25: GIRARDOT | C25: CUNDINAMARCA | D25: ALCALDIA | E25: COLEGIO FUNDADORES CRA 7A#25-50 BARRIO SANTANDER | I25: 125896325 | J25: CONCRETO
A26: 25 | B26: GIRARDOT | C26: CUNDINAMARCA | D26: ALCALDIA | E26: COLEGIO FUNDADORES CRA 21A#35 BARRIO SAN ANTONIO | I26: 229507000 | J26: CONCRETO
A27: 26 | B27: GIRARDOT | C27: CUNDINAMARCA | D27: ALCALDIA | E27: COLEGIO FUNDADORES CRA 7A#25-02 BARRIO SANTANDER | I27: 2125543000 | J27: CONCRETO
A28: 27 | B28: GIRARDOT | C28: CUNDINAMARCA | D28: ALCALDIA | E28: COLEGIO FUNDADORES CRA 6A CON CALLE 33 BARRIO SAN JORGE | I28: 85874000 | J28: CONCRETO
A29: 28 | B29: GIRARDOT | C29: CUNDINAMARCA | D29: ALCALDIA | E29: COLEGIO MUNICIPAL VENEZUELA | I29: 2125543000 | J29: CONCRETO
A30: 29 | B30: GIRARDOT | C30: CUNDINAMARCA | D30: ALCALDIA | E30: I.E LUIS A DUQUE PEÑA VEREDA BARZALOZA | I30: 150130000 | J30: CONCRETO
... A60: 59 | B60: GIRARDOT | C60: CUNDINAMARCA | D60: ALCALDIA | E60: CDI ESTRELLITAS DEL FUTURO | I60: 1178989000 | J60: CONCRETO
A61: 60 | C61: CUNDINAMARCA | E61: PREDIO LOTE DE TERRENO. ubicado en el casco urbano, en la calle 16 No 16-123,barrio la estación, identificado con cedula catastral No. 01-02-0068-0007-000, Matricula Inmobiliaria: 307-67228. | I61: 4392969871 | J61: CONCRETO
A62: 61 | C62: CUNDINAMARCA | E62: PREDIO LOTE DE TERRENO. ubicado en el casco urbano, en la calle 16 No 16-123,barrio la estación, identificado con cedula catastral No. 01-02-0068-0007-000, Matricula Inmobiliaria: 307-67228. | I62: 697695815 | J62: CONCRETO
A63: 62 | C63: CUNDINAMARCA | E63: PREDIO LOTE DE TERRENO ubicado en el Municipio de Girardot, ubicado en el casco urbano, barrio la estación, identificado con cedula catastral No. 01-02-0068-0008-000, Matricula Inmobiliaria: 307-67242. | I63: 555536562 | J63: CONCRETO
B64: TOTAL VALOR ASEGURADO | F64: =SUM(F2:F19) -> 6001548000 | H64: =+I64-F64 -> 56261500014 | I64: =SUM(I2:I63) -> 62263048014 | K64: =SUM(K2:K19) -> 1314030822 | L64: =SUM(L2:L19) -> 2035576877 | M64: =SUM(M2:M19) -> 1137308000 | N64: =SUM(N2:N19) -> 800000000 | O64: =SUM(O2:O19) -> 196593000 | P64: =SUM(P2:P19) -> 170304863 | Q64: =SUM(Q2:Q19) -> 198516423
S65: 198516423

Sheet ANEXO 2. TRME
B1: ANEXO No. 2. RELACION TODO RIESGO MAQUINARIA AMARILLA
B3: ÍTEM | C3: MAQUINARIA/EQUIPO | D3: PLACA | E3: MARCA | F3: MODELO | G3: MOTOR | H3: SERIE | I3: VR. ASEGURADO
B4: 1 | C4: TRACTOR | D4: CL001 | E4: NEW HOLLAND REF 426B | F4: 2010 | G4: PE4045T543497 | H4: T0410GX954699 | I4: 99552552 | J4: =COUNTIF('[3]INVENTARIO FINAL'!$B$3:$B$92,D4) -> #VALUE!
B5: 2 | C5: VIBROCOMPACTADOR | D5: MC066525 | E5: CATERPILLAR | F5: 2017 | I5: 261921039 | J5: =COUNTIF('[3]INVENTARIO FINAL'!$B$3:$B$92,D5) -> #VALUE!
B6: 3 | C6: MOTONIVELADORA | D6: MC066963 | E6: CATERPILLAR REF 120 | F6: 2017 | I6: 648663169 | J6: =COUNTIF('[3]INVENTARIO FINAL'!$B$3:$B$92,D6) -> #VALUE!
B7: 4 | C7: RETROEXCAVADORA | D7: MC066108 | E7: CATERPILLAR REF 416 F2 | F7: 2017 | I7: 296637250 | J7: =COUNTIF('[3]INVENTARIO FINAL'!$B$3:$B$92,D7) -> #VALUE!
B8: 5 | C8: MINICARGADOR | D8: MC749977 | E8: CATERPILLAR REF 236 D3 | F8: 2024 | I8: 246406187 | J8: =COUNTIF('[3]INVENTARIO FINAL'!$B$3:$B$92,D8) -> #VALUE!
B9: 6 | C9: MINICARGADOR | D9: MC749978 | E9: CATERPILLAR REF 236 D4 | F9: 2024 | I9: 246406187 | J9: =COUNTIF('[3]INVENTARIO FINAL'!$B$3:$B$92,D9) -> #VALUE!
B10: 7 | C10: COMPACTADOR | D10: MC751962 | E10: CATERPILLAR REF CB2.5GC | F10: 2025 | I10: 205000000 | J10: =COUNTIF('[3]INVENTARIO FINAL'!$B$3:$B$92,D10) -> #VALUE!
B11: 8 | C11: AUTOHORMIGONERA | D11: MC755178 | E11: CARMIX REF 2.5TT | F11: 2025 | I11: 559000000 | J11: =COUNTIF('[3]INVENTARIO FINAL'!$B$3:$B$92,D11) -> #VALUE!
B12: 9 | C12: PAVIMENTADORA | D12: MC760045 | E12: BOMAG REF BF300C-2 | F12: 2025 | I12: 1.1426667e+09 | J12: =COUNTIF('[3]INVENTARIO FINAL'!$B$3:$B$92,D12) -> #VALUE!
B13: 10 | C13: REMOLQUE | D13: S92272 | E13: CONALCAR REF RTPP-R2-7M | F13: 2025 | I13: 132000000
B14: 11 | F14: 2025
B15: 12 | C15: RETROEXCAVADORA | D15: 905063 | E15: NEW HOLLAND | F15: 2010 | I15: 202000001
B16: TOTAL VALOR ASEGURADO | I16: =SUM(I4:I15) -> 4.0402531e+09

Sheet ANEXO 4. RCSP
A1: ANEXO No. 4 LISTADO ASEGURADOS RCSP
A3: ÍTEM | B3: CARGO
A4: 1 | B4: ALCALDE
A5: 2 | B5: SECRETARIA DE TRANSITO Y TRANSPORTE
A6: 3 | B6: SECRETARIA DE INFRAESTRUCTURA
A7: 4 | B7: SECRETARIA GENERAL
A8: 5 | B8: SECRETARÍA DE HACIENDA
A9: 6 | B9: SECRETARIA DE EDUCACION
A10: 7 | B10: TESORERO GENERAL
A11: 8 | B11: ALMACENISTA GENERAL
A12: 9 | B12: SECRETARIA DE DESARROLLO ECONOMICO Y SOCIAL
A13: 10 | B13: JEFE DE OFICINA DE CONTRATACIÓN
A14: 11 | B14: SECRETARÍO DE GOBIERNO Y DESARROLLO INSTITUCIONAL
A15: 12 | B15: SECRETARIA DE PLANEACION
... A26: 23 | B26: ASESOR DEL DESPACHO

Sheet ANEXO 3. AUTOMÓVILES
A1: RELACION DE PARQUE AUTOMOTOR
A3: ITEM | B3: CLASE | C3: PLACA | D3: CILINDRAJE | E3: MODELO | F3: MOTOR | G3: CHASIS | H3: CODIGO FASECOLDA | I3: VR. FASECOLDA
A4: 1 | B4: BUS | C4: OIG217 | D4: 7100 | E4: 2008 | F4: 6HE1408710 | G4: 9GCLT13268B002411 | H4: 1603030 | I4: 191300000 | J4: =COUNTIF('[3]INVENTARIO FINAL'!$B$3:$B$92,C4) -> #VALUE!
A5: 2 | B5: CAMIONETA | C5: OIG210 | D5: 2500 | E5: 2004 | F5: 949683 | G5: 8GGTFRE284A128910 | H5: 1643014 | I5: 48700000 | J5: =COUNTIF('[3]INVENTARIO FINAL'!$B$3:$B$92,C5) -> #VALUE!
A6: 3 | B6: BUS | C6: OIG218 | D6: 7100 | E6: 2008 | F6: 6HE1408713 | G6: 9GCLT13258B002402 | H6: 1603030 | I6: 191300000 | J6: =COUNTIF('[3]INVENTARIO FINAL'!$B$3:$B$92,C6) -> #VALUE!
A7: 4 | B7: CAMION | C7: OGB528 | D7: 2800 | E7: 2009 | F7: 758089 | G7: 9GDNKR5599B135971 | H7: 1604058 | I7: 78400000 | J7: =COUNTIF('[3]INVENTARIO FINAL'!$B$3:$B$92,C7) -> #VALUE!
A8: 5 | B8: VOLQUETA | C8: OIG219 | D8: 7200 | E8: 2009 | F8: 9SZ38740 | G8: 9GSP7H1C09B009281 | H8: 1626015 | I8: 175700000 | J8: =COUNTIF('[3]INVENTARIO FINAL'!$B$3:$B$92,C8) -> #VALUE!
A9: 6 | B9: BUS | C9: OCJ553 | D9: 5200 | E9: 2014 | F9: 4HK1091730 | G9: 9GCFRR908EB010411 | H9: 1611116 | I9: 138000000 | J9: =COUNTIF('[3]INVENTARIO FINAL'!$B$3:$B$92,C9) -> #VALUE!
A10: 7 | B10: CAMIONETA | C10: OSK213 | D10: 2200 | E10: 2005 | F10: F2238539 | G10: 9FJUN632550101584 | H10: 5620029 | I10: 45900000 | J10: =COUNTIF('[3]INVENTARIO FINAL'!$B$3:$B$92,C10) -> #VALUE!
A11: 8 | B11: CAMIONETA | C11: OCJ562 | D11: 3000 | E11: 2015 | F11: 1KD2457319 | G11: JTEBH9FJ7F50B6002 | H11: 9008187 | I11: 171100000 | J11: =COUNTIF('[3]INVENTARIO FINAL'!$B$3:$B$92,C11) -> #VALUE!
A12: 9 | B12: CAMION | C12: OCJ557 | D12: 5200 | E12: 2014 | F12: 4HK1148098 | G12: 9GDNPR75XEB028002 | H12: 1611120 | I12: 125300000 | J12: =COUNTIF('[3]INVENTARIO FINAL'!$B$3:$B$92,C12) -> #VALUE!
A13: 10 | B13: AUTOMOVIL | C13: OGB527 | D13: 1800 | E13: 2004 | F13: 1R0005989 | G13: 8LAXF19R040012692 | H13: 1601104 | I13: 18300000 | J13: =COUNTIF('[3]INVENTARIO FINAL'!$B$3:$B$92,C13) -> #VALUE!
A14: 11 | B14: CAMIONETA | C14: OCJ575 | D14: 2500 | E14: 2020 | F14: YD25703163P | G14: 3N6CD33B2ZK410723 | H14: 6420035 | J14: =COUNTIF('[3]INVENTARIO FINAL'!$B$3:$B$92,C14) -> #VALUE!
A15: 12 | B15: BUS | C15: OCJ554 | D15: 5193 | E15: 2014 | F15: 4HK1-091722 | G15: 9GCFRR90XEB010409 | H15: 1611116 | I15: 138000000 | J15: =COUNTIF('[3]INVENTARIO FINAL'!$B$3:$B$92,C15) -> #VALUE!
A16: 13 | B16: BUS | C16: OCJ555 | D16: 5193 | E16: 2014 | F16: 4HK1-091709 | G16: 9GCFRR906EB010410 | H16: 1611116 | I16: 138000000 | J16: =COUNTIF('[3]INVENTARIO FINAL'!$B$3:$B$92,C16) -> #VALUE!
A17: 14 | B17: BUS | C17: OCJ576 | D17: 5.193 | E17: 2020 | F17: 4HK1-0AN541 | G17: 9GCFRR908LB0103841 | H17: 1603139 | I17: 371200000 | J17: =COUNTIF('[3]INVENTARIO FINAL'!$B$3:$B$92,C17) -> #VALUE!
A18: 15 | B18: VOLQUETA | C18: ODR783 | D18: 5880 | E18: 2017 | F18: F4AE3681E*8031242* | G18: 93ZA1RMH0H8931807 | I18: 267400000 | J18: =COUNTIF('[3]INVENTARIO FINAL'!$B$3:$B$92,C18) -> #VALUE!
A19: 16 | B19: CAMIONETA | C19: OGB530 | D19: 2488 | E19: 2010 | F19: QR25901943A | G19: JN1TBT302014712 | H19: 6436064 | I19: 40900000 | J19: =COUNTIF('[3]INVENTARIO FINAL'!$B$3:$B$92,C19) -> #VALUE!
A20: 17 | B20: BUSETA | C20: NYK553 | D20: 2998 | E20: 2025 | F20: 4P10G20842 | G20: JLCBDE620SK000420 | I20: 439200000 | J20: =COUNTIF('[3]INVENTARIO FINAL'!$B$3:$B$92,C20) -> #VALUE!
A21: 18 | B21: COMIONETA | C21: OCJ541 | D21: 2953 | E21: 2010 | F21: ZD30238486K | G21: JN1CNUD22Z0016165 | H21: 6442011 | I21: 56500000 | J21: =COUNTIF('[3]INVENTARIO FINAL'!$B$3:$B$92,C21) -> #VALUE!
A22: 19 | B22: VOLQUETA | C22: NGQ556 | D22: 6700 | E22: 2026 | F22: 99544060 | G22: 3HAEUMMR4TL446097 | H22: 3665033 | I22: 549400000 | J22: =COUNTIF('[3]INVENTARIO FINAL'!$B$3:$B$92,C22) -> #VALUE!
A23: VALOR ASEGURADO | I23: =SUM(I4:I22) -> 3184600000 | J23: =COUNTIF('[3]INVENTARIO FINAL'!$B$3:$B$92,C23) -> #VALUE!
J24: =COUNTIF('[3]INVENTARIO FINAL'!$B$3:$B$92,C24) -> #VALUE!
J25: =COUNTIF('[3]INVENTARIO FINAL'!$B$3:$B$92,C25) -> #VALUE!
A26: ITEM | B26: CLASE | C26: PLACA | D26: CILINDRAJE | E26: MODELO | F26: MOTOR | G26: CHASIS | H26: CODIGO FASECOLDA | I26: VR. FASECOLDA | J26: =COUNTIF('[3]INVENTARIO FINAL'!$B$3:$B$92,C26) -> #VALUE!
A27: 20 | B27: MOTOCICLETA | C27: ECZ65C | D27: 150 | E27: 2011 | F27: 45D1021570 | G27: 9FKK0345B2021570 | H27: 9817146 | I27: 3200000 | J27: =COUNTIF('[3]INVENTARIO FINAL'!$B$3:$B$92,C27) -> #VALUE!
A28: 21 | B28: MOTOCICLETA | C28: PSN91B | D28: 125 | E28: 2009 | F28: 157FMI3AIT31546 | G28: 9FSN41B09C186665 | H28: 8817100 | I28: 2100000 | J28: =COUNTIF('[3]INVENTARIO FINAL'!$B$3:$B$92,C28) -> #VALUE!
A29: 22 | B29: MOTOCICLETA | C29: PSN90B | D29: 125 | E29: 2009 | H29: 8817100 | I29: 2100000 | J29: =COUNTIF('[3]INVENTARIO FINAL'!$B$3:$B$92,C29) -> #VALUE!
A30: 23 | B30: MOTOCICLETA | C30: PSN92B | D30: 125 | E30: 2009 | F30: 157FMI3A1T31547 | G30: 9FSNF41B99C186664 | H30: 8817100 | I30: 2100000 | J30: =COUNTIF('[3]INVENTARIO FINAL'!$B$3:$B$92,C30) -> #VALUE!
A31: 24 | B31: MOTOCICLETA | C31: JFE90C | D31: 125 | E31: 2011 | F31: SDH157FMI5A3206372 | G31: 9FMPCJJ21BF006430 | H31: 3417132 | I31: 2900000 | J31: =COUNTIF('[3]INVENTARIO FINAL'!$B$3:$B$92,C31) -> #VALUE!
A32: 25 | B32: MOTOCICLETA | C32: QLP74C | D32: 125 | E32: 2012 | F32: 57C1021085 | G32: 9FKKE1360C221085 | H32: 9817165 | I32: 3400000 | J32: =COUNTIF('[3]INVENTARIO FINAL'!$B$3:$B$92,C32) -> #VALUE!
A33: 26 | B33: MOTOCICLETA | C33: YPM01C | D33: 250 | E33: 2013 | F33: G391E004914 | G33: 9FKKG0414D2004914 | H33: 9817137 | I33: 10600000 | J33: =COUNTIF('[3]INVENTARIO FINAL'!$B$3:$B$92,C33) -> #VALUE!
A34: 27 | B34: MOTOCICLETA | C34: YPM23C | D34: 250 | E34: 2013 | F34: G391E004963 | G34: 9FKKG0416D2004963 | H34: 9817137 | I34: 10600000 | J34: =COUNTIF('[3]INVENTARIO FINAL'!$B$3:$B$92,C34) -> #VALUE!
A35: 28 | B35: MOTOCICLETA | C35: YPM22C | D35: 250 | E35: 2013 | F35: G391E004936 | G35: 9FKKG0413D2004936 | H35: 9817137 | I35: 10600000 | J35: =COUNTIF('[3]INVENTARIO FINAL'!$B$3:$B$92,C35) -> #VALUE!
A36: 29 | B36: MOTOCICLETA | C36: YPM19C | D36: 250 | E36: 2013 | F36: G391E004931 | G36: 9FKKG0414D2004931 | H36: 9817137 | I36: 10600000 | J36: =COUNTIF('[3]INVENTARIO FINAL'!$B$3:$B$92,C36) -> #VALUE!
A37: 30 | B37: MOTOCICLETA | C37: YPM18C | D37: 250 | E37: 2013 | F37: G391E004965 | G37: 9FKKG041XD2004965 | H37: 9817137 | I37: 10600000 | J37: =COUNTIF('[3]INVENTARIO FINAL'!$B$3:$B$92,C37) -> #VALUE!
A38: 31 | B38: MOTOCICLETA | C38: YPM16C | D38: 250 | E38: 2013 | F38: G391E004947 | G38: 9FKKG0418D2004947 | H38: 9817137 | I38: 10600000 | J38: =COUNTIF('[3]INVENTARIO FINAL'!$B$3:$B$92,C38) -> #VALUE!
A39: 32 | B39: MOTOCICLETA | C39: YPM15C | D39: 250 | E39: 2013 | F39: G391E004903 | G39: 9FKKG041XD2004903 | H39: 9817137 | I39: 10600000 | J39: =COUNTIF('[3]INVENTARIO FINAL'!$B$3:$B$92,C39) -> #VALUE!
A40: 33 | B40: MOTOCICLETA | C40: YPM02C | D40: 250 | E40: 2013 | F40: G391E004934 | G40: 9FKKG041XD2004934 | H40: 9817137 | I40: 10600000 | J40: =COUNTIF('[3]INVENTARIO FINAL'!$B$3:$B$92,C40) -> #VALUE!
A41: 34 | B41: MOTOCICLETA | C41: YPM03C | D41: 250 | E41: 2013 | F41: G391E004935 | G41: 9FKKG0411D2004935 | H41: 9817137 | I41: 10600000 | J41: =COUNTIF('[3]INVENTARIO FINAL'!$B$3:$B$92,C41) -> #VALUE!
... A64: 57 | B64: MOTOCICLETA | C64: OBM14D | D64: 124 | E64: 2016 | F64: E3F4E111321 | G64: 9FKKE1399G2111321 | H64: 9857041 | I64: 5300000 | J64: =COUNTIF('[3]INVENTARIO FINAL'!$B$3:$B$92,C64) -> #VALUE!
A65: 58 | B65: MOTOCICLETA | C65: OJO70D | D65: 124 | E65: 2014 | F65: 157FM13BY24906 | H65: 8857018 | I65: 3900000 | J65: =COUNTIF('[3]INVENTARIO FINAL'!$B$3:$B$92,C65) -> #VALUE!
A66: 59 | B66: MOTOCICLETA | C66: OBM15D | D66: 124 | E66: 2016 | F66: E3F4E111322 | G66: 9FKKE1390G2111322 | H66: 9857041 | I66: 5300000 | J66: =COUNTIF('[3]INVENTARIO FINAL'!$B$3:$B$92,C66) -> #VALUE!
A67: 60 | B67: MOTOCICLETA | C67: WCT01G | D67: 249 | E67: 2024 | F67: EJA1-181583 | G67: 9FSED24L2RC106264 | H67: 8817172 | I67: 14400000 | J67: =COUNTIF('[3]INVENTARIO FINAL'!$B$3:$B$92,C67) -> #VALUE!
A68: 61 | B68: MOTOCICLETA | C68: WCT02G | D68: 249 | E68: 2024 | F68: EJA1-181677 | G68: 9FSED24L7RC106258 | H68: 8817172 | I68: 14400000 | J68: =COUNTIF('[3]INVENTARIO FINAL'!$B$3:$B$92,C68) -> #VALUE!
A69: 62 | B69: MOTOCICLETA | C69: WCT03G | D69: 249 | E69: 2024 | F69: EJA1-180686 | G69: 9FSED24L7RC105739 | H69: 8817172 | I69: 14400000 | J69: =COUNTIF('[3]INVENTARIO FINAL'!$B$3:$B$92,C69) -> #VALUE!
A70: 63 | B70: MOTOCICLETA | C70: WCT04G | D70: 249 | E70: 2024 | F70: EJA1-181780 | G70: 9FSED24L8RC106379 | H70: 8817172 | I70: 14400000 | J70: =COUNTIF('[3]INVENTARIO FINAL'!$B$3:$B$92,C70) -> #VALUE!
A71: 64 | B71: MOTOCICLETA | C71: WCT05G | D71: 249 | E71: 2024 | F71: EJA1-180313 | G71: 9FSED24L3RC106418 | H71: 8817172 | I71: 14400000 | J71: =COUNTIF('[3]INVENTARIO FINAL'!$B$3:$B$92,C71) -> #VALUE!
A72: 65 | B72: MOTOCICLETA | C72: WCT06G | D72: 249 | E72: 2024 | F72: EJA1-180641 | G72: 9FSED24LXRC105721 | H72: 8817172 | I72: 14400000 | J72: =COUNTIF('[3]INVENTARIO FINAL'!$B$3:$B$92,C72) -> #VALUE!
A73: 66 | B73: MOTOCICLETA | C73: WCT07G | D73: 249 | E73: 2024 | F73: EJA1-180684 | G73: 9FSED24L4RC105729 | H73: 8817172 | I73: 14400000 | J73: =COUNTIF('[3]INVENTARIO FINAL'!$B$3:$B$92,C73) -> #VALUE!
A74: 67 | B74: MOTOCICLETA | C74: WCT08G | D74: 249 | E74: 2024 | F74: EJA1-181622 | G74: 9FSED24L0RC106263 | H74: 8817172 | I74: 14400000 | J74: =COUNTIF('[3]INVENTARIO FINAL'!$B$3:$B$92,C74) -> #VALUE!
A75: 68 | B75: MOTOCICLETA | C75: WCT09G | D75: 249 | E75: 2024 | F75: EJA1-180373 | G75: 9FSED24L5RC106419 | H75: 8817172 | I75: 14400000 | J75: =COUNTIF('[3]INVENTARIO FINAL'!$B$3:$B$92,C75) -> #VALUE!
A76: 69 | B76: MOTOCICLETA | C76: WCT10G | D76: 249 | E76: 2024 | F76: EJA1-181410 | G76: 9FSED24L3RC106418 | H76: 8817172 | I76: 14400000 | J76: =COUNTIF('[3]INVENTARIO FINAL'!$B$3:$B$92,C76) -> #VALUE!
A77: 70 | B77: MOTOCICLETA | C77: WCT11G | D77: 249 | E77: 2024 | F77: EJA1-181514 | G77: 9FSED24L0RC106277 | H77: 8817172 | I77: 14400000 | J77: =COUNTIF('[3]INVENTARIO FINAL'!$B$3:$B$92,C77) -> #VALUE!
... A82: 75 | B82: MOTOCICLETA | C82: LBE49G | D82: 124 | E82: 2023 | F82: E3Y2E100797 | G82: 9FKDE0927P2100797 | H82: 9817211 | I82: 12400000 | J82: =COUNTIF('[3]INVENTARIO FINAL'!$B$3:$B$92,C82) -> #VALUE!
A83: 76 | B83: MOTOCICLETA | C83: BND84C | D83: 124 | E83: 2010 | F83: 57C1003877 | G83: 9FKKE1362A2003877 | I83: 2900000 | J83: =COUNTIF('[3]INVENTARIO FINAL'!$B$3:$B$92,C83) -> #VALUE!
A84: VALOR ASEGURADO | I84: =SUM(I27:I83) -> 537200000 | J84: =COUNTIF('[3]INVENTARIO FINAL'!$B$3:$B$92,C84) -> #VALUE!
A86: VALOR TOTAL DE PARQUE AUTOMOTOR | I86: =SUM(I23,I84) -> 3721800000

Sheet ANEXO 5. RCC
A2: ITEM | B2: CLASE | C2: PLACA | D2: CILINDRAJE | E2: MODELO | F2: MOTOR | G2: CHASIS | H2: NUMERO DE PASAJEROS
A3: 1 | B3: BUS - BUSETA | C3: OIG217 | D3: 7100 | E3: 2008 | F3: 6HE1408710 | G3: 9GCLT13268B002411 | H3: 50
A4: 2 | B4: BUS - BUSETA | C4: OIG218 | D4: 7100 | E4: 2008 | F4: 6HE1408713 | G4: 9GCLT13258B002402 | H4: 50
A5: 3 | B5: BUS | C5: OCJ553 | D5: 5200 | E5: 2014 | F5: 4HK1091730 | G5: 9GCFRR908EB010411 | H5: 50
A6: 4 | B6: BUS | C6: OCJ 554 | D6: 5193 | E6: 2014 | F6: 4HK1-091722 | G6: 9GCFRR90XEB010409 | H6: 43
A7: 5 | B7: BUS | C7: OCJ 555 | D7: 5193 | E7: 2014 | F7: 4HK1-091709 | G7: 9GCFRR906EB010410 | H7: 43
A8: 6 | B8: BUS | C8: OCJ576 | D8: 5.193 | E8: 2020 | F8: 4HK1-0AN541 | G8: 9GCFRR908LB0103841 | H8: 50
A9: 7 | B9: BUS - BUSETA | C9: NYK553 | D9: 2.998 | E9: 2025 | F9: 4P10G20842 | G9: JLCBDE620SK000420 | H9: 28

Sheet ANEXO6. MANEJO
A1: Denominación del Cargo | B1: Código | C1: Grado | D1: No. Empleos
A2: NIVEL DIRECTIVO
A3: Alcalde | B3: 5 | C3: L | D3: 1
A4: Secretario de Despacho | B4: 20 | C4: 1 | D4: 11
A5: Jefe de Oficina | B5: 6 | C5: 3 | D5: 1
A6: Jefe de Oficina | B6: 6 | C6: 2 | D6: 2
A7: Jefe de Oficina | B7: 6 | C7: 1 | D7: 2
C8: SUBTOTAL | D8: =SUM(D3:D7) -> 17
A9: 1. NIVEL ASESOR
A10: Jefe Oficina Asesora | B10: 115 | C10: 3 | D10: 1
C11: SUBTOTAL | D11: =SUM(D10) -> 1
A12: 2. NIVEL PROFESIONAL
A13: Profesional Especializado | B13: 222 | C13: 6 | D13: 1
A14: Profesional Especializado | B14: 222 | C14: 5 | D14: 3
A15: Corregidor | B15: 227 | C15: 1 | D15: 1
A16: Profesional Universitario | B16: 219 | C16: 5 | D16: 10
A17: Profesional Universitario | B17: 219 | C17: 4 | D17: 2
A18: Profesional Universitario | B18: 219 | C18: 3 | D18: 8
A19: Profesional Universitario | B19: 219 | C19: 1 | D19: 23
A20: Almacenista General | B20: 215 | C20: 2 | D20: 1
A21: Comisario de Familia | B21: 202 | C21: 3 | D21: 3
A22: Tesorero General | B22: 201 | C22: 2 | D22: 1
C23: SUBTOTAL | D23: =SUM(D13:D22) -> 53
A24: 3. NIVEL TÉCNICO
A25: Técnico Operativo | B25: 314 | C25: 8 | D25: 1
A26: Técnico Operativo | B26: 314 | C26: 7 | D26: 1
A27: Técnico Operativo | B27: 314 | C27: 6 | D27: 1
A28: Técnico Operativo | B28: 314 | C28: 5 | D28: 3
A29: Técnico Operativo | B29: 314 | C29: 3 | D29: 3
A30: Técnico Operativo | B30: 314 | C30: 2 | D30: 12
A31: Inspector de Policía | B31: 303 | C31: 6 | D31: 1
A32: Inspector de Policía | B32: 303 | C32: 5 | D32: 3
A33: Agente de Tránsito | B33: 340 | C33: 4 | D33: 15
C34: SUBTOTAL | D34: =SUM(D24:D33) -> 40
A35: 4. NIVEL ASISTENCIAL
A36: Auxiliar Administrativo | B36: 407 | C36: 8 | D36: 1
A37: Auxiliar Administrativo | B37: 407 | C37: 5 | D37: 8
A38: Auxiliar Administrativo | B38: 407 | C38: 2 | D38: 1
A39: Secretaria Ejecutiva del Despacho | B39: 438 | C39: 5 | D39: 1
A40: Auxiliar de Servicios Generales | B40: 470 | C40: 4 | D40: 10
A41: Secretario | B41: 440 | C41: 2 | D41: 18
A42: Ayudante | B42: 472 | C42: 9 | D42: 3
A43: Ayudante | B43: 472 | C43: 6 | D43: 3
A44: Ayudante | B44: 472 | C44: 4 | D44: 10
A45: Celador | B45: 477 | C45: 5 | D45: 7
A46: Conductor | B46: 480 | C46: 3 | D46: 10
A47: Conductor Mecánico | B47: 482 | C47: 4 | D47: 1
A48: Guardián | B48: 485 | C48: 3 | D48: 6
C49: SUBTOTAL | D49: =SUM(D39:D48) -> 69
C50: TOTAL | D50: 190

Sheet ANEXO PARQ AUTOMOT REPOSO- BAJA
C3: RELACION PARQUE AUTOMOTOR DE BAJA
C4: VEHICULOS DE BAJA
C6: ITEM | D6: CLASE DE VEHICULO | E6: PLACA | F6: 2. No LICENCIA DE TRANSITO | G6: 3. FECHA MATRICULA | H6: 4. MARCA | I6: 5. LINEA | J6: 6,MODELO | K6: 7, CILINDRADA CC | L6: 8. COLOR | M6: 9. SERVICIO | N6: 11. TIPO CARROSERIA | O6: 12. COMBUSTIBLE | P6: 13. CAPACIDAD PSJ | Q6: 14. ESTADO | T6: 15, MOTOR | U6: 16, CHASIS | V6: PROPIETARIO | W6: IDENTIFICACION | X6: V/A AVALUO
C7: 1 | D7: CAMIONETA | E7: OIG168 | F7: 92-1226561 (STTM GIRARDOT) | G7: 34410 | H7: MITSUBISHI | I7: L300 | J7: 1994 | K7: 1300 | L7: BLANCO AZUL | M7: OFICIAL | N7: AMBULANCIA | O7: GASOLINA | S7: X | T7: 4G63-PV0135 | U7: P13WHLCLARB0046 | V7: ALCALDIA MUNICIPAL DE GIRARDOT | W7: 890680378-4 | X7: 1500000
C8: 2 | D8: MOTOCICLETA | E8: IOO61B | F8: 2658471(STTM GIRARDOT) | G8: 39444 | H8: SUZUKI | I8: TS 185 | J8: 2008 | K8: 183 | L8: BLANCO | M8: OFICIAL S/RUNT | N8: SIN CARROCERIA | O8: GASOLINA | P8: 2 | S8: X | T8: TS1852-180846 | U8: 9FSSG11AX8C029682 | V8: ALCALDIA MUNICIPAL DE GIRARDOT | W8: 890680378-4 | X8: 100000
C9: 3 | D9: MOTOCICLETA | E9: IOO62B | F9: 2658472 (STTM GIRARDOT) | G9: 39444 | H9: SUZUKI | I9: TS 185 | J9: 2008 | K9: 183 | L9: BLANCO | M9: OFICIAL S/RUNT | N9: SIN CARROCERIA | O9: GASOLINA | P9: 2 | S9: X | T9: TS1852-180807 | U9: 9FSSG11A38C029698 | V9: ALCALDIA MUNICIPAL DE GIRARDOT | W9: 890680378-4 | X9: 100000
C10: 4 | D10: MOTOCICLETA | E10: IOO63B | F10: 2658473(STTM GIRARDOT) | G10: 39444 | H10: SUZUKI | I10: TS 185 | J10: 2008 | K10: 183 | L10: BLANCO | M10: OFICIAL S/RUNT | N10: SIN CARROCERIA | O10: GASOLINA | P10: 2 | S10: X | T10: TS1852-180039 | U10: 9FSSG11A78C029557 | V10: ALCALDIA MUNICIPAL DE GIRARDOT | W10: 890680378-4 | X10: 100000
C11: 5 | D11: MOTOCICLETA | E11: IOO64B | F11: 2658474(STTM GIRARDOT) | G11: 39444 | H11: SUZUKI | I11: TS 185 | J11: 2008 | K11: 183 | L11: BLANCO | M11: OFICIAL S/RUNT | N11: SIN CARROCERIA | O11: GASOLINA | P11: 2 | S11: X | T11: TS1852-179987 | U11: 9FSSG11A18C029571 | V11: ALCALDIA MUNICIPAL DE GIRARDOT | W11: 890680378-4 | X11: 100000
C12: 6 | D12: CAMION | E12: OIG128 | F12: OIG128 | G12: 32509 | H12: CHEVROLET | I12: C 70 149 | J12: 1989 | K12: 5998 | L12: BLANCA | M12: OFICIAL | N12: VOLCO | O12: GASOLINA | P12: 2 | S12: X | T12: M904316L86 | U12: CM904316 | V12: ALCALDIA MUNICIPAL DE GIRARDOT | W12: 890680378-4 | X12: 8000000
C13: 7 | D13: VOLQUETA | E13: OIG080 | F13: 10000320250 | G13: 32457 | H13: CHEVROLET | I13: C 70 | J13: 1988 | K13: 2271 | L13: AZUL | M13: OFICIAL | N13: PLATON | O13: GASOLINA | P13: 2 | S13: X | T13: M-805118L86 | U13: CM-805118 | V13: ALCALDIA MUNICIPAL DE GIRARDOT | W13: 890680378-4 | X13: 8000000
C14: 8 | D14: VOLQUETA | E14: OIG155 | F14: 1232440 | G14: 34249 | H14: DODGE | I14: D 100 | J14: 1977 | K14: 796 | L14: ROJO | M14: OFICIAL | N14: PLATON | O14: GASOLINA | P14: 2 | S14: X | T14: T626117C11 | U14: DT626117 | V14: ALCALDIA MUNICIPAL DE GIRARDOT | W14: 890680378-4 | X14: 3000000
C15: 9 | D15: VOLQUETA | E15: OIG068 | F15: 10000320318 | G15: 32724 | H15: CHEVROLET | I15: C 70 | J15: 1988 | K15: 5998 | L15: BLANCO DE SEVRES | M15: OFICIAL | N15: PLATON | O15: GASOLINA | P15: 2 | S15: X | T15: M800824L86 | U15: CM800824 | V15: ALCALDIA MUNICIPAL DE GIRARDOT | W15: 890680378-4 | X15: 5000000
C16: 10 | D16: BUS | E16: OIG173 | F16: 1228007 | G16: 34628 | H16: CHEVROLET | I16: S7 TBI 189 | J16: 1994 | K16: 3000 | L16: BLANCO | M16: OFICIAL | N16: CERRADA | O16: GASOLINA | T16: MD01415L86 | U16: SMD01415 | V16: ALCALDIA MUNICIPAL DE GIRARDOT | W16: 1890680378 | X16: 5000000
C17: 11 | D17: CAMIONETA | E17: OIG212 | F17: 0000035638 (STTM GIRARDOT) | G17: 26/12/2006 | H17: SSANGYONG | I17: REXTON | J17: 2006 | K17: 2700 | N17: CABINADA | T17: 66592512524468 | U17: KPTGOB1FS6P193878 | V17: ALCALDIA MUNICIPAL DE GIRARDOT | W17: 890680378-4 | X17: 15000000
C18: 12 | D18: CAMIONETA | E18: OIG150 | F18: 0000035638 (STTM GIRARDOT) | H18: CHEVROLET | I18: LUV-TFS | J18: 1993 | K18: 2300 | N18: PLATON | T18: 227689 | U18: TSD58508 | V18: ALCALDIA MUNICIPAL DE GIRARDOT | W18: 890680378-4 | X18: 15000000
C19: 13 | D19: CAMIONETA | E19: OIG211 | F19: OIG211 | G19: 28/12/2006 | H19: FORD | I19: F150CUSTON | J19: 1989 | K19: 1700 | N19: ESTACAS | T19: AJF1KS12095 | V19: ALCALDIA MUNICIPAL DE GIRARDOT | W19: 890680378-4 | X19: 10000000
C20: 14 | D20: MOTOCICLETA | E20: FAB84A | F20: FAB84A | G20: 30/09/2001 | H20: SUZUKI | I20: FR 100 | J20: 92 | K20: 2000 | N20: SIN CARROCERIA | T20: E119-132532 | U20: BE14A-SC132465 | V20: ALCALDIA MUNICIPAL DE GIRARDOT | W20: 890680378-4 | X20: 90000
C21: 15 | D21: RETROEXCAVADORA | E21: 905063 | H21: NEW HOLLAN | I21: LINEA VEHICULO | J21: 2000 | K21: 5000 | N21: CERRADA | T21: FIAT8045252026638757 | U21: FIAT8045252026638757 | V21: ALCALDIA MUNICIPAL DE GIRARDOT | W21: 890680378-4 | X21: 60000000
C22: 16 | D22: AMBULANCIA | E22: OIG168 | G22: 17/03/1994 | H22: MITSUBISHI | I22: L 300 | J22: 1994 | K22: 1300 | N22: AMBULANCIA | T22: 4G63-PVO135 | U22: P13WHLCLARBOO46 | V22: ALCALDIA MUNICIPAL DE GIRARDOT | W22: 890680378-4 | X22: 1500000
C23: 17 | D23: MOTOCICLETA | E23: BND84C | H23: YAMAHA | I23: SIN LINEA | J23: 2010 | K23: 124 | N23: SIN CARROCERIA | T23: 57C1003877 | U23: 9FKKE1362A2003877 | V23: ALCALDIA MUNICIPAL DE GIRARDOT | W23: 890680378-4 | X23: 2200000
X24: =SUM(X7:X23) -> 134690000
C25: MAQUINAS DE BAJA | W25: SUBTOTAL
C27: 1 | D27: VIBROCOMPACTADORA | E27: CL002 | H27: INGERSOLL RAND | I27: DD-24 | J27: 2007 | K27: 2500 | N27: CAPOTA | T27: 62420333 | U27: 62420333 | V27: ALCALDIA MUNICIPAL DE GIRARDOT | W27: 890680378-4 | X27: 30000000
C28: 2 | D28: RETROEXCAVADORA | E28: CL003 | H28: CATERPILLAR | I28: LINEA VEHICULO | J28: 1992 | K28: 5000 | N28: CERRADA | V28: ALCALDIA MUNICIPAL DE GIRARDOT | W28: 890680378-4 | X28: 50000000
C29: 3 | D29: CARGADOR | E29: FIAT ALLIS | H29: FIAT ALLIS | I29: FR10M | J29: SIN IFORMACION | K29: SIN | N29: SIN CARROCERIA | T29: FR10M140 | U29: FR10M140 | V29: ALCALDIA MUNICIPAL DE GIRARDOT | W29: 890680378-4 | X29: 1000000
C30: 4 | D30: BULDOZER | E30: 9-B | H30: FIAT | I30: ALUS | J30: SIN IFORMACION | K30: SIN | N30: CAPOTA | T30: SIN INFORMACION | U30: SIN INFORMACION | V30: ALCALDIA MUNICIPAL DE GIRARDOT | W30: 890680378-4 | X30: 5000000
C31: 5 | D31: BULDOZER | E31: TL4990 | H31: CATERPILLAR | I31: 1206 | J31: 2006 | K31: SIN | N31: CAPOTA | T31: 70D00212 | U31: 70D00212 | V31: ALCALDIA MUNICIPAL DE GIRARDOT | W31: 890680378-4 | X31: 15000000
C32: 6 | D32: MOTONIVELADORA | E32: FG70-G | H32: FIAT ALLIS | I32: FG-70-D | J32: 1983 | K32: SIN | N32: CAPOTA | T32: 70D00212 | U32: 70D00212 | V32: ALCALDIA MUNICIPAL DE GIRARDOT | W32: 890680378-4 | X32: 10000000
C33: 7 | D33: VIBROCOMPACTADORA | E33: CATERPILLAR | H33: CATERPILLAR | I33: SIN LINEA | J33: SIN IFORMACION | K33: SIN | N33: SIN CARROCERIA | T33: SIN INFORMACION | U33: SIN INFORMACION | V33: ALCALDIA MUNICIPAL DE GIRARDOT | W33: 890680378-4 | X33: 5000000
W34: SUBTOTAL | X34: =SUM(X27:X33) -> 116000000
W36: TOTAL | X36: =X24+X34 -> 250690000

Sheet VIDA GRUPO 
B1: LISTADO ASEGURADOS VIDA GRUPO
A3: ITEM | B3: NOMBRE | C3: CÉDULA | D3: FECHA NACIMIENTO | E3: CARGO | F3: SALARIO DEL ALCALDE
A4: 1 | B4: SALOMO SAID ARIAS | C4: 11206736 | D4: 31213 | E4: ALCALDE | F4: 15620461 | G4: Este valor corresponde al salario del 2025 toda vez que la entidad no ha realizado los ajustes para la presente vigencia, en este sentido una vez se actualice se realizara el respectivo ajuste en los valores asegurados
A5: 2 | B5: JOSE ALONSO CUENCA GOMEZ | C5: 11225396 | D5: 29469 | E5: PERSONERO
A6: 3 | B6: PATRICIA ZAMBRANO RONDON | C6: 39582177 | D6: 30037 | E6: EDIL
A7: 4 | B7: JOHN JAIR RODRIGUEZ MEJIA | C7: 11323722 | D7: 27614 | E7: EDIL
A8: 5 | B8: LUIS ARTURO CONDE BERMUDEZ | C8: 17629054 | D8: 20869 | E8: EDIL
A9: 6 | B9: HORACIO BETANCOURT CUELLAR | C9: 11319646 | D9: 25015 | E9: EDIL
A10: 7 | B10: WILLIAM LARA PELAEZ | C10: 11293930 | D10: 18278 | E10: EDIL
A11: 8 | B11: ARACELLY MIRANDA RINCON | C11: 28716823 | D11: 21506 | E11: EDIL
A12: 9 | B12: JORGE ENRIQUE BONILLA HIDALGO | C12: 11302426 | D12: 21448 | E12: EDIL
A13: 10 | B13: JULIO CESAR BUENO ORTIZ | C13: 79753838 | D13: 27253 | E13: EDIL
A14: 11 | B14: LILIANA IBONE QUIROGA SANMIGUEL | C14: 39571043 | D14: 27493 | E14: EDIL
A15: 12 | B15: ERIKA MARIA REINA HERNANDEZ | C15: 39579063 | D15: 29326 | E15: EDIL
A16: 13 | B16: ALVARO SANDOVAL RODRIGUEZ | C16: 11313538 | D16: 24307 | E16: EDIL
... A48: 45 | B48: CARLOS JULIO DIAZ MAHECHA | C48: 1106740097 | D48: 33701 | E48: EDIL

Sheet SOAT
B2: PROYECCION DE COSTOS SEGURO OBLIGATORIO DE ACIDENTES DE TRANSITO - SOAT, PARA EL PARQUE AUTOMOTOR DEL MUNICIPIO DE GIRARDOT - CUNDINAMARCA
B3: AÑO 2026
B4: ITEM | C4: MARCA | D4: CLASE | E4: PLACA | F4: CILINDRAJE | G4: MODELO | H4: MOTOR | I4: CHASIS | J4: PRIMA
B5: VEHICULOS
B6: 1 | C6: CHEVROLET | D6: BUS | E6: OIG217 | F6: 7100 | G6: 2008 | H6: 6HE1408710 | I6: 9GCLT13268B002411 | J6: 1510600
B7: 2 | C7: CHEVROLET | D7: CAMIONETA | E7: OIG210 | F7: 2500 | G7: 2004 | H7: 949683 | I7: 8GGTFRE284A128910 | J7: 1121400
B8: 3 | C8: CHEVROLET | D8: BUS | E8: OIG218 | F8: 7100 | G8: 2008 | H8: 6HE1408713 | I8: 9GCLT13258B002402 | J8: 1510600
B9: 4 | C9: CHEVROLET | D9: CAMION | E9: OGB528 | F9: 2800 | G9: 2009 | H9: 758089 | I9: 9GDNKR5599B135971 | J9: 888400
B10: 5 | C10: CHEVROLET | D10: VOLQUETA | E10: OIG219 | F10: 7200 | G10: 2009 | H10: 9SZ38740 | I10: 9GSP7H1C09B009281 | J10: 1282800
B11: 6 | C11: CHEVROLET | D11: BUS | E11: OCJ553 | F11: 5200 | G11: 2014 | H11: 4HK1091730 | I11: 9GCFRR908EB010411 | J11: 1510600
B12: 7 | C12: MAZDA | D12: CAMIONETA | E12: OSK213 | F12: 2200 | G12: 2005 | H12: F2238539 | I12: 9FJUN632550101584 | J12: 1121400
B13: 8 | C13: TOYOTA | D13: CAMIONETA | E13: OCJ562 | F13: 3000 | G13: 2015 | H13: 1KD2457319 | I13: JTEBH9FJ7F50B6002 | J13: 1274000
B14: 9 | C14: CHEVROLET | D14: CAMION | E14: OCJ557 | F14: 5200 | G14: 2014 | H14: 4HK1148098 | I14: 9GDNPR75XEB028002 | J14: 888400
B15: 10 | C15: CHEVROLET | D15: AUTOMOVIL | E15: OGB527 | F15: 1800 | G15: 2004 | H15: 1R0005989 | I15: 8LAXF19R040012692 | J15: 677400
B16: 11 | C16: NISSAN | D16: CAMIONETA | E16: OCJ575 | F16: 2500 | G16: 2020 | H16: YD25703163P | I16: 3N6CD33B2ZK410723 | J16: 946000
B17: 12 | C17: CHEVROLET | D17: BUS | E17: OCJ554 | F17: 5193 | G17: 2014 | H17: 4HK1-091722 | I17: 9GCFRR90XEB010409 | J17: 1510600
B18: 13 | C18: CHEVROLET | D18: BUS | E18: OCJ555 | F18: 5193 | G18: 2014 | H18: 4HK1-091709 | I18: 9GCFRR906EB010410 | J18: 1510600
B19: 14 | C19: CHEVROLET | D19: BUS | E19: OCJ576 | F19: 5.193 | G19: 2020 | H19: 4HK1-0AN541 | I19: 9GCFRR908LB0103841 | J19: 1510600
B20: 15 | C20: IVECO | D20: VOLQUETA TECTOR 170E28 | E20: ODR783 | F20: 5880 | G20: 2017 | H20: F4AE3681E*8031242* | I20: 93ZA1RMH0H8931807 | J20: 1282800
B21: 16 | C21: NISSAN | D21: CAMIONETA | E21: OGB530 | F21: 2488 | G21: 2010 | H21: QR25901943A | I21: JN1TBT302014712 | J21: 1121400
... B23: 18 | C23: NISSAN | D23: COMIONETA | E23: OCJ541 | F23: 2953 | G23: 2010 | H23: ZD30238486K | I23: JN1CNUD22Z0016165 | J23: 1274000
B24: 19 | C24: INTERNATIONAL | D24: VOLQUETA | E24: NGQ556 | F24: 6700 | G24: 2026 | H24: 99544060 | I24: 3HAEUMMR4TL446097 | J24: 1282800
B25: SUB TOTAL | J25: =SUM(J6:J24) -> 23735000
B27: MOTOCICLETAS
B28: ITEM | C28: MARCA | D28: CLASE | E28: PLACA | F28: CILINDRAJE | G28: MODELO | H28: MOTOR | I28: CHASIS | J28: PRIMA
B29: 20 | C29: YAMAHA | D29: MOTOCICLETA | E29: ECZ65C | F29: 150 | G29: 2011 | H29: 45D1021570 | I29: 9FKK0345B2021570 | J29: 343300
B30: 21 | C30: SUZUKI | D30: MOTOCICLETA | E30: PSN91B | F30: 125 | G30: 2009 | H30: 157FMI3AIT31546 | I30: 9FSN41B09C186665 | J30: 343300
B31: 22 | C31: SUZUKI | D31: MOTOCICLETA | E31: PSN90B | F31: 125 | G31: 2009 | J31: 343300
B32: 23 | C32: SUZUKI | D32: MOTOCICLETA | E32: PSN92B | F32: 125 | G32: 2009 | H32: 157FMI3A1T31547 | I32: 9FSNF41B99C186664 | J32: 343300
B33: 24 | C33: HONDA | D33: MOTOCICLETA | E33: JFE90C | F33: 125 | G33: 2011 | H33: SDH157FMI5A3206372 | I33: 9FMPCJJ21BF006430 | J33: 343300
B34: 25 | C34: YAMAHA | D34: MOTOCICLETA | E34: QLP74C | F34: 125 | G34: 2012 | H34: 57C1021085 | I34: 9FKKE1360C221085 | J34: 343300
B35: 26 | C35: YAMAHA | D35: MOTOCICLETA | E35: YPM01C | F35: 250 | G35: 2013 | H35: G391E004914 | I35: 9FKKG0414D2004914 | J35: 761400
B36: 27 | C36: YAMAHA | D36: MOTOCICLETA | E36: YPM23C | F36: 250 | G36: 2013 | H36: G391E004963 | I36: 9FKKG0416D2004963 | J36: 761400
B37: 28 | C37: YAMAHA | D37: MOTOCICLETA | E37: YPM22C | F37: 250 | G37: 2013 | H37: G391E004936 | I37: 9FKKG0413D2004936 | J37: 761400
B38: 29 | C38: YAMAHA | D38: MOTOCICLETA | E38: YPM19C | F38: 250 | G38: 2013 | H38: G391E004931 | I38: 9FKKG0414D2004931 | J38: 761400
B39: 30 | C39: YAMAHA | D39: MOTOCICLETA | E39: YPM18C | F39: 250 | G39: 2013 | H39: G391E004965 | I39: 9FKKG041XD2004965 | J39: 761400
B40: 31 | C40: YAMAHA | D40: MOTOCICLETA | E40: YPM16C | F40: 250 | G40: 2013 | H40: G391E004947 | I40: 9FKKG0418D2004947 | J40: 761400
B41: 32 | C41: YAMAHA | D41: MOTOCICLETA | E41: YPM15C | F41: 250 | G41: 2013 | H41: G391E004903 | I41: 9FKKG041XD2004903 | J41: 761400
B42: 33 | C42: YAMAHA | D42: MOTOCICLETA | E42: YPM02C | F42: 250 | G42: 2013 | H42: G391E004934 | I42: 9FKKG041XD2004934 | J42: 761400
B43: 34 | C43: YAMAHA | D43: MOTOCICLETA | E43: YPM03C | F43: 250 | G43: 2013 | H43: G391E004935 | I43: 9FKKG0411D2004935 | J43: 761400
... B66: 57 | C66: YAMAHA | D66: MOTOCICLETA | E66: OBM 14D | F66: 124 | G66: 2016 | H66: E3F4E111321 | I66: 9FKKE1399G2111321 | J66: 343300
B67: 58 | C67: SUZUKI | D67: MOTOCICLETA | E67: OJO70D | F67: 124 | G67: 2014 | H67: 157FM13BY24906 | J67: 343300
B68: 59 | C68: YAMAHA | D68: MOTOCICLETA | E68: OBM15D | F68: 124 | G68: 2016 | H68: E3F4E111322 | I68: 9FKKE1390G2111322 | J68: 343300
B69: 60 | C69: SUZUKI | D69: MOTOCICLETA | E69: WCT01G | F69: 249 | G69: 2024 | H69: EJA1-181583 | I69: 9FSED24L2RC106264 | J69: 761400
B70: 61 | C70: SUZUKI | D70: MOTOCICLETA | E70: WCT02G | F70: 249 | G70: 2024 | H70: EJA1-181677 | I70: 9FSED24L7RC106258 | J70: 761400
B71: 62 | C71: SUZUKI | D71: MOTOCICLETA | E71: WCT03G | F71: 249 | G71: 2024 | H71: EJA1-180686 | I71: 9FSED24L7RC105739 | J71: 761400
B72: 63 | C72: SUZUKI | D72: MOTOCICLETA | E72: WCT04G | F72: 249 | G72: 2024 | H72: EJA1-181780 | I72: 9FSED24L8RC106379 | J72: 761400
B73: 64 | C73: SUZUKI | D73: MOTOCICLETA | E73: WCT05G | F73: 249 | G73: 2024 | H73: EJA1-180313 | I73: 9FSED24L3RC106418 | J73: 761400
B74: 65 | C74: SUZUKI | D74: MOTOCICLETA | E74: WCT06G | F74: 249 | G74: 2024 | H74: EJA1-180641 | I74: 9FSED24LXRC105721 | J74: 761400
B75: 66 | C75: SUZUKI | D75: MOTOCICLETA | E75: WCT07G | F75: 249 | G75: 2024 | H75: EJA1-180684 | I75: 9FSED24L4RC105729 | J75: 761400
B76: 67 | C76: SUZUKI | D76: MOTOCICLETA | E76: WCT08G | F76: 249 | G76: 2024 | H76: EJA1-181622 | I76: 9FSED24L0RC106263 | J76: 761400
B77: 68 | C77: SUZUKI | D77: MOTOCICLETA | E77: WCT09G | F77: 249 | G77: 2024 | H77: EJA1-180373 | I77: 9FSED24L5RC106419 | J77: 761400
B78: 69 | C78: SUZUKI | D78: MOTOCICLETA | E78: WCT10G | F78: 249 | G78: 2024 | H78: EJA1-181410 | I78: 9FSED24L3RC106418 | J78: 761400
B79: 70 | C79: SUZUKI | D79: MOTOCICLETA | E79: WCT11G | F79: 249 | G79: 2024 | H79: EJA1-181514 | I79: 9FSED24L0RC106277 | J79: 761400
... B84: 75 | C84: YAMAHA | D84: MOTOCICLETA | E84: LBE49G | F84: 124 | G84: 2023 | H84: E3Y2E100797 | I84: 9FKDE0927P2100797 | J84: 343300
B85: SUB TOTAL | J85: =SUM(J29:J84) -> 33858300
B87: MAQUINARIA
B88: ÍTEM | C88: MAQUINARIA/EQUIPO | D88: MARCA | E88: PLACA | F88: MODELO | G88: MOTOR | H88: SERIE | I88: VR. ASEGURADO | J88: PRIMA
B89: 76 | C89: TRACTOR | D89: NEW HOLLAND REF 426B | E89: CL001 | F89: 2010 | G89: PE4045T543497 | H89: T0410GX954699 | I89: 99552552 | J89: 1282800
B90: 77 | C90: VIBROCOMPACTADOR | D90: CATERPILLAR | E90: MC066525 | F90: 2017 | G90: G9F03603 | H90: CATCS44BJRGE00109 | I90: 261921039 | J90: 1282800
B91: 78 | C91: MOTONIVELADORA | D91: CATERPILLAR REF 120 | E91: MC066963 | F91: 2017 | G91: TX705772 | H91: CAT0120KLJAP06978 | I91: 648663169 | J91: 1282800
B92: 79 | C92: RETROEXCAVADORA | D92: CATERPILLAR REF 416 F2 | E92: MC066108 | F92: 2017 | G92: G4D57987 | H92: CAT0416FCLBF03122 | I92: 296637250 | J92: 1282800
B93: 80 | C93: MINICARGADOR | D93: CATERPILLAR REF 236 D3 | E93: MC749977 | F93: 2024 | G93: J3410898 | H93: CAT0236DHR4D00838 | I93: 246406187 | J93: 1282800
B94: 81 | C94: MINICARGADOR | D94: CATERPILLAR REF 236 D4 | E94: MC749978 | F94: 2024 | G94: J3410825 | H94: CAT0236DAR4D00836 | I94: 246406187 | J94: 1282800
B95: 82 | C95: COMPACTADOR | D95: CATERPILLAR REF CB2.5GC | E95: MC751962 | F95: 2025 | G95: J3302463 | H95: CAT0CB25TXGC00373 | I95: 205000000 | J95: 888400
B96: 83 | C96: AUTOHORMIGONERA | D96: CARMIX REF 2.5TT | E96: MC755178 | F96: 2025 | G96: W15F35 | H96: W15F35 | I96: 559000000 | J96: 1282800
B97: 84 | C97: RETROEXCAVADORA | D97: NEW HOLLAND | E97: 905063 | F97: 2010 | G97: FIAT804525202638757 | H97: FIAT804525202638757 | I97: 202000001 | J97: 1282800
B98: 85 | C98: PAVIMENTADORA | D98: BOMAG | E98: MC760045 | F98: 2025 | G98: 8RW4458 | H98: 821891231074 | I98: 1142666667 | J98: 1282800
B99: 86 | C99: PERFILADORA | D99: CATERPILLAR | E99: MC761627 | F99: 2025 | G99: XWE32182 | H99: CAT00PM3HNM990404 | I99: 2075000000 | J99: 1282800
B100: SUB TOTAL | J100: =SUM(J89:J99) -> 13716400
B102: GRAN TOTAL (84) SOAT | J102: =+J25+J85+J100 -> 71309700

Sheet ANEXO 7,SINIESTRALIDAD
A2: Fecha Desde : 01/01/2016 | C2: Fecha Hasta : 31/12/2016 | G2: Fecha Desde : 01/01/2016 | I2: Fecha Hasta : 31/12/2016
A3: desc_ramo_tecnico | B3: nro_stro | C3: amparo_afectado | D3: reserva_final | E3: pagos_periodo | G3: desc_ramo_tecnico | H3: nro_stro | I3: amparo_afectado | J3: reserva_final | K3: pagos_periodo
A4: EQUIPO ELECTRICO Y ELECTRONICO | B4: 11644 | C4: BASICO-EQUIPOELECTRONICO | D4: 0 | E4: 9528805 | G4: VIDA GRUPO DEUDORES | H4: 12472 | I4: MUERTEPORCUALQUIERCAUSA | J4: 0 | K4: 2015055
A5: EQUIPO ELECTRICO Y ELECTRONICO | B5: 11645 | C5: BASICO-EQUIPOELECTRONICO | D5: 0 | E5: 22402416 | G5: VIDA GRUPO DEUDORES | H5: 12622 | I5: MUERTEPORCUALQUIERCAUSA | J5: 0 | K5: 4410877
A6: EQUIPO ELECTRICO Y ELECTRONICO | B6: 11843 | C6: HURTOCALIFICADO | D6: 0 | E6: 3365949 | G6: VIDA GRUPO PARA SERVIDORES PUBLICOS | H6: 10109 | I6: RENTADIARIAPORHOSPITALIZACIONE-VAP-005 | J6: 0 | K6: 495000
A7: EQUIPO ELECTRICO Y ELECTRONICO | B7: 12269 | C7: HURTOCALIFICADO | D7: 1073000 | E7: 0 | J7: 0 | K7: 6920932 | L7: 6920932
A8: EQUIPO ELECTRICO Y ELECTRONICO | B8: 12443 | C8: HURTOCALIFICADO | D8: 0 | E8: 4863715
A9: ROTURA DE MAQUINARIA | B9: 12894 | C9: ROTURADEMAQUINARIAPARAMODULAR | D9: 6061000 | E9: 0 | G9: Fecha Desde : 01/01/2017 | I9: Fecha Hasta : 31/12/2017
A10: MANEJO | B10: 11087 | C10: EMPLEADOSPUBLICOS | D10: 53650 | E10: 0 | G10: desc_ramo_tecnico | H10: nro_stro | I10: amparo_afectado | J10: reserva_final | K10: pagos_periodo
A11: MANEJO | B11: 11088 | C11: EMPLEADOSPUBLICOS | D11: 53650 | E11: 0 | G11: VIDA GRUPO DEUDORES | H11: 13912 | I11: MUERTEPORCUALQUIERCAUSA | J11: 0 | K11: 9493345 | L11: 9493345
A12: AUTOMÓVILES LIVIANOS INDIVIDUAL | B12: 44560 | C12: HURTODEMENORCUANTIA | D12: 1862331 | E12: 0
A13: AUTOMÓVILES LIVIANOS COLECTIVO | B13: 25376 | C13: -RESPONSABILIDADCIVILEXTRACONTRACTUAL | D13: 0 | E13: 800000
A14: AUTOMÓVILES LIVIANOS COLECTIVO | B14: 25376 | C14: DAÑOSPARCIALESDEMENORCUANTIA | D14: 0 | E14: 6403703 | G14: Fecha Desde : 01/01/2018 | I14: Fecha Hasta : 31/12/2018
A15: AUTOMÓVILES LIVIANOS COLECTIVO | B15: 26450 | C15: DAÑOSPARCIALESDEMENORCUANTIA | D15: 0 | E15: 773900 | G15: desc_ramo_tecnico | H15: nro_stro | I15: amparo_afectado | J15: reserva_final | K15: pagos_periodo
A16: AUTOMÓVILES LIVIANOS COLECTIVO | B16: 26469 | C16: DAÑOSPARCIALESDEMENORCUANTIA | D16: 0 | E16: 2019454 | G16: VIDA GRUPO PARA SERVIDORES PUBLICOS | H16: 10124 | I16: RENTADIARIAPORHOSPITALIZACIONE-VAP-005 | J16: 0 | K16: 2805000
A17: AUTOMÓVILES LIVIANOS COLECTIVO | B17: 26762 | C17: DAÑOSPARCIALESDEMENORCUANTIA | D17: 0 | E17: 2618966 | G17: VIDA GRUPO PARA SERVIDORES PUBLICOS | H17: 10125 | I17: RENTADIARIAPORHOSPITALIZACIONE-VAP-005 | J17: 0 | K17: 1815000
A18: AUTOMÓVILES LIVIANOS COLECTIVO | B18: 27928 | C18: -RESPONSABILIDADCIVILEXTRACONTRACTUAL | D18: 0 | E18: 5034252 | G18: VIDA GRUPO PARA SERVIDORES PUBLICOS | H18: 10130 | I18: RENTADIARIAPORHOSPITALIZACIONE-VAP-005 | J18: 495000 | K18: 0
A19: AUTOMÓVILES LIVIANOS COLECTIVO | B19: 28739 | C19: DAÑOSPARCIALESDEMENORCUANTIA | D19: 7150000 | E19: 0 | J19: 495000 | K19: 4620000 | L19: 5115000
A20: AUTOMÓVILES LIVIANOS COLECTIVO | B20: 29115 | C20: DAÑOSPARCIALESDEMENORCUANTIA | D20: 698943 | E20: 901057
A21: AUTOMÓVILES LIVIANOS COLECTIVO | B21: 29226 | C21: DAÑOSPARCIALESDEMENORCUANTIA | D21: 4952887 | E21: 0
D22: 21905461 | E22: 58712217 | F22: 80617678
G23: Fecha Desde : 01/01/2019 | I23: Fecha Hasta : 31/12/2019
A24: Fecha Desde : 01/01/2017 | C24: Fecha Hasta : 31/12/2017 | G24: desc_ramo_tecnico | H24: nro_stro | I24: amparo_afectado | J24: reserva_final | K24: pagos_periodo
A25: desc_ramo_tecnico | B25: nro_stro | C25: amparo_afectado | D25: reserva_final | E25: pagos_periodo | G25: VIDA GRUPO PARA SERVIDORES PUBLICOS | H25: 10133 | I25: AUXILIOFUNERARIOEVG-052 | J25: 0 | K25: 5000000
A26: ROTURA DE MAQUINARIA | B26: 12894 | C26: ROTURADEMAQUINARIAPARAMODULAR | D26: 0 | E26: 6061000 | G26: VIDA GRUPO PARA SERVIDORES PUBLICOS | H26: 10133 | I26: INDEM.ADICIONALYBENEFICIOSXDESMEMBRACIÓN | J26: 0 | K26: 180815560
A27: MANEJO | B27: 11318 | C27: EMPLEADOSPUBLICOS | D27: 53650 | E27: 0 | G27: VIDA GRUPO PARA SERVIDORES PUBLICOS | H27: 10133 | I27: MUERTEPORCUALQUIERCAUSA | J27: 0 | K27: 180815560
A28: MANEJO | B28: 11319 | C28: EMPLEADOSPUBLICOS | D28: 53650 | E28: 0 | G28: VIDA GRUPO PARA SERVIDORES PUBLICOS | H28: 10134 | I28: RENTADIARIAPORHOSPITALIZACIONE-VAP-005 | J28: 0 | K28: 1980000
A29: MANEJO | B29: 11444 | C29: EMPLEADOSPUBLICOS | D29: 54850 | E29: 0 | J29: 0 | K29: 368611120 | L29: 368611120
A30: MANEJO | B30: 11475 | C30: EMPLEADOSPUBLICOS | D30: 54850 | E30: 0
A31: MANEJO | B31: 11525 | C31: EMPLEADOSPUBLICOS | D31: 3212893 | E31: 0
A32: AUTOMÓVILES LIVIANOS INDIVIDUAL | B32: 23023 | C32: RESPONSABILIDADCIVILEXTRACONTRACTUAL | D32: 25000000 | E32: 0
A33: AUTOMÓVILES LIVIANOS INDIVIDUAL | B33: 23023 | C33: RESPONSABILIDADCIVILEXTRACONTRACTUAL | D33: 25000000 | E33: 0
A34: AUTOMÓVILES LIVIANOS COLECTIVO | B34: 28739 | C34: DAÑOSPARCIALESDEMENORCUANTIA | D34: 2563000 | E34: 9713000
A35: AUTOMÓVILES LIVIANOS COLECTIVO | B35: 29115 | C35: DAÑOSPARCIALESDEMENORCUANTIA | D35: 0 | E35: 135000
A36: AUTOMÓVILES LIVIANOS COLECTIVO | B36: 29226 | C36: DAÑOSPARCIALESDEMENORCUANTIA | D36: 0 | E36: 4952887
A37: AUTOMÓVILES LIVIANOS COLECTIVO | B37: 29564 | C37: -RESPONSABILIDADCIVILEXTRACONTRACTUAL | D37: 0 | E37: 644350
A38: AUTOMÓVILES LIVIANOS COLECTIVO | B38: 29676 | C38: DAÑOSPARCIALESDEMENORCUANTIA | D38: 0 | E38: 1733387
A39: AUTOMÓVILES LIVIANOS COLECTIVO | B39: 30277 | C39: ,RESPONSABILIDADCIVILEXTRACONTRACTUAL | D39: 0 | E39: 1822161
A40: AUTOMÓVILES LIVIANOS COLECTIVO | B40: 30320 | C40: HURTODEMENORCUANTIA | D40: 0 | E40: 2631067
A41: AUTOMÓVILES LIVIANOS COLECTIVO | B41: 30842 | C41: DAÑOSPARCIALESDEMENORCUANTIA | D41: 0 | E41: 1376170
A42: AUTOMÓVILES LIVIANOS COLECTIVO | B42: 32435 | C42: DAÑOSPARCIALESDEMENORCUANTIA | D42: 0 | E42: 2715799
D43: 55992893 | E43: 31784821 | F43: 87777714
A46: Fecha Desde : 01/01/2018 | C46: Fecha Hasta : 31/12/2018
A47: desc_ramo_tecnico | B47: nro_stro | C47: amparo_afectado | D47: reserva_final | E47: pagos_periodo
A48: RESPONSABILIDAD CIVIL EXTRACONTRACTUAL | B48: 15192 | C48: PREDIOSLABORESYOPERACIONES | D48: 2000000 | E48: 0
A49: INCENDIO | B49: 11992 | C49: BASICO-INCENDIOTODORIESGO | D49: 0 | E49: 0
A50: HAMCCP / AMIT | B50: 12018 | C50: HUELGA,ASONADA,MOTIN,CONMOCIONCIVILPOPUL | D50: 0 | E50: 0
A51: EQUIPO ELECTRICO Y ELECTRONICO | B51: 11993 | C51: BASICO-EQUIPOELECTRONICO | D51: 0 | E51: 0
A52: EQUIPO ELECTRICO Y ELECTRONICO | B52: 12269 | C52: HURTOCALIFICADO | D52: 0 | E52: 0
A53: TODO RIESGO EQUIPO Y MAQUINARIA | B53: 10882 | C53: PERDIDAPARCIALDAÑOS | D53: 0 | E53: 0
A54: TODO RIESGO EQUIPO Y MAQUINARIA | B54: 10882 | C54: PERDIDAPARCIALDAÑOS | D54: 48637665 | E54: 3200000
A55: TODO RIESGO EQUIPO Y MAQUINARIA | B55: 10885 | C55: PERDIDAPARCIALDAÑOS | D55: 695603 | E55: 0
A56: MANEJO | B56: 10684 | C56: EMPLEADOSPUBLICOS | D56: 0 | E56: 0
A57: MANEJO | B57: 11525 | C57: EMPLEADOSPUBLICOS | D57: 0 | E57: 0
A58: MANEJO | B58: 11942 | C58: EMPLEADOSPUBLICOS | D58: 2392690 | E58: 0
A59: MANEJO | B59: 11943 | C59: EMPLEADOSPUBLICOS | D59: 2392690 | E59: 0
... A70: AUTOMÓVILES LIVIANOS COLECTIVO | B70: 36352 | C70: DAÑOSPARCIALESDEMENORCUANTIA | D70: 3934409 | E70: 0
D71: 157847763 | E71: 9542257 | F71: 167390020
A73: Fecha Desde : 01/01/2019 | C73: Fecha Hasta : 31/12/2019
A74: desc_ramo_tecnico | B74: nro_stro | C74: amparo_afectado | D74: reserva_final | E74: pagos_periodo
A75: INCENDIO | B75: 15535 | C75: BASICO-INCENDIOTODORIESGO | D75: 9130 | E75: 190000
A76: SUSTRACCION | B76: 16308 | C76: BASICOSUSTRACCIONCONVIOLENCIA | D76: 438966 | E76: 0
A77: EQUIPO ELECTRICO Y ELECTRONICO | B77: 16069 | C77: HURTOSIMPLE | D77: 0 | E77: 1140000
A78: EQUIPO ELECTRICO Y ELECTRONICO | B78: 16308 | C78: HURTOSIMPLE | D78: 2121726 | E78: 0
A79: EQUIPO ELECTRICO Y ELECTRONICO | B79: 16336 | C79: HURTOSIMPLE | D79: 1465504 | E79: 0
A80: TODO RIESGO EQUIPO Y MAQUINARIA | B80: 10882 | C80: PERDIDAPARCIALDAÑOS | D80: 0 | E80: 13829147
A81: TODO RIESGO EQUIPO Y MAQUINARIA | B81: 10885 | C81: PERDIDAPARCIALDAÑOS | D81: 0 | E81: 559300
A82: MANEJO | B82: 10655 | C82: EMPLEADOSPUBLICOS | D82: 2065918 | E82: 0
A83: MANEJO | B83: 11088 | C83: EMPLEADOSPUBLICOS | D83: 2065918 | E83: 0
A84: MANEJO | B84: 11318 | C84: EMPLEADOSPUBLICOS | D84: 2065918 | E84: 0
A85: MANEJO | B85: 11319 | C85: EMPLEADOSPUBLICOS | D85: 2065918 | E85: 0
A86: MANEJO | B86: 11444 | C86: EMPLEADOSPUBLICOS | D86: 2065918 | E86: 0
... A103: AUTOMÓVILES LIVIANOS COLECTIVO | B103: 39369 | C103: DAÑOSPARCIALESDEMENORCUANTIA | D103: 555384 | E103: 0
D104: 190833851 | E104: 40369925 | F104: 231203776
